Workbook

Sheet A4-Rate Base
E1: Worksheet A4
E2: Rate Base Worksheet
E3: ='[9]Act Att-H'!C7 -> Black Hills Colorado Electric, LLC | I3: Page 1 of 3
C5: Gross Plant In Service | H5: CWIP | I5: LHFFU
A7: Line No | B7: Month | C7: Production | D7: Transmission | E7: Distribution | F7: General & Intangible | G7: Common | H7: CWIP (Note C) | I7: Land Held for Future Use
B8: (a) | C8: (b) | D8: (c) | E8: (d) | F8: (e) | G8: (f) | H8: (g) | I8: (h)
B9: FN1 Reference for Dec | C9: 205.46.g (Note K) Excluding ARO | D9: 207.58.g (Note K) Excluding ARO | E9: 207.75.g (Note K) Excluding ARO | F9: 205.5.g & 207.99.g (Note K) Excluding ARO | G9: 201.8.e,f,g,h (Note I) (Note K) Excluding ARO | H9: 216.x.b | I9: 214.x.d
A10: 1 | B10: December Prior Year | C10: =+PIS!B117 -> 4.2441933e+08 | D10: =+PIS!C117 -> 2.4228744e+08 | E10: =+PIS!D117 -> 3.8316347e+08 | F10: =+PIS!E117 -> 39146482 | G10: =+PIS!F117 -> 22892222 | H10: 0 | I10: 0
A11: 2 | B11: January | C11: =+PIS!B118 -> 4.2982304e+08 | D11: =+PIS!C118 -> 2.4191268e+08 | E11: =+PIS!D118 -> 3.8437441e+08 | F11: =+PIS!E118 -> 41371136 | G11: =+PIS!F118 -> 22911759 | H11: 0 | I11: 0
A12: 3 | B12: February | C12: =+PIS!B119 -> 4.2982304e+08 | D12: =+PIS!C119 -> 2.4190506e+08 | E12: =+PIS!D119 -> 3.8670812e+08 | F12: =+PIS!E119 -> 41853917 | G12: =+PIS!F119 -> 22687655 | H12: 0 | I12: 0
A13: 4 | B13: March | C13: =+PIS!B120 -> 424361103 | D13: =+PIS!C120 -> 2.4200404e+08 | E13: =+PIS!D120 -> 3.8740322e+08 | F13: =+PIS!E120 -> 41573626 | G13: =+PIS!F120 -> 22280707 | H13: 0 | I13: 0
A14: 5 | B14: April | C14: =+PIS!B121 -> 4.241386e+08 | D14: =+PIS!C121 -> 2.5832491e+08 | E14: =+PIS!D121 -> 3.9323161e+08 | F14: =+PIS!E121 -> 41911984 | G14: =+PIS!F121 -> 22197772 | H14: 0 | I14: 0
A15: 6 | B15: May | C15: =+PIS!B122 -> 4.2414074e+08 | D15: =+PIS!C122 -> 2.5900484e+08 | E15: =+PIS!D122 -> 3.9540108e+08 | F15: =+PIS!E122 -> 41755949 | G15: =+PIS!F122 -> 22227944 | H15: 0 | I15: 0
A16: 7 | B16: June | C16: =+PIS!B123 -> 4.24508e+08 | D16: =+PIS!C123 -> 2.5987527e+08 | E16: =+PIS!D123 -> 3.9523818e+08 | F16: =+PIS!E123 -> 41972437 | G16: =+PIS!F123 -> 22369153 | H16: 0 | I16: 0
A17: 8 | B17: July | C17: =+PIS!B124 -> 4.2466195e+08 | D17: =+PIS!C124 -> 2.6060037e+08 | E17: =+PIS!D124 -> 3.9786576e+08 | F17: =+PIS!E124 -> 43024773 | G17: =+PIS!F124 -> 23015208 | H17: 0 | I17: 0
A18: 9 | B18: August | C18: =+PIS!B125 -> 4.2466195e+08 | D18: =+PIS!C125 -> 2.6061224e+08 | E18: =+PIS!D125 -> 3.989333e+08 | F18: =+PIS!E125 -> 43200243 | G18: =+PIS!F125 -> 23254601 | H18: 0 | I18: 0
A19: 10 | B19: September | C19: =+PIS!B126 -> 4.2462695e+08 | D19: =+PIS!C126 -> 2.6006273e+08 | E19: =+PIS!D126 -> 3.9897659e+08 | F19: =+PIS!E126 -> 43368824 | G19: =+PIS!F126 -> 23275912 | H19: 0 | I19: 0
A20: 11 | B20: October | C20: =+PIS!B127 -> 4.2462195e+08 | D20: =+PIS!C127 -> 2.6166503e+08 | E20: =+PIS!D127 -> 4.0147738e+08 | F20: =+PIS!E127 -> 43663840 | G20: =+PIS!F127 -> 23003817 | H20: 0 | I20: 0
A21: 12 | B21: November | C21: =+PIS!B128 -> 4.2462195e+08 | D21: =+PIS!C128 -> 2.6371343e+08 | E21: =+PIS!D128 -> 4.0714356e+08 | F21: =+PIS!E128 -> 43715058 | G21: =+PIS!F128 -> 23072353 | H21: 0 | I21: 0
A22: 13 | B22: December | C22: =+PIS!B129 -> 4.2491797e+08 | D22: =+PIS!C129 -> 2.6430396e+08 | E22: =+PIS!D129 -> 4.1097829e+08 | F22: =+PIS!E129 -> 44386552 | G22: =+PIS!F129 -> 22745275 | H22: 0 | I22: 0
A23: 14 | B23: Average of the 13 Monthly Balances | C23: =SUM(C10:C22)/13 -> 4.2533281e+08 | D23: =SUM(D10:D22)/13 -> 2.5509785e+08 | E23: =SUM(E10:E22)/13 -> 3.9545346e+08 | F23: =SUM(F10:F22)/13 -> 42380371 | G23: =SUM(G10:G22)/13 -> 22764183 | H23: =SUM(H10:H22)/13 -> 0 | I23: =SUM(I10:I22)/13 -> 0
B24: 44896 | I24: 44531
B25: Per FERC Form 1 | C25: 432114197 | D25: 264303963 | E25: 410978288 | F25: =529900+45008222 -> 45538122 | G25: =22745275+261441404 -> 284186679 | I25: Per FERC Form 1 | J25: 429646343 | K25: 242287439 | L25: 383163466 | M25: =529900+47054085 -> 47583985 | N25: =22892222+261441404 -> 284333626
B26: ARO | C26: =+C75 -> 7196224 | I26: ARO | M26: =+C63 -> 7196224
B27: Right of Use Asset Operating Lease | F27: =G75 -> 1151569 | G27: =-E75 -> -261441404 | I27: Right of Use Asset Operating Lease | M27: =G63 -> 1241279 | N27: =-E63 -> -261441404
B28: Variance | C28: =+C22-C25+C26 -> -0.10999995 | D28: =+D22-D25+D26 -> -0.090000004 | E28: =+E22-E25+E26 -> 1.3700001 | F28: =+F22-F25+F27 -> -1.19 | G28: =+G22-G25-G27 -> 0 | I28: Variance | J28: =+C10-J25+J26 -> -5227010.1 | K28: =+D10-K25+K26 -> 0.33000001 | L28: =+E10-L25+L26 -> -0.080000043 | M28: =+F10-M25+M26+M27 -> 0.16 | N28: =+G10-N25-N27 -> 0
E30: Accumulated Depreciation
A32: Line No | B32: Month | C32: reserved | D32: reserved | E32: Production | F32: Transmission | G32: Distribution | H32: General & Intangible | I32: Common
B33: (a) | C33: (b) | D33: (c) | E33: (d) | F33: (e) | G33: (f) | H33: (g) | I33: (h)
B34: FN1 Reference for Dec | E34: 219.20-24.c Excluding ARO | F34: 219.25.c Excluding ARO | G34: 219.26.c Excluding ARO | H34: 219.28.c & 200.21.c Excluding ARO | I34: 201.14.e,f,g,h (Note I) Excluding ARO
A35: 15 | B35: December Prior Year | E35: =+Accum!E115 -> 1.131645e+08 | F35: =+Accum!F115 -> 46193935 | G35: =+Accum!G115 -> 1.5217953e+08 | H35: =+Accum!H115 -> 19353546 | I35: =+Accum!I115 -> 3488956
A36: 16 | B36: January | E36: =+Accum!E116 -> 1.1983361e+08 | F36: =+Accum!F116 -> 45377603 | G36: =+Accum!G116 -> 1.5288399e+08 | H36: =+Accum!H116 -> 20491695 | I36: =+Accum!I116 -> 3734756
A37: 17 | B37: February | E37: =+Accum!E117 -> 1.2110062e+08 | F37: =+Accum!F117 -> 45691285 | G37: =+Accum!G117 -> 1.5344218e+08 | H37: =+Accum!H117 -> 20772310 | I37: =+Accum!I117 -> 4054872
A38: 18 | B38: March | E38: =+Accum!E118 -> 1.1692203e+08 | F38: =+Accum!F118 -> 46031261 | G38: =+Accum!G118 -> 1.5373933e+08 | H38: =+Accum!H118 -> 20600057 | I38: =+Accum!I118 -> 4303505
A39: 19 | B39: April | E39: =+Accum!E119 -> 1.1797238e+08 | F39: =+Accum!F119 -> 46381973 | G39: =+Accum!G119 -> 1.5474925e+08 | H39: =+Accum!H119 -> 20698475 | I39: =+Accum!I119 -> 4522274
A40: 20 | B40: May | E40: =+Accum!E120 -> 1.1922273e+08 | F40: =+Accum!F120 -> 46753255 | G40: =+Accum!G120 -> 1.5514545e+08 | H40: =+Accum!H120 -> 21104175 | I40: =+Accum!I120 -> 4679451
A41: 21 | B41: June | E41: =+Accum!E121 -> 1.2022e+08 | F41: =+Accum!F121 -> 46607607 | G41: =+Accum!G121 -> 1.5415443e+08 | H41: =+Accum!H121 -> 20187466 | I41: =+Accum!I121 -> 4929973
A42: 22 | B42: July | E42: =+Accum!E122 -> 1.214842e+08 | F42: =+Accum!F122 -> 47491857 | G42: =+Accum!G122 -> 1.5565955e+08 | H42: =+Accum!H122 -> 20142081 | I42: =+Accum!I122 -> 5035692
A43: 23 | B43: August | E43: =+Accum!E123 -> 1.2273868e+08 | F43: =+Accum!F123 -> 47863237 | G43: =+Accum!G123 -> 1.5637342e+08 | H43: =+Accum!H123 -> 20382613 | I43: =+Accum!I123 -> 5299332
A44: 24 | B44: September | E44: =+Accum!E124 -> 1.239235e+08 | F44: =+Accum!F124 -> 47719328 | G44: =+Accum!G124 -> 1.5565567e+08 | H44: =+Accum!H124 -> 20689497 | I44: =+Accum!I124 -> 5560567
A45: 25 | B45: October | E45: =+Accum!E125 -> 1.2516276e+08 | F45: =+Accum!F125 -> 48604330 | G45: =+Accum!G125 -> 1.5781976e+08 | H45: =+Accum!H125 -> 20949372 | I45: =+Accum!I125 -> 6611714
A46: 26 | B46: November | E46: =+Accum!E126 -> 1.2641428e+08 | F46: =+Accum!F126 -> 48879817 | G46: =+Accum!G126 -> 1.5814747e+08 | H46: =+Accum!H126 -> 20557756 | I46: =+Accum!I126 -> 6879543
A47: 27 | B47: December | E47: =+Accum!E127 -> 1.2750898e+08 | F47: =+Accum!F127 -> 48570418 | G47: =+Accum!G127 -> 1.5633588e+08 | H47: =+Accum!H127 -> 22580427 | I47: =+Accum!I127 -> 6269229
A48: 28 | B48: Average of the 13 Monthly Balances | E48: =SUM(E35:E47)/13 -> 1.2120525e+08 | F48: =SUM(F35:F47)/13 -> 47089685 | G48: =SUM(G35:G47)/13 -> 1.5509892e+08 | H48: =SUM(H35:H47)/13 -> 20654575 | I48: =SUM(I35:I47)/13 -> 5028451.1
D50: 44896 | K50: 44531
D51: Per FERC Form 1 | E51: =40117+129968760 -> 130008877 | F51: 48570418 | G51: 156335881 | H51: =21710822+1344766 -> 23055588 | I51: =6269229+143792772 -> 150062001 | K51: Per FERC Form 1 | L51: =40225+113441191 -> 113481416 | M51: 46318516 | N51: 152587038 | O51: =19818923+1276028 -> 21094951 | P51: =3488956+130720701 -> 134209657
D52: ARO | E52: =+D75 -> 2499891 | K52: ARO | L52: =+D63 -> 2197786
D53: Less Finance Lease | I53: =+F75 -> 143792772 | K53: Less Finance Lease | P53: =+F63 -> 130720701
D54: Less Right of Use Asset | H54: =+H75 -> 475160 | K54: Less Right of Use Asset | O54: =+H63 -> 392627
E55: =+E47-E51+E52+E54 -> -1.301351 | F55: =+F47-F51+F52+F54 -> -0.16978815 | G55: =+G47-G51+G52+G54 -> 2.3436326 | H55: =+H47-H51+H52+H54 -> -0.67249345 | I55: =+I47-I51+I53+I54 -> 0 | L55: =+E35-L51+L52+L54 -> 1880867.3 | M55: =+F35-M51+M52+M54 -> -124580.83 | N55: =+G35-N51+N52+N54 -> -407508.37 | O55: =+H35-O51+O52+O54 -> -1348778.3 | P55: =+I35-P51+P53+P54 -> 0
B60: Month | C60: Plant in Service ARO | D60: Accumulated Depreciation - ARO | E60: Finance Lease Asset | F60: Accum. Depreciation - Finance Lease | G60: Right of Use Asset Operating Lease | H60: Accum Amortization - Right of Use Asset | I60: reserved
B61: (a) | C61: (b) | D61: (c) | E61: (d) | F61: (e) | G61: (f) | H61: (g) | I61: (h)
B62: FN1 Reference for Dec | E62: (Note J) | F62: (Note J) | G62: (Note J) | H62: (Note J)
A63: =A48+1 -> 29 | B63: December Prior Year | C63: =+'Balance Sheet - Jan - Dec 2021'!M14 -> 7196224 | D63: =-'Balance Sheet - Jan - Dec 2021'!M28 -> 2197786 | E63: =+'BS - Jan - Dec _ 99200'!N11 -> 261441404 | F63: =-'BS - Jan - Dec _ 99200'!N14 -> 130720701 | G63: =+'Balance Sheet - Jan - Dec 2021'!M13 -> 1241279 | H63: =-'Balance Sheet - Jan - Dec 2021'!M27 -> 392627
A64: =A63+1 -> 30 | B64: January | C64: =+'Balance Sheet - Jan - Dec 2022'!B13 -> 7196224 | D64: =-'Balance Sheet - Jan - Dec 2022'!B28 -> 2222961 | E64: =+'BS - Jan - Dec _ 99200'!B11 -> 261441404 | F64: =-'BS - Jan - Dec _ 99200'!B14 -> 131810041 | G64: =+'Balance Sheet - Jan - Dec 2022'!B12 -> 1127251 | H64: =-'Balance Sheet - Jan - Dec 2022'!B27 -> 381466
A65: =A64+1 -> 31 | B65: February | C65: =+'Balance Sheet - Jan - Dec 2022'!C13 -> 7196224 | D65: =-'Balance Sheet - Jan - Dec 2022'!C28 -> 2248137 | E65: =+'BS - Jan - Dec _ 99200'!C11 -> 261441404 | F65: =-'BS - Jan - Dec _ 99200'!C14 -> 132899380 | G65: =+'Balance Sheet - Jan - Dec 2022'!C12 -> 1127251 | H65: =-'Balance Sheet - Jan - Dec 2022'!C27 -> 390135
A66: =A65+1 -> 32 | B66: March | C66: =+'Balance Sheet - Jan - Dec 2022'!D13 -> 7196224 | D66: =-'Balance Sheet - Jan - Dec 2022'!D28 -> 2273312 | E66: =+'BS - Jan - Dec _ 99200'!D11 -> 261441404 | F66: =-'BS - Jan - Dec _ 99200'!D14 -> 133988719 | G66: =+'Balance Sheet - Jan - Dec 2022'!D12 -> 1127251 | H66: =-'Balance Sheet - Jan - Dec 2022'!D27 -> 398822
A67: =A66+1 -> 33 | B67: April | C67: =+'Balance Sheet - Jan - Dec 2022'!E13 -> 7196224 | D67: =-'Balance Sheet - Jan - Dec 2022'!E28 -> 2298487 | E67: =+'BS - Jan - Dec _ 99200'!E11 -> 261441404 | F67: =-'BS - Jan - Dec _ 99200'!E14 -> 135078058 | G67: =+'Balance Sheet - Jan - Dec 2022'!E12 -> 1127251 | H67: =-'Balance Sheet - Jan - Dec 2022'!E27 -> 407527
A68: =A67+1 -> 34 | B68: May | C68: =+'Balance Sheet - Jan - Dec 2022'!F13 -> 7196224 | D68: =-'Balance Sheet - Jan - Dec 2022'!F28 -> 2323663 | E68: =+'BS - Jan - Dec _ 99200'!F11 -> 261441404 | F68: =-'BS - Jan - Dec _ 99200'!F14 -> 136167397 | G68: =+'Balance Sheet - Jan - Dec 2022'!F12 -> 1127251 | H68: =-'Balance Sheet - Jan - Dec 2022'!F27 -> 416249
A69: =A68+1 -> 35 | B69: June | C69: =+'Balance Sheet - Jan - Dec 2022'!G13 -> 7196224 | D69: =-'Balance Sheet - Jan - Dec 2022'!G28 -> 2348838 | E69: =+'BS - Jan - Dec _ 99200'!G11 -> 261441404 | F69: =-'BS - Jan - Dec _ 99200'!G14 -> 137256736 | G69: =+'Balance Sheet - Jan - Dec 2022'!G12 -> 1127251 | H69: =-'Balance Sheet - Jan - Dec 2022'!G27 -> 424988
A70: =A69+1 -> 36 | B70: July | C70: =+'Balance Sheet - Jan - Dec 2022'!H13 -> 7196224 | D70: =-'Balance Sheet - Jan - Dec 2022'!H28 -> 2374014 | E70: =+'BS - Jan - Dec _ 99200'!H11 -> 261441404 | F70: =-'BS - Jan - Dec _ 99200'!H14 -> 138346076 | G70: =+'Balance Sheet - Jan - Dec 2022'!H12 -> 1150852 | H70: =-'Balance Sheet - Jan - Dec 2022'!H27 -> 433730
A71: =A70+1 -> 37 | B71: August | C71: =+'Balance Sheet - Jan - Dec 2022'!I13 -> 7196224 | D71: =-'Balance Sheet - Jan - Dec 2022'!I28 -> 2374014 | E71: =+'BS - Jan - Dec _ 99200'!I11 -> 261441404 | F71: =-'BS - Jan - Dec _ 99200'!I14 -> 139435415 | G71: =+'Balance Sheet - Jan - Dec 2022'!I12 -> 1151438 | H71: =-'Balance Sheet - Jan - Dec 2022'!I27 -> 442503
A72: =A71+1 -> 38 | B72: September | C72: =+'Balance Sheet - Jan - Dec 2022'!J13 -> 7196224 | D72: =-'Balance Sheet - Jan - Dec 2022'!J28 -> 2424365 | E72: =+'BS - Jan - Dec _ 99200'!J11 -> 261441404 | F72: =-'BS - Jan - Dec _ 99200'!J14 -> 140524754 | G72: =+'Balance Sheet - Jan - Dec 2022'!J12 -> 1151438 | H72: =-'Balance Sheet - Jan - Dec 2022'!J27 -> 451291
A73: =A72+1 -> 39 | B73: October | C73: =+'Balance Sheet - Jan - Dec 2022'!K13 -> 7196224 | D73: =-'Balance Sheet - Jan - Dec 2022'!K28 -> 2449540 | E73: =+'BS - Jan - Dec _ 99200'!K11 -> 261441404 | F73: =-'BS - Jan - Dec _ 99200'!K14 -> 141614093 | G73: =+'Balance Sheet - Jan - Dec 2022'!K12 -> 1151438 | H73: =-'Balance Sheet - Jan - Dec 2022'!K27 -> 460097
A74: =A73+1 -> 40 | B74: November | C74: =+'Balance Sheet - Jan - Dec 2022'!L13 -> 7196224 | D74: =-'Balance Sheet - Jan - Dec 2022'!L28 -> 2474716 | E74: =+'BS - Jan - Dec _ 99200'!L11 -> 261441404 | F74: =-'BS - Jan - Dec _ 99200'!L14 -> 142703432 | G74: =+'Balance Sheet - Jan - Dec 2022'!L12 -> 1151438 | H74: =-'Balance Sheet - Jan - Dec 2022'!L27 -> 468922
A75: =A74+1 -> 41 | B75: December | C75: =+'Balance Sheet - Jan - Dec 2022'!M13 -> 7196224 | D75: =-'Balance Sheet - Jan - Dec 2022'!M28 -> 2499891 | E75: =+'BS - Jan - Dec _ 99200'!M11 -> 261441404 | F75: =-'BS - Jan - Dec _ 99200'!M14 -> 143792772 | G75: =+'Balance Sheet - Jan - Dec 2022'!M12 -> 1151569 | H75: =-'Balance Sheet - Jan - Dec 2022'!M27 -> 475160
A76: =A75+1 -> 42 | B76: Average of the 13 Monthly Balances | C76: =SUM(C63:C75)/13 -> 7196224 | D76: =SUM(D63:D75)/13 -> 2346901.8 | E76: =SUM(E63:E75)/13 -> 261441404 | F76: =SUM(F63:F75)/13 -> 1.3725674e+08 | G76: =SUM(G63:G75)/13 -> 1147150.6 | H76: =SUM(H63:H75)/13 -> 426424.38
E78: =E1 -> Worksheet A4
E79: =E2 -> Rate Base Worksheet
E80: =E3 -> Black Hills Colorado Electric, LLC | I80: Page 2 of 3
C82: Adjustments to Rate Base
A83: Line No | B83: Month | C83: Unamortized Regulatory Asset | D83: Unamortized Abandoned Plant | E83: Account No. 281 Accumulated Deferred Income Taxes | F83: Account No. 282 Accumulated Deferred Income Taxes | G83: Account No. 283 Accumulated Deferred Income Taxes | H83: Account No. 190 Accumulated Deferred Income Taxes | I83: Account No. 165 Prepayments
B84: (a) | C84: (b) | D84: (c) | E84: (d) | F84: (e) | G84: (f) | H84: (g) | I84: (h)
B85: FN1 Reference for Dec | C85: Notes A & E | D85: Note B | E85: Note D | F85: Note D | G85: Note D | H85: Note D | I85: 111.57 | J85: Per FF1 | K85: Variance
A86: 1 | B86: December Prior Year | C86: 0 | D86: 0 | E86: ='[9]A3-ADIT'!D12 -> 0 | F86: -130446407 | G86: -41588756 | H86: 74956049 | I86: =+'Adjustments to Rate Base'!I5 -> 1130673 | J86: 1130672 | K86: =+I86-J86 -> 1
A87: 2 | B87: January | C87: 0 | D87: 0 | I87: =+'Adjustments to Rate Base'!I6 -> 1524675
A88: 3 | B88: February | C88: 0 | D88: 0 | I88: =+'Adjustments to Rate Base'!I7 -> 1299321
A89: 4 | B89: March | C89: 0 | D89: 0 | I89: =+'Adjustments to Rate Base'!I8 -> 1001352
A90: 5 | B90: April | C90: 0 | D90: 0 | I90: =+'Adjustments to Rate Base'!I9 -> 1150846
A91: 6 | B91: May | C91: 0 | D91: 0 | I91: =+'Adjustments to Rate Base'!I10 -> 1384484
A92: 7 | B92: June | C92: 0 | D92: 0 | I92: =+'Adjustments to Rate Base'!I11 -> 1168891
A93: 8 | B93: July | C93: 0 | D93: 0 | I93: =+'Adjustments to Rate Base'!I12 -> 900174
A94: 9 | B94: August | C94: 0 | D94: 0 | I94: =+'Adjustments to Rate Base'!I13 -> 579084
A95: 10 | B95: September | C95: 0 | D95: 0 | I95: =+'Adjustments to Rate Base'!I14 -> 747625
A96: 11 | B96: October | C96: 0 | D96: 0 | I96: =+'Adjustments to Rate Base'!I15 -> 1483975
A97: 12 | B97: November | C97: 0 | D97: 0 | I97: =+'Adjustments to Rate Base'!I16 -> 1363964
A98: 13 | B98: December | C98: 0 | D98: 0 | E98: ='[9]A3-ADIT'!E12 -> 0 | F98: -132909277 | G98: -70683636 | H98: 73130366 | I98: =+'Adjustments to Rate Base'!I17 -> 1578989 | J98: 1578989 | K98: =+I98-J98 -> 0
A99: 14 | B99: Average of the 13 Monthly Balances - | C99: =SUM(C86:C98)/13 -> 0 | D99: =SUM(D86:D98)/13 -> 0 | E99: ='[9]A3-ADIT'!F12 -> 0 | F99: -131677842 | G99: -56136196 | H99: 74043208 | I99: =SUM(I86:I98)/13 -> 1178004.1
A100: 15 | B100: (Except ADIT which is average of Beg. & End Balances)
B103: Unfunded Reserves (Note G)
A104: =+A99+1 -> 15 | B104: List of all reserves: | D104: Amount (Enter the negative of amount reflected in the FERC Form 1) | E104: Enter 1 if NOT in a trust or reserved account, enter zero (0) if included in a trust or reserved account | F104: Enter 1 if the accrual account is included in the formula rate, enter zero (0) if the accrual account is NOT included in the formula rate | G104: Enter the percentage paid for by customers, 1 less the percent associated with an offsetting liability on the balance sheet | H104: Allocation (Plant or Labor Allocator) | I104: Amount Allocated, col. (c) x col. (d) x col. (e) x col. (f) x col. (g)
A105: 16 | C105: Reserve 1 | D105: 0 | E105: 0 | F105: 0 | G105: 0 | H105: 0 | I105: =+H105*E105*D105*F105*G105 -> 0
A106: 17 | C106: Reserve 2 | D106: 0 | E106: 0 | F106: 0 | G106: 0 | H106: 0 | I106: =+H106*E106*D106*F106*G106 -> 0
A107: 18 | C107: Reserve 3 | I107: =+H107*E107*D107*F107*G107 -> 0
A108: 19 | C108: Reserve 4 | I108: =+H108*E108*D108*F108*G108 -> 0
A109: 20 | C109: … | I109: =+H109*E109*D109*F109*G109 -> 0
A110: 21 | C110: … | D110: 0 | E110: 0 | I110: =+H110*E110*D110*F110*G110 -> 0
A111: 22 | C111: Total | D111: =SUM(D105:D110) -> 0 | I111: =SUM(I105:I110) -> 0
E112: =E1 -> Worksheet A4
E113: =E2 -> Rate Base Worksheet
...

Sheet PIS
A2: Period | B2: 44531 | C2: 44562 | D2: 44593 | E2: 44621 | F2: 44652 | G2: 44682 | H2: 44713 | I2: 44743 | J2: 44774 | K2: 44805 | L2: 44835 | M2: 44866 | N2: 44896 | O2: 13 Month Avg.
A3: Distribution
A4: 36001 | B4: 658853.93 | C4: 658853.93 | D4: 658853.93 | E4: 660409.51 | F4: 675241.29 | G4: 675230.97 | H4: 716774.01 | I4: 716774.01 | J4: 716774.01 | K4: 716774.01 | L4: 716774.01 | M4: 675230.97 | N4: 685230.97
A5: 36002 | B5: 184620.19 | C5: 184620.19 | D5: 184620.19 | E5: 184620.19 | F5: 184620.19 | G5: 184620.19 | H5: 184620.19 | I5: 184620.19 | J5: 184620.19 | K5: 184620.19 | L5: 184620.19 | M5: 184620.19 | N5: 184620.19
A6: 36003 | B6: 0 | C6: 0 | D6: 0 | E6: 0 | F6: 0 | G6: 0 | H6: 0 | I6: 0 | J6: 0 | K6: 0 | L6: 0 | M6: 0 | N6: 19051.65
A7: 36100 | B7: 625227.14 | C7: 640840.06 | D7: 643978.15 | E7: 643978.15 | F7: 643978.15 | G7: 643978.15 | H7: 643978.15 | I7: 643978.15 | J7: 643978.15 | K7: 643978.15 | L7: 643978.15 | M7: 643978.15 | N7: 643978.15
A8: 36105 | B8: 1169918.9 | C8: 1169918.9 | D8: 1169918.9 | E8: 1169918.9 | F8: 1169918.9 | G8: 1169918.9 | H8: 1169918.9 | I8: 1169918.9 | J8: 1169918.9 | K8: 1169918.9 | L8: 1169918.9 | M8: 1169918.9 | N8: 2048733.1
A9: 36200 | B9: =51255493.64+'Pending Retirements'!B7 -> 51176567 | C9: 51252104 | D9: 51323250 | E9: =51369322.43+'Pending Retirements'!C7 -> 51309057 | F9: 55758663 | G9: 55765825 | H9: =55766458.01+'Pending Retirements'!D7 -> 55706193 | I9: 55767112 | J9: 55723706 | K9: =55775661.11+'Pending Retirements'!E7 -> 55743301 | L9: 55790414 | M9: 61076589 | N9: =60691583.03+'Pending Retirements'!F7 -> 60589260
A10: 36400 | B10: =97907315.19+'Pending Retirements'!B8 -> 97531815 | C10: 98002922 | D10: 98593825 | E10: =98838131.69+'Pending Retirements'!C8 -> 98729338 | F10: 98874487 | G10: 1.0053144e+08 | H10: =100745372.12+'Pending Retirements'!D8 -> 1.0007814e+08 | I10: 1.0079188e+08 | J10: 1.0082921e+08 | K10: =101348755.6+'Pending Retirements'!E8 -> 1.0066612e+08 | L10: 1.0164514e+08 | M10: 1.0186661e+08 | N10: =103768937.34+'Pending Retirements'!F8 -> 1.0374976e+08
A11: 36500 | B11: =57862262.07+'Pending Retirements'!B9 -> 57826763 | C11: 58040435 | D11: 58227842 | E11: =57915870.53+'Pending Retirements'!C9 -> 57900994 | F11: 58065267 | G11: 58309710 | H11: =58160928.42+'Pending Retirements'!D9 -> 57626150 | I11: 58411841 | J11: 58328786 | K11: =58612374.43+'Pending Retirements'!E9 -> 58070970 | L11: 58724895 | M11: 58952175 | N11: =59419017.08+'Pending Retirements'!F9 -> 59389596
A12: 36600 | B12: =15786957.92+'Pending Retirements'!B10 -> 15784466 | C12: 15990044 | D12: 16256511 | E12: =16177717.39+'Pending Retirements'!C10 -> 16172869 | F12: 16441763 | G12: 16474929 | H12: =16731181.91+'Pending Retirements'!D10 -> 16728077 | I12: 16960685 | J12: 17070239 | K12: =17174627.96+'Pending Retirements'!E10 -> 17171523 | L12: 17256661 | M12: 17371813 | N12: =17480421.12+'Pending Retirements'!F10 -> 17479585
A13: 36700 | B13: =33588283.04+'Pending Retirements'!B11 -> 33480351 | C13: 33495477 | D13: 33996834 | E13: =33788511.83+'Pending Retirements'!C11 -> 33766324 | F13: 33555650 | G13: 33669374 | H13: =33642003.46+'Pending Retirements'!D11 -> 33610373 | I13: 34246684 | J13: 34467416 | K13: =34208608.52+'Pending Retirements'!E11 -> 34196142 | L13: 34507726 | M13: 34541532 | N13: =35256603.68+'Pending Retirements'!F11 -> 35247094
A14: 36801 | B14: =10300964.28+'Pending Retirements'!B12 -> 10273325 | C14: 10354400 | D14: 10406840 | E14: =10247680.43+'Pending Retirements'!C12 -> 10235113 | F14: 10277946 | G14: 10345012 | H14: =10424133.27+'Pending Retirements'!D12 -> 10419233 | I14: 10572837 | J14: 10519551 | K14: =10504881.48+'Pending Retirements'!E12 -> 10500166 | L14: 10540281 | M14: 10483826 | N14: =10680493.7+'Pending Retirements'!F12 -> 10679256
A15: 36802 | B15: =31613143.27+'Pending Retirements'!B13 -> 31567855 | C15: 31670599 | D15: 31773647 | E15: =32108702.34+'Pending Retirements'!C13 -> 32065785 | F15: 32382875 | G15: 32369305 | H15: =32764963.33+'Pending Retirements'!D13 -> 32678066 | I15: 32679806 | J15: 33056260 | K15: =33208398.01+'Pending Retirements'!E13 -> 33120013 | L15: 33284992 | M15: 33340710 | N15: =32967712.14+'Pending Retirements'!F13 -> 32884321
A16: 36803 | B16: =25529308.65+'Pending Retirements'!B14 -> 25517191 | C16: 25658434 | D16: 25750361 | E16: =26832263.2+'Pending Retirements'!C14 -> 26819937 | F16: 27154649 | G16: 27239244 | H16: =27581364.6+'Pending Retirements'!D14 -> 27569190 | I16: 27382364 | J16: 27633673 | K16: =27923005.64+'Pending Retirements'!E14 -> 27910831 | L16: 27985005 | M16: 28048471 | N16: =28367321.53+'Pending Retirements'!F14 -> 28354073
A17: 36901 | B17: =10567580.5+'Pending Retirements'!B15 -> 10543093 | C17: 10626074 | D17: 10683380 | E17: =10690376.73+'Pending Retirements'!C15 -> 10679199 | F17: 10727193 | G17: 10712500 | H17: =10666295.97+'Pending Retirements'!D15 -> 10658667 | I17: 11235086 | J17: 11276281 | K17: =11298958.66+'Pending Retirements'!E15 -> 11286407 | L17: 11311999 | M17: 11220394 | N17: =11341583.24+'Pending Retirements'!F15 -> 11338565
A18: 36902 | B18: =14104231.86+'Pending Retirements'!B16 -> 14100895 | C18: 14158380 | D18: 14270869 | E18: =14316871.99+'Pending Retirements'!C16 -> 14314984 | F18: 14426818 | G18: 14480141 | H18: =14573376.57+'Pending Retirements'!D16 -> 14573354 | I18: 14519634 | J18: 14624292 | K18: =14702515.45+'Pending Retirements'!E16 -> 14701691 | L18: 14740958 | M18: 14820584 | N18: 14885362
A19: 37001 | B19: 1710193.4 | C19: 1712808.4 | D19: 1722333.7 | E19: 1719762.9 | F19: 1731292.8 | G19: 1737124.3 | H19: 1749633.7 | I19: 1751419.8 | J19: 1754207 | K19: 1752045.9 | L19: 1752130.4 | M19: 1751320.4 | N19: 1756926.1
A20: 37002 | B20: 0 | C20: 0 | D20: 0 | E20: 0 | F20: 0 | G20: 0 | H20: 0 | I20: 0 | J20: 0 | K20: 0 | L20: 0 | M20: 0 | N20: 0
A21: 37004 | B21: 17451103 | C21: 17072519 | D21: 17030047 | E21: 17040415 | F21: 17098493 | G21: 17102555 | H21: 17108821 | I21: 16855774 | J21: 16884671 | K21: 16966292 | L21: 16967529 | M21: 16687861 | N21: 16698557
A22: 37100 | B22: =2644417.86+'Pending Retirements'!B17 -> 2630611.9 | C22: 2647800.9 | D22: 2650213.3 | E22: =2654148.94+'Pending Retirements'!C17 -> 2639760.7 | F22: 2649024.2 | G22: 2621529.2 | H22: =2634840.76+'Pending Retirements'!D17 -> 2628765.8 | I22: 2659671.6 | J22: 2691939.5 | K22: =2723129.04+'Pending Retirements'!E17 -> 2717981.3 | L22: 2726959.5 | M22: 2744834.1 | N22: =2746560.85+'Pending Retirements'!F17 -> 2744353.9
A23: 37300 | B23: =10958470.41+'Pending Retirements'!B18 -> 10930615 | C23: 11038179 | D23: 11364799 | E23: =11373614.8+'Pending Retirements'!C18 -> 11350756 | F23: 11413726 | G23: 11368644 | H23: =11406727.87+'Pending Retirements'!D18 -> 11388220 | I23: 11315680 | J23: 11357775 | K23: =11482256.54+'Pending Retirements'!E18 -> 11457811 | L23: 11527400 | M23: 11563099 | N23: =11606058.54+'Pending Retirements'!F18 -> 11599969
A24: Total Distribution | B24: =SUM(B4:B23) -> 3.8316347e+08 | C24: =SUM(C4:C23) -> 3.8437441e+08 | D24: =SUM(D4:D23) -> 3.8670812e+08 | E24: =SUM(E4:E23) -> 3.8740322e+08 | F24: =SUM(F4:F23) -> 3.9323161e+08 | G24: =SUM(G4:G23) -> 3.9540108e+08 | H24: =SUM(H4:H23) -> 3.9523818e+08 | I24: =SUM(I4:I23) -> 3.9786576e+08 | ... N24: =SUM(N4:N23) -> 4.1097829e+08 | O24: =AVERAGE(B24:N24) -> 3.9545346e+08
A26: General & Intagible
A27: 30100 | B27: 200900.31 | C27: 200900.31 | D27: 200900.31 | E27: 200900.31 | F27: 200900.31 | G27: 200900.31 | H27: 200900.31 | I27: 200900.31 | J27: 200900.31 | K27: 200900.31 | L27: 200900.31 | M27: 200900.31 | N27: 200900.31
A28: 30201 | B28: 0 | C28: 0 | D28: 0 | E28: 0 | F28: 0 | G28: 0 | H28: 0 | I28: 0 | J28: 0 | K28: 0 | L28: 0 | M28: 0 | N28: 0
A29: 30301 | B29: 310000 | C29: 310000 | D29: 310000 | E29: 310000 | F29: 310000 | G29: 310000 | H29: 310000 | I29: 310000 | J29: 310000 | K29: 310000 | L29: 310000 | M29: 310000 | N29: 310000
A30: 30302 | B30: 19000 | C30: 19000 | D30: 19000 | E30: 19000 | F30: 19000 | G30: 19000 | H30: 19000 | I30: 19000 | J30: 19000 | K30: 19000 | L30: 19000 | M30: 19000 | N30: 19000
A31: 30303 | B31: 0 | C31: 0 | D31: 0 | E31: 0 | F31: 0 | G31: 0 | H31: 0 | I31: 0 | J31: 0 | K31: 0 | L31: 0 | M31: 0 | N31: 0
A32: 38901 | B32: 261405.41 | C32: 261405.41 | D32: 261405.41 | E32: 261405.41 | F32: 261405.41 | G32: 261405.41 | H32: 261405.4 | I32: 261405.4 | J32: 261405.4 | K32: 261405.4 | L32: 261405.4 | M32: 261405.4 | N32: 261405.4
A33: 38902 | B33: 22532.78 | C33: 22532.78 | D33: 22532.78 | E33: 22532.78 | F33: 22532.78 | G33: 22532.78 | H33: 22532.78 | I33: 22532.78 | J33: 22532.78 | K33: 22532.78 | L33: 22532.78 | M33: 22532.78 | N33: 22532.78
A34: 39001 | B34: =7643580.04+'Pending Retirements'!B19 -> 7547751.2 | C34: 7643580 | D34: 7643580 | E34: =7617606.59+'Pending Retirements'!C19 -> 7521777.7 | F34: 7617606.6 | G34: 7617622.9 | H34: =7716740.44+'Pending Retirements'!D19 -> 7620911.6 | I34: 7811808.7 | J34: 7811808.7 | K34: 7811808.7 | L34: 7838433.1 | M34: 7838433.1 | N34: 7838433.1
A35: 39051 | B35: 1426861.2 | C35: 1426861.2 | D35: 1426861.2 | E35: 1426861.2 | F35: 1426861.2 | G35: 1426861.2 | H35: 1426861.2 | I35: 1426861.2 | J35: 1426861.2 | K35: 1426861.2 | L35: 1426861.2 | M35: 1426861.2 | N35: 1426861.2
A36: 39101 | B36: 1760571.7 | C36: 1760571.7 | D36: 1760571.7 | E36: 1786561 | F36: 1786561 | G36: 1785386.5 | H36: 1785386.5 | I36: 1337926 | J36: 1337926 | K36: 1337926 | L36: 1337926 | M36: 1337926 | N36: 1337926
A37: 39103 | B37: 940370.14 | C37: 974306.48 | D37: 974306.48 | E37: 974306.48 | F37: 956661.88 | G37: 856038.81 | H37: 856038.81 | I37: 856038.81 | J37: 856038.81 | K37: 856038.81 | L37: 900856.97 | M37: 900856.97 | N37: 1231242.5
A38: 39104 | B38: 14712 | C38: 14712 | D38: 14712 | E38: 14712 | F38: 14712 | G38: 14712 | H38: 14712 | I38: 14712 | J38: 14712 | K38: 12034 | L38: 12034 | M38: 12034 | N38: 12034
A39: 39105 | B39: 0 | C39: 0 | D39: 0 | E39: 0 | F39: 0 | G39: 0 | H39: 0 | I39: 0 | J39: 0 | K39: 0 | L39: 0 | M39: 0 | N39: 0
A40: 39107 | B40: 0 | C40: 0 | D40: 0 | E40: 0 | F40: 0 | G40: 0 | H40: 0 | I40: 0 | J40: 0 | K40: 0 | L40: 0 | M40: 0 | N40: 0
A41: 39159 | B41: 0 | C41: 0 | D41: 0 | E41: 0 | F41: 0 | G41: 0 | H41: 0 | I41: 0 | J41: 0 | K41: 0 | L41: 0 | M41: 0 | N41: 0
A42: 39201 | B42: 216925.63 | C42: 216925.63 | D42: 216925.63 | E42: 216925.63 | F42: 216925.63 | G42: 216925.63 | H42: 216925.63 | I42: 216925.63 | J42: 216925.63 | K42: 216925.63 | L42: 216925.63 | M42: 216925.63 | N42: 216925.63
A43: 39202 | B43: 45525.16 | C43: 45525.16 | D43: 45525.16 | E43: 45525.16 | F43: 45525.16 | G43: 45525.16 | H43: 45525.16 | I43: 45525.16 | J43: 45525.16 | K43: 45525.16 | L43: 45525.16 | M43: 45525.16 | N43: 45525.16
A44: 39203 | B44: 2820168.1 | C44: 2816766.1 | D44: 2824030.6 | E44: 2807779.5 | F44: 2802995 | G44: 2783512.1 | H44: 2783512.1 | I44: 2730391.4 | J44: 2789199.3 | K44: 2902748.1 | L44: 2905172.3 | M44: 2988218.7 | N44: 2882807.2
A45: 39204 | B45: 2088032.3 | C45: 2092449.2 | D45: 2093717 | E45: 2113749.7 | F45: 2120013.7 | G45: 2037221.8 | H45: 2037221.8 | I45: 2020522.3 | J45: 2020522.3 | K45: 2020522.3 | L45: 2020538.1 | M45: 2020538.1 | N45: 2156963.1
A46: 39205 | B46: 9592186.6 | C46: 11575613 | D46: 12108871 | E46: 12162653 | F46: 12410342 | G46: 12422804 | H46: 12553049 | I46: 13966057 | J46: 14072389 | K46: 14123922 | L46: 14140073 | M46: 14140073 | N46: 14238469
... A56: 39800 | B56: 129693.81 | C56: 129693.81 | D56: 129693.81 | E56: 149473.8 | F56: 149473.8 | G56: 149473.8 | H56: 149473.8 | I56: 149473.8 | J56: 149473.8 | K56: 149473.8 | L56: 149473.8 | M56: 149473.8 | N56: 188673.68
A57: 39910 | N57: 11288
A58: =SUM(A27:A57) -> 39910 | B58: =SUM(B27:B57) -> 39146482 | C58: =SUM(C27:C57) -> 41371136 | D58: =SUM(D27:D57) -> 41853917 | E58: =SUM(E27:E57) -> 41573626 | F58: =SUM(F27:F57) -> 41911984 | G58: =SUM(G27:G57) -> 41755949 | H58: =SUM(H27:H57) -> 41972437 | ... N58: =SUM(N27:N57) -> 44386552 | O58: =AVERAGE(B58:N58) -> 42380371
A60: Generation
A61: 31001 | B61: 168504.26 | C61: 168504.26 | D61: 168504.26 | E61: 168504.26 | F61: 168504.26 | G61: 168504.26 | H61: 168504.26 | I61: 168504.26 | J61: 168504.26 | K61: 168504.26 | L61: 168504.26 | M61: 168504.26 | N61: 168504.26
A62: 31002 | B62: 85743.6 | C62: 85743.6 | D62: 85743.6 | E62: 85743.6 | F62: 85743.6 | G62: 85743.6 | H62: 85743.6 | I62: 85743.6 | J62: 85743.6 | K62: 85743.6 | L62: 85743.6 | M62: 85743.6 | N62: 85743.6
A63: 31100 | B63: 0 | C63: 0 | D63: 0 | E63: 0 | F63: 0 | G63: 0 | H63: 0 | I63: 0 | J63: 0 | K63: 0 | L63: 0 | M63: 0 | N63: 0
A64: 31201 | B64: 0 | C64: 0 | D64: 0 | E64: 0 | F64: 0 | G64: 0 | H64: 0 | I64: 0 | J64: 0 | K64: 0 | L64: 0 | M64: 0 | N64: 0
A65: 31202 | B65: 0 | C65: 0 | D65: 0 | E65: 0 | F65: 0 | G65: 0 | H65: 0 | I65: 0 | J65: 0 | K65: 0 | L65: 0 | M65: 0 | N65: 0
A66: 31209 | B66: 0 | C66: 0 | D66: 0 | E66: 0 | F66: 0 | G66: 0 | H66: 0 | I66: 0 | J66: 0 | K66: 0 | L66: 0 | M66: 0 | N66: 0
A67: 31400 | B67: 0 | C67: 0 | D67: 0 | E67: 0 | F67: 0 | G67: 0 | H67: 0 | I67: 0 | J67: 0 | K67: 0 | L67: 0 | M67: 0 | N67: 0
A68: 31500 | B68: 0 | C68: 0 | D68: 0 | E68: 0 | F68: 0 | G68: 0 | H68: 0 | I68: 0 | J68: 0 | K68: 0 | L68: 0 | M68: 0 | N68: 0
A69: 31600 | B69: 0 | C69: 0 | D69: 0 | E69: 0 | F69: 0 | G69: 0 | H69: 0 | I69: 0 | J69: 0 | K69: 0 | L69: 0 | M69: 0 | N69: 0
A70: 34001 | B70: 207692.38 | C70: 207692.38 | D70: 207692.38 | E70: 207692.38 | F70: 207692.38 | G70: 207692.38 | H70: 207692.38 | I70: 207692.38 | J70: 207692.38 | K70: 207692.38 | L70: 207692.38 | M70: 207692.38 | N70: 207692.38
A71: 34002 | B71: 0 | C71: 0 | D71: 0 | E71: 0 | F71: 0 | G71: 0 | H71: 0 | I71: 0 | J71: 0 | K71: 0 | L71: 0 | M71: 0 | N71: 0
A72: 34003 | B72: 6229050.5 | C72: 6229050.5 | D72: 6229050.5 | E72: 6229050.5 | F72: 6229050.5 | G72: 6229050.5 | H72: 6229050.5 | I72: 6229050.5 | J72: 6229050.5 | K72: 6229050.5 | L72: 6229050.5 | M72: 6229050.5 | N72: 6229050.5
... A75: 34300 | B75: 2273004.9 | C75: 2273004.9 | D75: 2273004.9 | E75: 2273004.9 | F75: 2273004.9 | G75: 2273004.9 | H75: 2273004.9 | I75: 2273004.9 | J75: 2273004.9 | K75: 2273004.9 | L75: 2273004.9 | M75: 2273004.9 | N75: 2273004.9
A76: 34410 | B76: =375561551.41+'Pending Retirements'!B2 -> 3.6978986e+08 | C76: 3.7536711e+08 | D76: 3.7536711e+08 | E76: =375347111.27+'Pending Retirements'!C2 -> 3.6992195e+08 | F76: 3.6969945e+08 | G76: 3.6970159e+08 | H76: =370290346.66+'Pending Retirements'!D2 -> 3.7027685e+08 | I76: 3.7029035e+08 | J76: 3.7029035e+08 | K76: =370280346.66+'Pending Retirements'!E2 -> 3.7027535e+08 | L76: 3.7027035e+08 | M76: 3.7027035e+08 | N76: =370727711.3+'Pending Retirements'!F2 -> 3.7057766e+08
A77: 34500 | B77: 18861694 | C77: 18688151 | D77: 18688151 | E77: 18688151 | F77: 18688151 | G77: 18688151 | H77: 18688151 | I77: 18808689 | J77: 18808689 | K77: 18788689 | L77: 18788689 | M77: 18788689 | N77: 18788689
A78: 34600 | B78: 2704470.7 | C78: 2704470.7 | D78: 2704470.7 | E78: 2704470.7 | F78: 2704470.7 | G78: 2704470.7 | H78: 2704470.7 | I78: 2724379.5 | J78: 2724379.5 | K78: 2724379.5 | L78: 2704470.7 | M78: 2704470.7 | N78: 2704470.7
A79: 34700 | N79: -11288
A80: =SUM(A61:A79) -> 34700 | B80: =SUM(B61:B79) -> 4.2441933e+08 | C80: =SUM(C61:C79) -> 4.2982304e+08 | D80: =SUM(D61:D79) -> 4.2982304e+08 | E80: =SUM(E61:E79) -> 424361103 | F80: =SUM(F61:F79) -> 4.241386e+08 | G80: =SUM(G61:G79) -> 4.2414074e+08 | H80: =SUM(H61:H79) -> 4.24508e+08 | ... N80: =SUM(N61:N79) -> 4.2491797e+08 | O80: =AVERAGE(B80:N80) -> 4.2533281e+08
A82: Transmission
A83: 35001 | B83: 1988509.1 | C83: 1988509.1 | D83: 1988509.1 | E83: 1988509.1 | F83: 1988509.1 | G83: 1988509.1 | H83: 1988509.1 | I83: 1988509.1 | J83: 1988509.1 | K83: 1988509.1 | L83: 3070171.2 | M83: 3077804.1 | N83: 3141866.6
A84: 35002 | B84: 4313014.7 | C84: 4313014.7 | D84: 4313014.7 | E84: 4313014.7 | F84: 4313014.7 | G84: 4313014.7 | H84: 4313014.7 | I84: 4313014.7 | J84: 4313014.7 | K84: 4313014.7 | L84: 4313014.7 | M84: 4313014.7 | N84: 4313014.7
A85: 35003 | B85: 0 | C85: 0 | D85: 0 | E85: 0 | F85: 0 | G85: 0 | H85: 0 | I85: 0 | J85: 0 | K85: 0 | L85: 0 | M85: 0 | N85: 94034.55
A86: 35200 | B86: 10463521 | C86: 10463521 | D86: 10463521 | E86: 10463521 | F86: 10463521 | G86: 10463521 | H86: 10463521 | I86: 10463521 | J86: 10463521 | K86: 10463521 | L86: 10463521 | M86: 10463521 | N86: 10463521
A87: 35205 | B87: 274154.33 | C87: 274154.33 | D87: 274154.33 | E87: 274154.33 | F87: 274154.33 | G87: 274154.33 | H87: 274154.33 | I87: 274154.33 | J87: 274154.33 | K87: 274154.33 | L87: 274154.33 | M87: 296854.7 | N87: 653327.91
A88: 35259 | B88: 220613.03 | C88: 220613.03 | D88: 220613.03 | E88: 220613.03 | F88: 220613.03 | G88: 220613.03 | H88: 220613.03 | I88: 220613.03 | J88: 220613.03 | K88: 220613.03 | L88: 220613.03 | M88: 220613.03 | N88: 220613.03
A89: 35300 | B89: =102011362.1+'Pending Retirements'!B3 -> 1.0194638e+08 | C89: 1.0164995e+08 | D89: 1.0160016e+08 | E89: 1.016643e+08 | F89: 1.045523e+08 | G89: 1.0472686e+08 | H89: =104761298.84+'Pending Retirements'!D3 -> 104681056 | I89: 1.0486279e+08 | J89: 1.0479567e+08 | K89: =104986415.09+'Pending Retirements'!E3 -> 1.0490617e+08 | L89: 1.0498738e+08 | M89: 1.0758972e+08 | N89: =107331205.64+'Pending Retirements'!F3 -> 1.0722927e+08
A90: 35301 | B90: 8266282.4 | C90: 8243520.2 | D90: 8243520.2 | E90: 8243520.2 | F90: 8243520.2 | G90: 8416509.6 | H90: 8429882.2 | I90: 8428135.6 | J90: 8428135.6 | K90: 8243520.2 | L90: 8243520.2 | M90: 8243520.2 | N90: =8471871.85+'Pending Retirements'!F4 -> 8450006.3
A91: 35359 | B91: 4227063.5 | C91: 4227063.5 | D91: 4227063.5 | E91: 4227063.5 | F91: 4227063.5 | G91: 4227063.5 | H91: 4227063.5 | I91: 4227063.5 | J91: 4227063.5 | K91: 4227063.5 | L91: 4227063.5 | M91: 4227063.5 | N91: 3864601.4
A92: 35400 | B92: 0 | C92: 0 | D92: 0 | E92: 0 | F92: 0 | G92: 0 | H92: 0 | I92: 0 | J92: 0 | K92: 0 | L92: 0 | M92: 0 | N92: 0
A93: 35500 | B93: =56476095.29+'Pending Retirements'!B5 -> 55997381 | C93: 55890760 | D93: 55931449 | E93: 55960801 | F93: 64915160 | G93: 65202842 | H93: =66093889.32+'Pending Retirements'!D5 -> 65806356 | I93: 66167728 | J93: 66180284 | K93: =66152818.31+'Pending Retirements'!E5 -> 65865285 | L93: 66155838 | M93: 65766320 | N93: =66425899.35+'Pending Retirements'!F5 -> 66425828
A94: 35600 | B94: =54606629.4+'Pending Retirements'!B6 -> 54590517 | C94: 54641575 | D94: 54643054 | E94: 54643982 | F94: 59122491 | G94: 59167190 | H94: =59613204.26+'Pending Retirements'!D6 -> 59466537 | I94: 59650283 | J94: 59721273 | K94: =59707540.5+'Pending Retirements'!E6 -> 59560873 | L94: 59709760 | M94: 59515001 | N94: =59471288.38+'Pending Retirements'!F6 -> 59447884
A95: 35700 | B95: 0 | C95: 0 | D95: 0 | E95: 4563.5 | F95: 4561.89 | G95: 4561.89 | H95: 4561.89 | I95: 4561.89 | J95: 0 | K95: 0 | L95: 0 | M95: 0 | N95: 0
A96: 35800 | B96: 0 | C96: 0 | D96: 0 | E96: 0 | F96: 0 | G96: 0 | H96: 0 | I96: 0 | J96: 0 | K96: 0 | L96: 0 | M96: 0 | N96: 0
A97: Total Transmission | B97: =SUM(B83:B96) -> 2.4228744e+08 | C97: =SUM(C83:C96) -> 2.4191268e+08 | D97: =SUM(D83:D96) -> 2.4190506e+08 | E97: =SUM(E83:E96) -> 2.4200404e+08 | F97: =SUM(F83:F96) -> 2.5832491e+08 | G97: =SUM(G83:G96) -> 2.5900484e+08 | H97: =SUM(H83:H96) -> 2.5987527e+08 | I97: =SUM(I83:I96) -> 2.6060037e+08 | ... N97: =SUM(N83:N96) -> 2.6430396e+08 | O97: =AVERAGE(B97:N97) -> 2.5509785e+08
A100: Total | B100: =SUM(B24,B58,B80,B97) -> 1.0890167e+09 | C100: =SUM(C24,C58,C80,C97) -> 1.0974813e+09 | D100: =SUM(D24,D58,D80,D97) -> 1.1002901e+09 | E100: =SUM(E24,E58,E80,E97) -> 1.095342e+09 | F100: =SUM(F24,F58,F80,F97) -> 1.1176071e+09 | G100: =SUM(G24,G58,G80,G97) -> 1.1203026e+09 | H100: =SUM(H24,H58,H80,H97) -> 1.1215939e+09 | I100: =SUM(I24,I58,I80,I97) -> 1.1261529e+09 | ... N100: =SUM(N24,N58,N80,N97) -> 1.1445868e+09 | O100: =AVERAGE(B100:N100) -> 1.1182645e+09
A103: 101000 PLANT IN SERVICE | B103: =+'Balance Sheet - Jan - Dec 2021'!M11 -> 1035727823 | C103: =+'Balance Sheet - Jan - Dec 2022'!B10 -> 1046032071 | D103: =+'Balance Sheet - Jan - Dec 2022'!C10 -> 1048504745 | E103: =+'Balance Sheet - Jan - Dec 2022'!D10 -> 1045049944 | F103: =+'Balance Sheet - Jan - Dec 2022'!E10 -> 1057190490 | G103: =+'Balance Sheet - Jan - Dec 2022'!F10 -> 1058982612 | H103: =+'Balance Sheet - Jan - Dec 2022'!G10 -> 1059113849 | I103: =+'Balance Sheet - Jan - Dec 2022'!H10 -> 1064775941 | J103: =+'Balance Sheet - Jan - Dec 2022'!I10 -> 1066343907 | ... N103: =+'Balance Sheet - Jan - Dec 2022'!M10 -> 1101795192
A104: 101001 PLANT IN SERVICE INTANGIBLES | B104: =+'Balance Sheet - Jan - Dec 2021'!M12 -> 529900 | C104: =+'Balance Sheet - Jan - Dec 2022'!B11 -> 529900 | D104: =+'Balance Sheet - Jan - Dec 2022'!C11 -> 529900 | E104: =+'Balance Sheet - Jan - Dec 2022'!D11 -> 529900 | F104: =+'Balance Sheet - Jan - Dec 2022'!E11 -> 529900 | G104: =+'Balance Sheet - Jan - Dec 2022'!F11 -> 529900 | H104: =+'Balance Sheet - Jan - Dec 2022'!G11 -> 529900 | I104: =+'Balance Sheet - Jan - Dec 2022'!H11 -> 529900 | J104: =+'Balance Sheet - Jan - Dec 2022'!I11 -> 529900 | ... N104: =+'Balance Sheet - Jan - Dec 2022'!M11 -> 529900
A105: 106000 COMPLETE NOT CLASSIFIED IN CPR | B105: =+'Balance Sheet - Jan - Dec 2021'!M16 -> 52758997 | C105: =+'Balance Sheet - Jan - Dec 2022'!B15 -> 50919292 | D105: =+'Balance Sheet - Jan - Dec 2022'!C15 -> 51255488 | E105: =+'Balance Sheet - Jan - Dec 2022'!D15 -> 49762145 | F105: =+'Balance Sheet - Jan - Dec 2022'!E15 -> 59886715 | G105: =+'Balance Sheet - Jan - Dec 2022'!F15 -> 60790096 | H105: =+'Balance Sheet - Jan - Dec 2022'!G15 -> 61950136 | I105: =+'Balance Sheet - Jan - Dec 2022'!H15 -> 60847017 | J105: =+'Balance Sheet - Jan - Dec 2022'!I15 -> 60534186 | ... N105: =+'Balance Sheet - Jan - Dec 2022'!M15 -> 42261684
B106: =+B103+B104+B105 -> 1089016720 | C106: =+C103+C104+C105 -> 1097481263 | D106: =+D103+D104+D105 -> 1100290133 | E106: =+E103+E104+E105 -> 1095341989 | F106: =+F103+F104+F105 -> 1117607105 | G106: =+G103+G104+G105 -> 1120302608 | H106: =+H103+H104+H105 -> 1121593885 | I106: =+I103+I104+I105 -> 1126152858 | ... N106: =+N103+N104+N105 -> 1144586776
A108: Variance | B108: =+B100-B106 -> 0.26999998 | C108: =+C100-C106 -> 0.55999994 | D108: =+D100-D106 -> 0.4000001 | E108: =+E100-E106 -> 0.30999994 | F108: =+F100-F106 -> -0.25 | G108: =+G100-G106 -> 0.88000011 | H108: =+H100-H106 -> 0.5999999 | I108: =+I100-I106 -> 0.73000002 | ... N108: =+N100-N106 -> 0.98000026
A110: 118993 SC UTILITY PLANT ALLOC CCA | C110: =+'Balance Sheet - Jan - Dec 2022'!B17 -> 0 | D110: =+'Balance Sheet - Jan - Dec 2022'!C17 -> 0 | E110: =+'Balance Sheet - Jan - Dec 2022'!D17 -> 218054 | F110: =+'Balance Sheet - Jan - Dec 2022'!E17 -> 156348 | G110: =+'Balance Sheet - Jan - Dec 2022'!F17 -> 156348 | H110: =+'Balance Sheet - Jan - Dec 2022'!G17 -> 156198 | I110: =+'Balance Sheet - Jan - Dec 2022'!H17 -> 156198 | J110: =+'Balance Sheet - Jan - Dec 2022'!I17 -> 171555 | ... N110: =+'Balance Sheet - Jan - Dec 2022'!M17 -> 267217
A111: 118999 COMMON UTILITY PLANT ALLOC | B111: =+'Balance Sheet - Jan - Dec 2021'!M18 -> 22892222 | C111: =+'Balance Sheet - Jan - Dec 2022'!B18 -> 22911759 | D111: =+'Balance Sheet - Jan - Dec 2022'!C18 -> 22687655 | E111: =+'Balance Sheet - Jan - Dec 2022'!D18 -> 22062653 | F111: =+'Balance Sheet - Jan - Dec 2022'!E18 -> 22041424 | G111: =+'Balance Sheet - Jan - Dec 2022'!F18 -> 22071596 | H111: =+'Balance Sheet - Jan - Dec 2022'!G18 -> 22212955 | I111: =+'Balance Sheet - Jan - Dec 2022'!H18 -> 22859010 | J111: =+'Balance Sheet - Jan - Dec 2022'!I18 -> 23083046 | ... N111: =+'Balance Sheet - Jan - Dec 2022'!M18 -> 22478058
A112: Total Common Plant | B112: =SUM(B110:B111) -> 22892222 | C112: =SUM(C110:C111) -> 22911759 | D112: =SUM(D110:D111) -> 22687655 | E112: =SUM(E110:E111) -> 22280707 | F112: =SUM(F110:F111) -> 22197772 | G112: =SUM(G110:G111) -> 22227944 | H112: =SUM(H110:H111) -> 22369153 | I112: =SUM(I110:I111) -> 23015208 | ... N112: =SUM(N110:N111) -> 22745275 | O112: =AVERAGE(B112:N112) -> 22764183
A114: Month | B114: Production | C114: Transmission | D114: Distribution | E114: General & Intangible | F114: Common | G114: CWIP (Note C) | H114: Land Held for Future Use
A115: (a) | B115: (b) | C115: (c) | D115: (d) | E115: (e) | F115: (f) | G115: (g) | H115: (h)
A116: FN1 Reference for Dec | B116: 205.46.g (Note K) Excluding ARO | C116: 207.58.g (Note K) Excluding ARO | D116: 207.75.g (Note K) Excluding ARO | E116: 205.5.g & 207.99.g (Note K) Excluding ARO | F116: 201.8.e,f,g,h (Note I) (Note K) Excluding ARO | G116: 216.x.b | H116: 214.x.d
A117: December Prior Year | B117: =+B80 -> 4.2441933e+08 | C117: =+B97 -> 2.4228744e+08 | D117: =+B24 -> 3.8316347e+08 | E117: =+B58 -> 39146482 | F117: =+B112 -> 22892222 | G117: 0 | H117: 0
A118: January | B118: =+C80 -> 4.2982304e+08 | C118: =+C97 -> 2.4191268e+08 | D118: =+C24 -> 3.8437441e+08 | E118: =+C58 -> 41371136 | F118: =+C112 -> 22911759 | G118: 0 | H118: 0
A119: February | B119: =+D80 -> 4.2982304e+08 | C119: =+D97 -> 2.4190506e+08 | D119: =+D24 -> 3.8670812e+08 | E119: =+D58 -> 41853917 | F119: =+D112 -> 22687655 | G119: 0 | H119: 0
A120: March | B120: =+E80 -> 424361103 | C120: =+E97 -> 2.4200404e+08 | D120: =+E24 -> 3.8740322e+08 | E120: =+E58 -> 41573626 | F120: =+E112 -> 22280707 | G120: 0 | H120: 0
A121: April | B121: =+F80 -> 4.241386e+08 | C121: =+F97 -> 2.5832491e+08 | D121: =+F24 -> 3.9323161e+08 | E121: =+F58 -> 41911984 | F121: =+F112 -> 22197772 | G121: 0 | H121: 0
A122: May | B122: =+G80 -> 4.2414074e+08 | C122: =+G97 -> 2.5900484e+08 | D122: =+G24 -> 3.9540108e+08 | E122: =+G58 -> 41755949 | F122: =+G112 -> 22227944 | G122: 0 | H122: 0
...

Sheet PIS Pivot
A1: description | B1: (Multiple Items)
A3: Sum of end_bal | B3: Column Labels
B4: 2021 | C4: 2022
A5: Row Labels | B5: Dec | C5: Jan | D5: Feb | E5: Mar | F5: Apr | G5: May | H5: Jun | I5: Jul | J5: Aug | K5: Sep | L5: Oct | M5: Nov | N5: Dec
A6: Distribution
A7: 36001 | B7: 658853.93 | C7: 658853.93 | D7: 658853.93 | E7: 660409.51 | F7: 675241.29 | G7: 675230.97 | H7: 716774.01 | I7: 716774.01 | J7: 716774.01 | K7: 716774.01 | L7: 716774.01 | M7: 675230.97 | N7: 685230.97
A8: 36002 | B8: 184620.19 | C8: 184620.19 | D8: 184620.19 | E8: 184620.19 | F8: 184620.19 | G8: 184620.19 | H8: 184620.19 | I8: 184620.19 | J8: 184620.19 | K8: 184620.19 | L8: 184620.19 | M8: 184620.19 | N8: 184620.19
A9: 36003 | B9: 0 | C9: 0 | D9: 0 | E9: 0 | F9: 0 | G9: 0 | H9: 0 | I9: 0 | J9: 0 | K9: 0 | L9: 0 | M9: 0 | N9: 19051.65
A10: 36100 | B10: 625227.14 | C10: 640840.06 | D10: 643978.15 | E10: 643978.15 | F10: 643978.15 | G10: 643978.15 | H10: 643978.15 | I10: 643978.15 | J10: 643978.15 | K10: 643978.15 | L10: 643978.15 | M10: 643978.15 | N10: 643978.15
A11: 36105 | B11: 1169918.9 | C11: 1169918.9 | D11: 1169918.9 | E11: 1169918.9 | F11: 1169918.9 | G11: 1169918.9 | H11: 1169918.9 | I11: 1169918.9 | J11: 1169918.9 | K11: 1169918.9 | L11: 1169918.9 | M11: 1169918.9 | N11: 2048733.1
A12: 36200 | B12: 51255494 | C12: 51252104 | D12: 51323250 | E12: 51369322 | F12: 55758663 | G12: 55765825 | H12: 55766458 | I12: 55767112 | J12: 55723706 | K12: 55775661 | L12: 55790414 | M12: 61076589 | N12: 60691583
A13: 36400 | B13: 97907315 | C13: 98002922 | D13: 98593825 | E13: 98838132 | F13: 98874487 | G13: 1.0053144e+08 | H13: 1.0074537e+08 | I13: 1.0079188e+08 | J13: 1.0082921e+08 | K13: 1.0134876e+08 | L13: 1.0164514e+08 | M13: 1.0186661e+08 | N13: 1.0376894e+08
A14: 36500 | B14: 57862262 | C14: 58040435 | D14: 58227842 | E14: 57915871 | F14: 58065267 | G14: 58309710 | H14: 58160928 | I14: 58411841 | J14: 58328786 | K14: 58612374 | L14: 58724895 | M14: 58952175 | N14: 59419017
A15: 36600 | B15: 15786958 | C15: 15990044 | D15: 16256511 | E15: 16177717 | F15: 16441763 | G15: 16474929 | H15: 16731182 | I15: 16960685 | J15: 17070239 | K15: 17174628 | L15: 17256661 | M15: 17371813 | N15: 17480421
A16: 36700 | B16: 33588283 | C16: 33495477 | D16: 33996834 | E16: 33788512 | F16: 33555650 | G16: 33669374 | H16: 33642003 | I16: 34246684 | J16: 34467416 | K16: 34208609 | L16: 34507726 | M16: 34541532 | N16: 35256604
A17: 36801 | B17: 10300964 | C17: 10354400 | D17: 10406840 | E17: 10247680 | F17: 10277946 | G17: 10345012 | H17: 10424133 | I17: 10572837 | J17: 10519551 | K17: 10504881 | L17: 10540281 | M17: 10483826 | N17: 10680494
A18: 36802 | B18: 31613143 | C18: 31670599 | D18: 31773647 | E18: 32108702 | F18: 32382875 | G18: 32369305 | H18: 32764963 | I18: 32679806 | J18: 33056260 | K18: 33208398 | L18: 33284992 | M18: 33340710 | N18: 32967712
... A26: 37300 | B26: 10958470 | C26: 11038179 | D26: 11364799 | E26: 11373615 | F26: 11413726 | G26: 11368644 | H26: 11406728 | I26: 11315680 | J26: 11357775 | K26: 11482257 | L26: 11527400 | M26: 11563099 | N26: 11606059
A27: General & Intagible
A28: 30100 | B28: 200900.31 | C28: 200900.31 | D28: 200900.31 | E28: 200900.31 | F28: 200900.31 | G28: 200900.31 | H28: 200900.31 | I28: 200900.31 | J28: 200900.31 | K28: 200900.31 | L28: 200900.31 | M28: 200900.31 | N28: 200900.31
A29: 30201 | B29: 0 | C29: 0 | D29: 0 | E29: 0 | F29: 0 | G29: 0 | H29: 0 | I29: 0 | J29: 0 | K29: 0 | L29: 0 | M29: 0 | N29: 0
A30: 30301 | B30: 310000 | C30: 310000 | D30: 310000 | E30: 310000 | F30: 310000 | G30: 310000 | H30: 310000 | I30: 310000 | J30: 310000 | K30: 310000 | L30: 310000 | M30: 310000 | N30: 310000
A31: 30302 | B31: 19000 | C31: 19000 | D31: 19000 | E31: 19000 | F31: 19000 | G31: 19000 | H31: 19000 | I31: 19000 | J31: 19000 | K31: 19000 | L31: 19000 | M31: 19000 | N31: 19000
A32: 30303 | B32: 0 | C32: 0 | D32: 0 | E32: 0 | F32: 0 | G32: 0 | H32: 0 | I32: 0 | J32: 0 | K32: 0 | L32: 0 | M32: 0 | N32: 0
A33: 38901 | B33: 261405.41 | C33: 261405.41 | D33: 261405.41 | E33: 261405.41 | F33: 261405.41 | G33: 261405.41 | H33: 261405.4 | I33: 261405.4 | J33: 261405.4 | K33: 261405.4 | L33: 261405.4 | M33: 261405.4 | N33: 261405.4
A34: 38902 | B34: 22532.78 | C34: 22532.78 | D34: 22532.78 | E34: 22532.78 | F34: 22532.78 | G34: 22532.78 | H34: 22532.78 | I34: 22532.78 | J34: 22532.78 | K34: 22532.78 | L34: 22532.78 | M34: 22532.78 | N34: 22532.78
A35: 39001 | B35: 7643580 | C35: 7643580 | D35: 7643580 | E35: 7617606.6 | F35: 7617606.6 | G35: 7617622.9 | H35: 7716740.4 | I35: 7811808.7 | J35: 7811808.7 | K35: 7811808.7 | L35: 7838433.1 | M35: 7838433.1 | N35: 7838433.1
A36: 39051 | B36: 1426861.2 | C36: 1426861.2 | D36: 1426861.2 | E36: 1426861.2 | F36: 1426861.2 | G36: 1426861.2 | H36: 1426861.2 | I36: 1426861.2 | J36: 1426861.2 | K36: 1426861.2 | L36: 1426861.2 | M36: 1426861.2 | N36: 1426861.2
A37: 39101 | B37: 1760571.7 | C37: 1760571.7 | D37: 1760571.7 | E37: 1786561 | F37: 1786561 | G37: 1785386.5 | H37: 1785386.5 | I37: 1337926 | J37: 1337926 | K37: 1337926 | L37: 1337926 | M37: 1337926 | N37: 1337926
A38: 39103 | B38: 940370.14 | C38: 974306.48 | D38: 974306.48 | E38: 974306.48 | F38: 956661.88 | G38: 856038.81 | H38: 856038.81 | I38: 856038.81 | J38: 856038.81 | K38: 856038.81 | L38: 900856.97 | M38: 900856.97 | N38: 1231242.5
A39: 39104 | B39: 14712 | C39: 14712 | D39: 14712 | E39: 14712 | F39: 14712 | G39: 14712 | H39: 14712 | I39: 14712 | J39: 14712 | K39: 12034 | L39: 12034 | M39: 12034 | N39: 12034
... A57: 39800 | B57: 129693.81 | C57: 129693.81 | D57: 129693.81 | E57: 149473.8 | F57: 149473.8 | G57: 149473.8 | H57: 149473.8 | I57: 149473.8 | J57: 149473.8 | K57: 149473.8 | L57: 149473.8 | M57: 149473.8 | N57: 188673.68
A58: Generation
A59: 31001 | B59: 168504.26 | C59: 168504.26 | D59: 168504.26 | E59: 168504.26 | F59: 168504.26 | G59: 168504.26 | H59: 168504.26 | I59: 168504.26 | J59: 168504.26 | K59: 168504.26 | L59: 168504.26 | M59: 168504.26 | N59: 168504.26
A60: 31002 | B60: 85743.6 | C60: 85743.6 | D60: 85743.6 | E60: 85743.6 | F60: 85743.6 | G60: 85743.6 | H60: 85743.6 | I60: 85743.6 | J60: 85743.6 | K60: 85743.6 | L60: 85743.6 | M60: 85743.6 | N60: 85743.6
A61: 31100 | B61: 0 | C61: 0 | D61: 0 | E61: 0 | F61: 0 | G61: 0 | H61: 0 | I61: 0 | J61: 0 | K61: 0 | L61: 0 | M61: 0 | N61: 0
A62: 31201 | B62: 0 | C62: 0 | D62: 0 | E62: 0 | F62: 0 | G62: 0 | H62: 0 | I62: 0 | J62: 0 | K62: 0 | L62: 0 | M62: 0 | N62: 0
A63: 31202 | B63: 0 | C63: 0 | D63: 0 | E63: 0 | F63: 0 | G63: 0 | H63: 0 | I63: 0 | J63: 0 | K63: 0 | L63: 0 | M63: 0 | N63: 0
A64: 31209 | B64: 0 | C64: 0 | D64: 0 | E64: 0 | F64: 0 | G64: 0 | H64: 0 | I64: 0 | J64: 0 | K64: 0 | L64: 0 | M64: 0 | N64: 0
A65: 31400 | B65: 0 | C65: 0 | D65: 0 | E65: 0 | F65: 0 | G65: 0 | H65: 0 | I65: 0 | J65: 0 | K65: 0 | L65: 0 | M65: 0 | N65: 0
A66: 31500 | B66: 0 | C66: 0 | D66: 0 | E66: 0 | F66: 0 | G66: 0 | H66: 0 | I66: 0 | J66: 0 | K66: 0 | L66: 0 | M66: 0 | N66: 0
A67: 31600 | B67: 0 | C67: 0 | D67: 0 | E67: 0 | F67: 0 | G67: 0 | H67: 0 | I67: 0 | J67: 0 | K67: 0 | L67: 0 | M67: 0 | N67: 0
A68: 34001 | B68: 207692.38 | C68: 207692.38 | D68: 207692.38 | E68: 207692.38 | F68: 207692.38 | G68: 207692.38 | H68: 207692.38 | I68: 207692.38 | J68: 207692.38 | K68: 207692.38 | L68: 207692.38 | M68: 207692.38 | N68: 207692.38
A69: 34002 | B69: 0 | C69: 0 | D69: 0 | E69: 0 | F69: 0 | G69: 0 | H69: 0 | I69: 0 | J69: 0 | K69: 0 | L69: 0 | M69: 0 | N69: 0
A70: 34003 | B70: 6229050.5 | C70: 6229050.5 | D70: 6229050.5 | E70: 6229050.5 | F70: 6229050.5 | G70: 6229050.5 | H70: 6229050.5 | I70: 6229050.5 | J70: 6229050.5 | K70: 6229050.5 | L70: 6229050.5 | M70: 6229050.5 | N70: 6229050.5
... A76: 34600 | B76: 2704470.7 | C76: 2704470.7 | D76: 2704470.7 | E76: 2704470.7 | F76: 2704470.7 | G76: 2704470.7 | H76: 2704470.7 | I76: 2724379.5 | J76: 2724379.5 | K76: 2724379.5 | L76: 2704470.7 | M76: 2704470.7 | N76: 2704470.7
A77: Transmission
A78: 35001 | B78: 1988509.1 | C78: 1988509.1 | D78: 1988509.1 | E78: 1988509.1 | F78: 1988509.1 | G78: 1988509.1 | H78: 1988509.1 | I78: 1988509.1 | J78: 1988509.1 | K78: 1988509.1 | L78: 3070171.2 | M78: 3077804.1 | N78: 3141866.6
A79: 35002 | B79: 4313014.7 | C79: 4313014.7 | D79: 4313014.7 | E79: 4313014.7 | F79: 4313014.7 | G79: 4313014.7 | H79: 4313014.7 | I79: 4313014.7 | J79: 4313014.7 | K79: 4313014.7 | L79: 4313014.7 | M79: 4313014.7 | N79: 4313014.7
A80: 35003 | B80: 0 | C80: 0 | D80: 0 | E80: 0 | F80: 0 | G80: 0 | H80: 0 | I80: 0 | J80: 0 | K80: 0 | L80: 0 | M80: 0 | N80: 94034.55
A81: 35200 | B81: 10463521 | C81: 10463521 | D81: 10463521 | E81: 10463521 | F81: 10463521 | G81: 10463521 | H81: 10463521 | I81: 10463521 | J81: 10463521 | K81: 10463521 | L81: 10463521 | M81: 10463521 | N81: 10463521
A82: 35205 | B82: 274154.33 | C82: 274154.33 | D82: 274154.33 | E82: 274154.33 | F82: 274154.33 | G82: 274154.33 | H82: 274154.33 | I82: 274154.33 | J82: 274154.33 | K82: 274154.33 | L82: 274154.33 | M82: 296854.7 | N82: 653327.91
A83: 35259 | B83: 220613.03 | C83: 220613.03 | D83: 220613.03 | E83: 220613.03 | F83: 220613.03 | G83: 220613.03 | H83: 220613.03 | I83: 220613.03 | J83: 220613.03 | K83: 220613.03 | L83: 220613.03 | M83: 220613.03 | N83: 220613.03
A84: 35300 | B84: 1.0201136e+08 | C84: 1.0164995e+08 | D84: 1.0160016e+08 | E84: 1.016643e+08 | F84: 1.045523e+08 | G84: 1.0472686e+08 | H84: 1.047613e+08 | I84: 1.0486279e+08 | J84: 1.0479567e+08 | K84: 1.0498642e+08 | L84: 1.0498738e+08 | M84: 1.0758972e+08 | N84: 1.0733121e+08
A85: 35301 | B85: 8266282.4 | C85: 8243520.2 | D85: 8243520.2 | E85: 8243520.2 | F85: 8243520.2 | G85: 8416509.6 | H85: 8429882.2 | I85: 8428135.6 | J85: 8428135.6 | K85: 8243520.2 | L85: 8243520.2 | M85: 8243520.2 | N85: 8471871.8
A86: 35359 | B86: 4227063.5 | C86: 4227063.5 | D86: 4227063.5 | E86: 4227063.5 | F86: 4227063.5 | G86: 4227063.5 | H86: 4227063.5 | I86: 4227063.5 | J86: 4227063.5 | K86: 4227063.5 | L86: 4227063.5 | M86: 4227063.5 | N86: 3864601.4
A87: 35400 | B87: 0 | C87: 0 | D87: 0 | E87: 0 | F87: 0 | G87: 0 | H87: 0 | I87: 0 | J87: 0 | K87: 0 | L87: 0 | M87: 0 | N87: 0
A88: 35500 | B88: 56476095 | C88: 55890760 | D88: 55931449 | E88: 55960801 | F88: 64915160 | G88: 65202842 | H88: 66093889 | I88: 66167728 | J88: 66180284 | K88: 66152818 | L88: 66155838 | M88: 65766320 | N88: 66425899
A89: 35600 | B89: 54606629 | C89: 54641575 | D89: 54643054 | E89: 54643982 | F89: 59122491 | G89: 59167190 | H89: 59613204 | I89: 59650283 | J89: 59721273 | K89: 59707540 | L89: 59709760 | M89: 59515001 | N89: 59471288
... A91: 35800 | B91: 0 | C91: 0 | D91: 0 | E91: 0 | F91: 0 | G91: 0 | H91: 0 | I91: 0 | J91: 0 | K91: 0 | L91: 0 | M91: 0 | N91: 0

Sheet PIS Data
A1: start_month | B1: end_month | C1: set_of_books | D1: company | E1: business_segment | F1: description | G1: func_class | H1: Function | I1: fc_sortid | J1: description | K1: FERC | L1: begin_bal | M1: additions | N1: retirements | O1: trans_adj | P1: end_bal
A2: 44562 | B2: 01/2022 | C2: SEC | D2: BH Colorado Electric Oper Co | E2: Regulated Electric (122) | F2: 101000 Plant In Service | G2: Distribution Plant - Electric | H2: Distribution | I2: 7 | J2: 136001 - Ele Dist-Land | K2: =MID(J2,2,5) -> 36001 | L2: 658853.93 | M2: 0 | N2: 0 | O2: 0 | P2: 658853.93
A3: 44562 | B3: 01/2022 | C3: SEC | D3: BH Colorado Electric Oper Co | E3: Regulated Electric (122) | F3: 101000 Plant In Service | G3: Distribution Plant - Electric | H3: Distribution | I3: 7 | J3: 136002 - Ele Dist- Ld Rt/ROW-Non-De | K3: =MID(J3,2,5) -> 36002 | L3: 184620.19 | M3: 0 | N3: 0 | O3: 0 | P3: 184620.19
A4: 44562 | B4: 01/2022 | C4: SEC | D4: BH Colorado Electric Oper Co | E4: Regulated Electric (122) | F4: 101000 Plant In Service | G4: Distribution Plant - Electric | H4: Distribution | I4: 7 | J4: 136003 - Ele Dist- Ld Rt/ROW-Deprec | K4: =MID(J4,2,5) -> 36003 | L4: 0 | M4: 0 | N4: 0 | O4: 0 | P4: 0
A5: 44562 | B5: 01/2022 | C5: SEC | D5: BH Colorado Electric Oper Co | E5: Regulated Electric (122) | F5: 101000 Plant In Service | G5: Distribution Plant - Electric | H5: Distribution | I5: 7 | J5: 136100 - Ele Dist Sub-Str & Improve | K5: =MID(J5,2,5) -> 36100 | L5: 625227.14 | M5: 15612.92 | N5: 0 | O5: 0 | P5: 640840.06
A6: 44562 | B6: 01/2022 | C6: SEC | D6: BH Colorado Electric Oper Co | E6: Regulated Electric (122) | F6: 101000 Plant In Service | G6: Distribution Plant - Electric | H6: Distribution | I6: 7 | J6: 136105 - Ele Dist Sub-Land Improve | K6: =MID(J6,2,5) -> 36105 | L6: 1169918.9 | M6: 0 | N6: 0 | O6: 0 | P6: 1169918.9
A7: 44562 | B7: 01/2022 | C7: SEC | D7: BH Colorado Electric Oper Co | E7: Regulated Electric (122) | F7: 101000 Plant In Service | G7: Distribution Plant - Electric | H7: Distribution | I7: 7 | J7: 136200 - Ele Dist Sub-Station Equip | K7: =MID(J7,2,5) -> 36200 | L7: 51184216 | M7: 132207.51 | N7: -72559.59 | O7: 0 | P7: 51243864
A8: 44562 | B8: 01/2022 | C8: SEC | D8: BH Colorado Electric Oper Co | E8: Regulated Electric (122) | F8: 101000 Plant In Service | G8: Distribution Plant - Electric | H8: Distribution | I8: 7 | J8: 136400 - Ele Dist-Pole/Tower/Fixtur | K8: =MID(J8,2,5) -> 36400 | L8: 80007379 | M8: 538000.02 | N8: -172259.95 | O8: 0 | P8: 80373119
A9: 44562 | B9: 01/2022 | C9: SEC | D9: BH Colorado Electric Oper Co | E9: Regulated Electric (122) | F9: 101000 Plant In Service | G9: Distribution Plant - Electric | H9: Distribution | I9: 7 | J9: 136500 - Ele Dist-OH Conductors | K9: =MID(J9,2,5) -> 36500 | L9: 53728449 | M9: 60722.91 | N9: -26253.21 | O9: 0 | P9: 53762918
A10: 44562 | B10: 01/2022 | C10: SEC | D10: BH Colorado Electric Oper Co | E10: Regulated Electric (122) | F10: 101000 Plant In Service | G10: Distribution Plant - Electric | H10: Distribution | I10: 7 | J10: 136600 - Ele Dist-UG Conduit | K10: =MID(J10,2,5) -> 36600 | L10: 14181879 | M10: 93566.47 | N10: 0 | O10: 0 | P10: 14275446
A11: 44562 | B11: 01/2022 | C11: SEC | D11: BH Colorado Electric Oper Co | E11: Regulated Electric (122) | F11: 101000 Plant In Service | G11: Distribution Plant - Electric | H11: Distribution | I11: 7 | J11: 136700 - Ele Dist-UG Conductors | K11: =MID(J11,2,5) -> 36700 | L11: 27661992 | M11: 246840.76 | N11: -24241.48 | O11: 0 | P11: 27884592
A12: 44562 | B12: 01/2022 | C12: SEC | D12: BH Colorado Electric Oper Co | E12: Regulated Electric (122) | F12: 101000 Plant In Service | G12: Distribution Plant - Electric | H12: Distribution | I12: 7 | J12: 136801 - Ele Dist-Ln Trans-Oth Eqp | K12: =MID(J12,2,5) -> 36801 | L12: 9646307.5 | M12: 34217.1 | N12: -1353.23 | O12: 0 | P12: 9679171.4
A13: 44562 | B13: 01/2022 | C13: SEC | D13: BH Colorado Electric Oper Co | E13: Regulated Electric (122) | F13: 101000 Plant In Service | G13: Distribution Plant - Electric | H13: Distribution | I13: 7 | J13: 136802 - Ele Dist-Ln Trans-Conventn | K13: =MID(J13,2,5) -> 36802 | L13: 30573044 | M13: 17191.32 | N13: -6022.73 | O13: 0 | P13: 30584212
... A2058: 44531 | B2058: 12/2021 | C2058: SEC | D2058: BH Colorado Electric Oper Co | E2058: Regulated Electric (122) | F2058: 106000 Completed Constr not Classfd | G2058: Transmission Plant - Electric | H2058: Transmission | I2058: 6 | J2058: 135800 - Ele Trans-UG Conductors | K2058: =MID(J2058,2,5) -> 35800 | L2058: 0 | M2058: 0 | N2058: 0 | O2058: 0 | P2058: 0

Sheet Pending Retirements
A1: Pending Retirements | B1: 44531 | C1: 44621 | D1: 44713 | E1: 44805 | F1: 44896
A2: 134410 - Ele Oth - Generators | B2: -5771686.8 | C2: -5425162.9 | D2: -13500 | E2: -5000 | F2: -150055.73
A3: 135300 - Ele Trans Sub-Station Equi | B3: -64978.41 | D3: -80242.84 | E3: -80242.84 | F3: -101940.18
A4: 135301 - Ele Trans Sub-Stn Eq GSU | F4: -21865.55
A5: 135500 - Ele Trans-Poles & Fixtures | B5: -478714.36 | D5: -287533.28 | E5: -287533.28 | F5: -71.55
A6: 135600 - Ele Trans-OH Conductors | B6: -16112.41 | D6: -146667.3 | E6: -146667.3 | F6: -23403.94
A7: 136200 - Ele Dist Sub-Station Equip | B7: -78926.27 | C7: -60265.46 | D7: -60265.46 | E7: -32360.21 | F7: -102323.33
A8: 136400 - Ele Dist-Pole/Tower/Fixtur | B8: -375499.79 | C8: -108793.9 | D8: -667230.63 | E8: -682634.74 | F8: -19179.68
A9: 136500 - Ele Dist-OH Conductors | B9: -35498.75 | C9: -14876.87 | D9: -534778.45 | E9: -541404.13 | F9: -29421.2
A10: 136600 - Ele Dist-UG Conduit | B10: -2491.71 | C10: -4848.05 | D10: -3104.78 | E10: -3104.78 | F10: -835.78
A11: 136700 - Ele Dist-UG Conductors | B11: -107932.37 | C11: -22187.52 | D11: -31630.37 | E11: -12466.04 | F11: -9510.15
A12: 136801 - Ele Dist-Ln Trans-Oth Eqp | B12: -27639.24 | C12: -12566.99 | D12: -4900.5 | E12: -4715.94 | F12: -1237.59
A13: 136802 - Ele Dist-Ln Trans-Conventn | B13: -45288.25 | C13: -42917.37 | D13: -86896.88 | E13: -88384.79 | F13: -83391.39
A14: 136803 - Ele Dist-Ln Trans-Padmount | B14: -12117.66 | C14: -12326.51 | D14: -12174.86 | E14: -12174.86 | F14: -13248.43
A15: 136901 - Ele Dist - OH Services | B15: -24487.31 | C15: -11178.18 | D15: -7628.95 | E15: -12551.99 | F15: -3017.9
A16: 136902 - Ele Dist - UG Services | B16: -3336.75 | C16: -1888.06 | D16: -22.45 | E16: -824.83
A17: 137100 - Ele Dist-Instal Cst Prmise | B17: -13805.96 | C17: -14388.26 | D17: -6074.93 | E17: -5147.77 | F17: -2206.92
A18: 137300 - Ele Dist-Street Lighting | B18: -27855.54 | C18: -22859.1 | D18: -18508.36 | E18: -24445.72 | F18: -6089.56
A19: 139001 - Gen Plt-Str & Improve-Own | B19: -95828.85 | C19: -95828.85 | D19: -95828.85

Sheet Balance Sheet - Jan - Dec 2021
A1: Balance Sheet - by Month - FERC Reporting Acct Detail
A2: Business Unit: BH COLORADO ELEC UTILITY CO LP
A3: 2021 (Jan - Dec) 13 Mth Avg Scenario
A4: Run For: All Products, All Resource Codes, All Allocation Types
B5: H-T-D(Jan) | C5: H-T-D(Feb) | D5: H-T-D(Mar) | E5: H-T-D(Apr) | F5: H-T-D(May) | G5: H-T-D(Jun) | H5: H-T-D(Jul) | I5: H-T-D(Aug) | J5: H-T-D(Sep) | K5: H-T-D(Oct) | L5: H-T-D(Nov) | M5: H-T-D(Dec)
B6: 2021 | C6: 2021 | D6: 2021 | E6: 2021 | F6: 2021 | G6: 2021 | H6: 2021 | I6: 2021 | J6: 2021 | K6: 2021 | L6: 2021 | M6: 2021
A9: ASSETS:
A10: UTILITY PLANT:
A11: 101000 PLANT IN SERVICE | B11: 1024871810 | C11: 1025158126 | D11: 1016033594 | E11: 1025806339 | F11: 1026253923 | G11: 1017172528 | H11: 1034032895 | I11: 1034283370 | J11: 1027913084 | K11: 1035012210 | L11: 1037321147 | M11: 1035727823
A12: 101001 PLANT IN SERVICE INTANGIBLES | B12: 529900 | C12: 529900 | D12: 529900 | E12: 529900 | F12: 529900 | G12: 529900 | H12: 529900 | I12: 529900 | J12: 529900 | K12: 529900 | L12: 529900 | M12: 529900
A13: 101110 RIGHT OF USE ASSET OPER LEASE | B13: 1032945 | C13: 1032945 | D13: 1032377 | E13: 1032377 | F13: 1032377 | G13: 1032377 | H13: 1167472 | I13: 1167472 | J13: 1167472 | K13: 1167472 | L13: 1241279 | M13: 1241279
A14: 101304 PLANT IN SERVICE ARO | B14: 7200130 | C14: 7200130 | D14: 7200130 | E14: 7200130 | F14: 7200130 | G14: 7200130 | H14: 7200130 | I14: 7196224 | J14: 7196224 | K14: 7196224 | L14: 7196224 | M14: 7196224
A15: 105000 PLANT HELD FOR FUTURE-USE | B15: 1830408 | C15: 1830408 | D15: 4741888 | E15: 4742150 | F15: 4742150 | G15: 4742150 | H15: 4742150 | I15: 4133205 | J15: 4133205 | K15: 4133205 | L15: 4133205 | M15: 4133205
A16: 106000 COMPLETE NOT CLASSIFIED IN CPR | B16: 44061297 | C16: 48233398 | D16: 57181309 | E16: 58378136 | F16: 63057384 | G16: 62475882 | H16: 52483105 | I16: 53391775 | J16: 55310966 | K16: 56476000 | L16: 55337602 | M16: 52758997
A17: 114000 PLANT ACQUISITION ADJUSTMENTS | B17: 234762278 | C17: 234762278 | D17: 234762278 | E17: 234762278 | F17: 234762278 | G17: 234762278 | H17: 234762278 | I17: 234762278 | J17: 234762278 | K17: 234762278 | L17: 234762278 | M17: 234762278
A18: 118999 COMMON UTILITY PLANT ALLOC | B18: 21214485 | C18: 21197796 | D18: 21302943 | E18: 21360902 | F18: 21413898 | G18: 21269944 | H18: 21290065 | I18: 21863884 | J18: 22298849 | K18: 22295547 | L18: 22572314 | M18: 22892222
A19: UTILITY PLANT | B19: 1335503254 | C19: 1339944982 | D19: 1342784420 | E19: 1353812213 | F19: 1358992042 | G19: 1349185189 | H19: 1356207996 | I19: 1357328109 | J19: 1353311980 | K19: 1361572837 | L19: 1363093950 | M19: 1359241929
A20: 107000 CONSTRUCTION WORK IN-PROGRESS | B20: 37910842 | C20: 38054552 | D20: 31575957 | E20: 37053394 | F20: 42833216 | G20: 52503950 | H20: 59491125 | I20: 64651388 | J20: 65320120 | K20: 70026347 | L20: 72302699 | M20: 76721237
A21: CWIP Construction Work In Progress | B21: 37910842 | C21: 38054552 | D21: 31575957 | E21: 37053394 | F21: 42833216 | G21: 52503950 | H21: 59491125 | I21: 64651388 | J21: 65320120 | K21: 70026347 | L21: 72302699 | M21: 76721237
A22: TOTAL UTILITY PLANT | B22: 1373414096 | C22: 1377999535 | D22: 1374360377 | E22: 1390865606 | F22: 1401825258 | G22: 1401689139 | H22: 1415699121 | I22: 1421979497 | J22: 1418632099 | K22: 1431599184 | L22: 1435396649 | M22: 1435963167
... A33: NET UTILITY PLANT | B33: 1049530343 | C33: 1051428746 | D33: 1054897930 | E33: 1059108899 | F33: 1067584757 | G33: 1074610544 | H33: 1080139662 | I33: 1085030012 | J33: 1088199605 | K33: 1091480979 | L33: 1092939602 | M33: 1098992290
A35: OTHER PROPERY AND INVESTMENTS:
A36: 121000 NONUTILITY PROPERTY | B36: 126891 | C36: 126891 | D36: 126891 | E36: 126891 | F36: 126891 | G36: 126891 | H36: 126891 | I36: 126891 | J36: 120841 | K36: 120841 | L36: 120841 | M36: 120841
A37: NON UTILITY PROPERTY | B37: 126891 | C37: 126891 | D37: 126891 | E37: 126891 | F37: 126891 | G37: 126891 | H37: 126891 | I37: 126891 | J37: 120841 | K37: 120841 | L37: 120841 | M37: 120841
A38: TTL OTH PROPERTY & INVESTMENT | B38: 126891 | C38: 126891 | D38: 126891 | E38: 126891 | F38: 126891 | G38: 126891 | H38: 126891 | I38: 126891 | J38: 120841 | K38: 120841 | L38: 120841 | M38: 120841
A40: CURRENT AND ACCRUED ASSETS:
A41: 131038 CO BANKS ROCKY FORD | B41: 334574 | C41: 701516 | D41: 553941 | E41: 262411 | F41: 508056 | G41: 1237368 | H41: 715624 | I41: 434322 | J41: 929418 | K41: 535296 | L41: 749794 | M41: 306045
A42: 131148 WELLS FARGO OPER CASH | B42: 413044 | C42: 551661 | D42: 1557193 | E42: 212117 | F42: 102126 | G42: 1369130 | H42: 766687 | I42: 466833 | J42: 1956720 | K42: 846606 | L42: -3718 | M42: 1756399
A43: 131149 WELLS FARGO OPER CASH - DISBUR | B43: -1767855 | C43: -1521263 | D43: -1043029 | E43: -1328827 | F43: -1507127 | G43: -1136732 | H43: -1344804 | I43: -1302359 | J43: -1030961 | K43: -1183825 | L43: -957257 | M43: -503624
A44: 131150 WELLS FARGO UTIL DEPOSITORY | B44: 2296 | C44: -174937 | D44: -424702 | E44: -131947 | F44: 58524 | G44: -188063 | H44: 134634 | I44: 136689 | J44: -147472 | K44: -42020 | L44: -41038 | M44: -516364
A45: 131152 WELLS FARGO WFED LOCK BOX | B45: -339 | C45: -339 | D45: -339 | E45: -339 | F45: -339 | G45: -339 | H45: -339 | I45: -339 | J45: -339 | K45: -339 | L45: -339 | M45: -339
A46: 131154 WF BHE RM | B46: 13926 | C46: 26649 | D46: 18600 | E46: 579 | F46: 14699 | G46: 89 | H46: 1442 | I46: 0 | J46: 154514 | K46: 21705 | L46: 1011 | M46: 829
A47: 131185 FIRST AM BANK WEBSTER CTY | B47: -22 | C47: -22 | D47: -22 | E47: -22 | F47: -22 | G47: -22 | H47: -22 | I47: -22 | J47: -22 | K47: -22 | L47: -22 | M47: -22
A48: 131221 WELLS FARGO PMT SVCS | B48: 925772 | C48: 851859 | D48: 118615 | E48: 992156 | F48: 1091477 | G48: 210887 | H48: -26913 | I48: -35750 | J48: 641670 | K48: -4036 | L48: -36919 | M48: -52592
A49: 131230 WESTERN UNION | B49: -1587 | C49: -1587 | D49: -1587 | E49: -1587 | F49: -1587 | G49: -2295 | H49: -2295 | I49: -2326 | J49: -2326 | K49: -2326 | L49: -2326 | M49: -2326
A50: 131233 WELLS FARGO EFT/CHECKLINE | B50: -3675 | C50: -3675 | D50: -3675 | E50: -3675 | F50: -3675 | G50: -3747 | H50: -3747 | I50: -3747 | J50: -3747 | K50: -3772 | L50: -3772 | M50: -3822
A51: 131234 WELLS FARGO COLLECTION AGENCY | B51: 210 | C51: 210 | D51: 210 | E51: 210 | F51: 210 | G51: 210 | H51: 210 | I51: 210 | J51: 210 | K51: 210 | L51: 210 | M51: 210
A52: CASH ACCOUNTS | B52: -83656 | C52: 430073 | D52: 775206 | E52: 1077 | F52: 262343 | G52: 1486486 | H52: 240477 | I52: -306488 | J52: 2497665 | K52: 167477 | L52: -294376 | M52: 984395
... A100: TTL CURRENT & ACCRUED ASSETS | B100: 52100232 | C100: 45384127 | D100: 45571700 | E100: 42871573 | F100: 45733959 | G100: 52491679 | H100: 52891280 | I100: 56084930 | J100: 55505023 | K100: 54698232 | L100: 55123015 | M100: 59676609
A102: DEFFERRED DEBITS:
A103: 182342 REG ASSET ECA 2021 STORM | B103: 0 | C103: 0 | D103: 0 | E103: 0 | F103: 0 | G103: 7729363 | H103: 0 | I103: 0 | J103: 6763193 | K103: 0 | L103: 0 | M103: 8373392
A104: 182389 REG ASSET ECA 2021 STORM LT | B104: 0 | C104: 0 | D104: 23800000 | E104: 23800000 | F104: 23800000 | G104: 15458726 | H104: 23188089 | I104: 23188089 | J104: 16424896 | K104: 23188089 | L104: 23188089 | M104: 13955653
A105: 182300 REG ASSET OTHER | B105: 2560871 | C105: 2563744 | D105: 2569320 | E105: 2570202 | F105: 2609234 | G105: 2735806 | H105: 2959110 | I105: 3005923 | J105: 3077531 | K105: 3176951 | L105: 3249646 | M105: 3515258
A106: 182305 REG ASSET ARO | B106: 366818 | C106: 367194 | D106: 367571 | E106: 367947 | F106: 368323 | G106: 368700 | H106: 369076 | I106: 331396 | J106: 331773 | K106: 332149 | L106: 332902 | M106: 332902
A107: 182310 REG ASSET PENSION PRIOR SVC | B107: 990085 | C107: 942329 | D107: 894572 | E107: 846815 | F107: 799059 | G107: 751302 | H107: 703545 | I107: 655789 | J107: 608032 | K107: 560275 | L107: 512519 | M107: 464762
A108: 182313 REGULATORY ASSSET - COMP ABS | B108: 154580 | C108: 104580 | D108: 94628 | E108: 87337 | F108: 75902 | G108: 65059 | H108: 53787 | I108: 42987 | J108: 31944 | K108: 20952 | L108: 10477 | M108: 0
A109: 182316 REG ASSET PENSION | B109: 11377923 | C109: 11377923 | D109: 11377923 | E109: 11377923 | F109: 11377923 | G109: 11377923 | H109: 11377923 | I109: 11377923 | J109: 11377923 | K109: 11377923 | L109: 11377923 | M109: 9476734
A110: 182318 BHE ASSISTANCE PROGRAM ST | B110: -449752 | C110: -492687 | D110: 0 | E110: -391640 | F110: -349161 | G110: 0 | H110: -246091 | I110: -244608 | J110: 0 | K110: -130811 | L110: -70984 | M110: 0
A111: 182319 RENEWABLE ENERGY STANDARD ADJUSTMENT | B111: -2487975 | C111: -3126427 | D111: 0 | E111: -3920286 | F111: -4001516 | G111: 0 | H111: -4155647 | I111: -4165744 | J111: 0 | K111: -4624337 | L111: -5247909 | M111: 0
A112: 182322 REG ASST PCA MONTHLY ACCRUAL | B112: 877010 | C112: 28372960 | D112: 4315333 | E112: 4859002 | F112: 4839598 | G112: 5882965 | H112: 6633865 | I112: 7361321 | J112: 8751302 | K112: 10040932 | L112: 11227644 | M112: 14103899
A113: 182333 REG ASSET ENERGY EFFICIENCY ST | B113: 2223344 | C113: 2182772 | D113: 2206105 | E113: 2243633 | F113: 2343739 | G113: 2337240 | H113: 2075727 | I113: 2002608 | J113: 1592812 | K113: 1264397 | L113: 1356179 | M113: 1120848
A114: 182385 REG ASSETS LT RETIREE HC INC TAX | B114: 311207 | C114: 311207 | D114: 311207 | E114: 311207 | F114: 311207 | G114: 311207 | H114: 311207 | I114: 311207 | J114: 311207 | K114: 311207 | L114: 311207 | M114: 395233
... A140: TOTAL ASSETS | B140: 1182540456 | C140: 1204790335 | D140: 1211849039 | E140: 1209577931 | F140: 1220931595 | G140: 1248966239 | H140: 1250894164 | I140: 1259371467 | J140: 1265524970 | K140: 1264338505 | L140: 1267084301 | M140: 1286643846
A142: LIABILITIES AND SHAREHOLDERS EQUITY:
A143: PROPRIETARY CAPITAL:
A144: 211001 ADDL PAID IN CAPITAL | B144: 407981943 | C144: 407981943 | D144: 407981943 | E144: 407981943 | F144: 407981943 | G144: 407981943 | H144: 407981943 | I144: 407981943 | J144: 407981943 | K144: 407981943 | L144: 407981943 | M144: 407981943
A145: OTH PAID IN CAPITAL OTHER PAID IN CAPITAL | B145: 407981943 | C145: 407981943 | D145: 407981943 | E145: 407981943 | F145: 407981943 | G145: 407981943 | H145: 407981943 | I145: 407981943 | J145: 407981943 | K145: 407981943 | L145: 407981943 | M145: 407981943
A146: 216000 RETAINED EARNINGS GENERAL | B146: 50540758 | C146: 50540758 | D146: 50540758 | E146: 50540758 | F146: 50540758 | G146: 50540758 | H146: 50540758 | I146: 50540758 | J146: 45540758 | K146: 45540758 | L146: 45540758 | M146: 33540758
A147: 216020 CUM EFFECT ACCOUNTING ADJ | B147: 21867 | C147: 21867 | D147: 21867 | E147: 21867 | F147: 21867 | G147: 21867 | H147: 21867 | I147: 21867 | J147: 21867 | K147: 21867 | L147: 21867 | M147: 21867
A148: RETAINED EARNINGS | B148: 50562625 | C148: 50562625 | D148: 50562625 | E148: 50562625 | F148: 50562625 | G148: 50562625 | H148: 50562625 | I148: 50562625 | J148: 45562625 | K148: 45562625 | L148: 45562625 | M148: 33562625
A149: TOTAL PROPRIETARY CAPITAL | B149: 458544568 | C149: 458544568 | D149: 458544568 | E149: 458544568 | F149: 458544568 | G149: 458544568 | H149: 458544568 | I149: 458544568 | J149: 453544568 | K149: 453544568 | L149: 453544568 | M149: 441544568
A151: LONG-TERM DEBT:
A152: 223000 I/C LT NOTES PAYABLE | B152: 150000000 | C152: 150000000 | D152: 150000000 | E152: 150000000 | F152: 150000000 | G152: 150000000 | H152: 150000000 | I152: 150000000 | J152: 150000000 | K152: 150000000 | L152: 150000000 | M152: 150000000
A153: ADV FROM INTER COMP ADVANCES FROM ASSOC COMPANIES | B153: 150000000 | C153: 150000000 | D153: 150000000 | E153: 150000000 | F153: 150000000 | G153: 150000000 | H153: 150000000 | I153: 150000000 | J153: 150000000 | K153: 150000000 | L153: 150000000 | M153: 150000000
A154: TOTAL LONG TERM DEBT | B154: 150000000 | C154: 150000000 | D154: 150000000 | E154: 150000000 | F154: 150000000 | G154: 150000000 | H154: 150000000 | I154: 150000000 | J154: 150000000 | K154: 150000000 | L154: 150000000 | M154: 150000000
A156: OTHER NON-CURRENT LIABILITIES:
A157: 227100 OPERATING LEASE OBLIGATIONS | B157: 844507 | C157: 839935 | D157: 781875 | E157: 830177 | F157: 825559 | G157: 774388 | H157: 951356 | I157: 947099 | J157: 882570 | K157: 938202 | L157: 1004465 | M157: 897977
A158: OBLIG UNDR CAP LEASE OBLIGATION UNDER CAPITAL LEASE | B158: 844507 | C158: 839935 | D158: 781875 | E158: 830177 | F158: 825559 | G158: 774388 | H158: 951356 | I158: 947099 | J158: 882570 | K158: 938202 | L158: 1004465 | M158: 897977
A159: 228202 RESERVE WORKERS' COMPENSATION | B159: 96225 | C159: 101709 | D159: 95364 | E159: 93897 | F159: 94841 | G159: 92590 | H159: 88777 | I159: 79306 | J159: 79914 | K159: 79264 | L159: 81380 | M159: 560844
A160: 228203 RESERVE AUTO LIABILITY | B160: 0 | C160: 0 | D160: 0 | E160: 0 | F160: 30000 | G160: 30000 | H160: 30000 | I160: 30000 | J160: 30000 | K160: 0 | L160: 0 | M160: 0
A161: 228204 RESERVE MEDICAL | B161: 129740 | C161: 129740 | D161: 129740 | E161: 129740 | F161: 129740 | G161: 129740 | H161: 129740 | I161: 129740 | J161: 129740 | K161: 129740 | L161: 129740 | M161: 124533
A162: ACCUM PROV INJRY DAM ACCUM PROV INJURIES & DAMAGES | B162: 225965 | C162: 231448 | D162: 225104 | E162: 223637 | F162: 254581 | G162: 252330 | H162: 248517 | I162: 239046 | J162: 239654 | K162: 209004 | L162: 211120 | M162: 685377
A163: 228300 BENEFITS ACCRUAL RETIREE HEALTH CARE | B163: 3139732 | C163: 3048371 | D163: 3052423 | E163: 3035637 | F163: 3013951 | G163: 3006166 | H163: 2994737 | I163: 2988055 | J163: 2971950 | K163: 2954215 | L163: 2948754 | M163: 2718969
A164: 228302 BENEFITS ACCRUAL PENSION | B164: 2833204 | C164: 2848948 | D164: 2871047 | E164: 2888909 | F164: 2906771 | G164: 2924633 | H164: 2942496 | I164: 2960358 | J164: 2978220 | K164: 2996082 | L164: 3013945 | M164: 1130618
A165: ACCUM PROV PEN & BEN ACCUM PROV PENSIONS & BENFITS | B165: 5972936 | C165: 5897318 | D165: 5923470 | E165: 5924545 | F165: 5920722 | G165: 5930800 | H165: 5937232 | I165: 5948413 | J165: 5950170 | K165: 5950298 | L165: 5962699 | M165: 3849587
A166: 229001 BILLINGS COLL SUBJECT TO REFUN | B166: 97517 | C166: 97517 | D166: 0 | E166: 0 | F166: 0 | G166: 0 | H166: 0 | I166: 0 | J166: 0 | K166: 0 | L166: 0 | M166: 0
A167: ACCUM PROV RATE RFND ACCUM PROV FOR RATE REFUNDS | B167: 97517 | C167: 97517 | D167: 0 | E167: 0 | F167: 0 | G167: 0 | H167: 0 | I167: 0 | J167: 0 | K167: 0 | L167: 0 | M167: 0
A168: 230304 ACCUM RESV OBLIGATION ARO | B168: 9762987 | C168: 9797713 | D168: 9832440 | E168: 9867166 | F168: 9901893 | G168: 9936620 | H168: 9971346 | I168: 9971923 | J168: 10006649 | K168: 10041592 | L168: 10112108 | M168: 10112737
... A170: TTL OTR NONCRNT LIAB TTL OTHER NONCRNT LIABILITIES | B170: 16903912 | C170: 16863932 | D170: 16762888 | E170: 16845525 | F170: 16902754 | G170: 16894137 | H170: 17108451 | I170: 17106481 | J170: 17079043 | K170: 17139096 | L170: 17290391 | M170: 15545679
A172: CURRENT AND ACCRUED LIABILITIES:
A173: 232000 AP PEOPLESOFT SUBLEDGER | B173: 3192639 | C173: 3977917 | D173: 5195713 | E173: 3771342 | F173: 3702411 | G173: 6627115 | H173: 5833356 | I173: 5548352 | J173: 3194134 | K173: 2978035 | L173: 1857065 | M173: 1092566
A174: 232001 A/P INVENTORY ACCRUAL | B174: -163342 | C174: -200928 | D174: 0 | E174: -110673 | F174: -185601 | G174: 0 | H174: -205466 | I174: -194181 | J174: 0 | K174: -82856 | L174: -215140 | M174: 1577
A175: 232004 A/P POWER PURCHASES GENERAL 1 | B175: 1515264 | C175: 1381461 | D175: 1607629 | E175: 1690586 | F175: 1620958 | G175: 1866393 | H175: 1984013 | I175: 2341885 | J175: 1720528 | K175: 1392413 | L175: 2036622 | M175: 1964651
A176: 232005 A/P PO ACCRUAL | B176: 769929 | C176: 651460 | D176: 37561 | E176: 288857 | F176: 1417294 | G176: 658164 | H176: 120565 | I176: 234134 | J176: 65781 | K176: 48523 | L176: 258195 | M176: 144951
A177: 232006 A/P GAS PURCHASES ESTIMATED | B177: 3092844 | C177: 27788559 | D177: 2960136 | E177: 2700537 | F177: 2758749 | G177: 3749290 | H177: 4815708 | I177: 5145254 | J177: 4974326 | K177: 6873925 | L177: 6497853 | M177: 4754971
A178: 232009 A/P MANUAL | B178: 5545678 | C178: 4565792 | D178: 5782163 | E178: 3604261 | F178: 6902232 | G178: 5941574 | H178: 2343315 | I178: 3922831 | J178: 3756629 | K178: 4966811 | L178: 5660496 | M178: 8953375
A179: 232014 A/P WH FLEX 125 DEPENDENT | B179: 4980 | C179: 5130 | D179: 2895 | E179: 3696 | F179: 4008 | G179: 4823 | H179: 5565 | I179: 2597 | J179: 3322 | K179: 3452 | L179: 4143 | M179: 5178
A180: 232016 A/P WH HEALTH INSURANCE | B180: 32093 | C180: 32151 | D180: 16859 | E180: 21163 | F180: 23245 | G180: 27340 | H180: 31224 | I180: 13364 | J180: 18622 | K180: 20833 | L180: 24668 | M180: 30925
A181: 232017 A/P WH PAC | B181: 352 | C181: 352 | D181: 191 | E181: 213 | F181: 234 | G181: 277 | H181: 320 | I181: 149 | J181: 192 | K181: 213 | L181: 256 | M181: 320
A182: 232019 A/P WH UNION DUES | B182: 289 | C182: 0 | D182: 0 | E182: 0 | F182: 0 | G182: 59 | H182: 68 | I182: 0 | J182: 0 | K182: 0 | L182: 0 | M182: 0
A183: 232021 A/P WH EMPL DONATIONS | B183: 1542 | C183: 1528 | D183: 801 | E183: 970 | F183: 960 | G183: 1135 | H183: 1309 | I183: 586 | J183: 731 | K183: 812 | L183: 975 | M183: 1118
A184: 232022 A/P WH GARNISHMENTS | B184: 2281 | C184: 2281 | D184: 1217 | E184: 1208 | F184: 1329 | G184: 1570 | H184: 1812 | I184: 784 | J184: 1624 | K184: 1199 | L184: 904 | M184: 1130
... A237: TOTAL CURRENT & ACCRUED LIAB | B237: 336083638 | C237: 359196447 | D237: 368515393 | E237: 370199524 | F237: 379785105 | G237: 388362568 | H237: 387297702 | I237: 387523672 | J237: 392865230 | K237: 394561030 | L237: 397389233 | M237: 416721487
A239: DEFFERED CREDITS:
A240: 252000 CUSTOMER ADVANCES FOR CONST | B240: 1392321 | C240: 1325318 | D240: 1385598 | E240: 1408760 | F240: 1430927 | G240: 1487925 | H240: 1542844 | I240: 1591791 | J240: 1747999 | K240: 1746881 | L240: 1742413 | M240: 1735407
A241: 252001 CUST ADVANCE FOR CONST CURRENT | B241: 40425 | C241: 126914 | D241: 126914 | E241: 126914 | F241: 126914 | G241: 126914 | H241: 126914 | I241: 126914 | J241: 126914 | K241: 126914 | L241: 126914 | M241: 126914
A242: 252500 CUST ADV FOR CONSTR-UG FEE | B242: 4463644 | C242: 4481788 | D242: 4523301 | E242: 4558437 | F242: 4596654 | G242: 4640517 | H242: 4693556 | I242: 4751793 | J242: 4808085 | K242: 4851517 | L242: 4888369 | M242: 4924547
A243: CUST ADV FOR CONSTR CUSTOMER ADVANCE CONSTRUCTION | B243: 5896389 | C243: 5934020 | D243: 6035812 | E243: 6094111 | F243: 6154495 | G243: 6255356 | H243: 6363314 | I243: 6470497 | J243: 6682997 | K243: 6725311 | L243: 6757695 | M243: 6786868
A244: 255000 ACCUM DEFERRED ITC | B244: 4339024 | C244: 4339024 | D244: 4294796 | E244: 4294796 | F244: 4294796 | G244: 4250569 | H244: 4250569 | I244: 4250569 | J244: 4206341 | K244: 4206341 | L244: 4206341 | M244: 4254160
A245: ACCUM DEF INV TAX CR ACCUM DEFER INVEST TAX CREDITS | B245: 4339024 | C245: 4339024 | D245: 4294796 | E245: 4294796 | F245: 4294796 | G245: 4250569 | H245: 4250569 | I245: 4250569 | J245: 4206341 | K245: 4206341 | L245: 4206341 | M245: 4254160
...

Sheet Balance Sheet - Jan - Dec 2022
A1: Balance Sheet - by Month - FERC Reporting Acct Detail
A2: Business Unit: BH COLORADO ELEC UTILITY CO LP
A3: 2022 (Jan - Dec)
A4: Run For: All Products, All Resource Codes, All Allocation Types
B5: H-T-D(Jan) | C5: H-T-D(Feb) | D5: H-T-D(Mar) | E5: H-T-D(Apr) | F5: H-T-D(May) | G5: H-T-D(Jun) | H5: H-T-D(Jul) | I5: H-T-D(Aug) | J5: H-T-D(Sep) | K5: H-T-D(Oct) | L5: H-T-D(Nov) | M5: H-T-D(Dec)
A8: ASSETS:
A9: UTILITY PLANT:
A10: 101000 PLANT IN SERVICE | B10: 1046032071 | C10: 1048504745 | D10: 1045049944 | E10: 1057190490 | F10: 1058982612 | G10: 1059113849 | H10: 1064775941 | I10: 1066343907 | J10: 1066614577 | K10: 1068874684 | L10: 1072012943 | M10: 1101795192
A11: 101001 PLANT IN SERVICE INTANGIBLES | B11: 529900 | C11: 529900 | D11: 529900 | E11: 529900 | F11: 529900 | G11: 529900 | H11: 529900 | I11: 529900 | J11: 529900 | K11: 529900 | L11: 529900 | M11: 529900
A12: 101110 RIGHT OF USE ASSET OPER LEASE | B12: 1127251 | C12: 1127251 | D12: 1127251 | E12: 1127251 | F12: 1127251 | G12: 1127251 | H12: 1150852 | I12: 1151438 | J12: 1151438 | K12: 1151438 | L12: 1151438 | M12: 1151569
A13: 101304 PLANT IN SERVICE ARO | B13: 7196224 | C13: 7196224 | D13: 7196224 | E13: 7196224 | F13: 7196224 | G13: 7196224 | H13: 7196224 | I13: 7196224 | J13: 7196224 | K13: 7196224 | L13: 7196224 | M13: 7196224
A14: 105000 PLANT HELD FOR FUTURE-USE | B14: 4133205 | C14: 4133205 | D14: 4133205 | E14: 4133205 | F14: 4133205 | G14: 3181183 | H14: 3181183 | I14: 3181183 | J14: 3181183 | K14: 3181183 | L14: 3181183 | M14: 3181183
A15: 106000 COMPLETE NOT CLASSIFIED IN CPR | B15: 50919292 | C15: 51255488 | D15: 49762145 | E15: 59886715 | F15: 60790096 | G15: 61950136 | H15: 60847017 | I15: 60534186 | J15: 59890610 | K15: 62023622 | L15: 66651161 | M15: 42261684
A16: 114000 PLANT ACQUISITION ADJUSTMENTS | B16: 234762278 | C16: 234762278 | D16: 234762278 | E16: 234762278 | F16: 234762278 | G16: 234762278 | H16: 234762278 | I16: 234762278 | J16: 234762278 | K16: 234762278 | L16: 234762278 | M16: 234762278
A17: 118993 SC UTILITY PLANT ALLOC CCA | B17: 0 | C17: 0 | D17: 218054 | E17: 156348 | F17: 156348 | G17: 156198 | H17: 156198 | I17: 171555 | J17: 190241 | K17: 191492 | L17: 251069 | M17: 267217
A18: 118999 COMMON UTILITY PLANT ALLOC | B18: 22911759 | C18: 22687655 | D18: 22062653 | E18: 22041424 | F18: 22071596 | G18: 22212955 | H18: 22859010 | I18: 23083046 | J18: 23085671 | K18: 22812325 | L18: 22821284 | M18: 22478058
A19: UTILITY PLANT | B19: 1367611981 | C19: 1370196747 | D19: 1364841655 | E19: 1387023835 | F19: 1389749511 | G19: 1390229974 | H19: 1395458603 | I19: 1396953718 | J19: 1396602122 | K19: 1400723147 | L19: 1408557482 | M19: 1413623306
A20: 107000 CONSTRUCTION WORK IN-PROGRESS | B20: 76176540 | C20: 77806209 | D20: 80325494 | E20: 64288569 | F20: 70812988 | G20: 71698123 | H20: 73260460 | I20: 76407198 | J20: 79004464 | K20: 81540281 | L20: 76860082 | M20: 77751717
A21: CWIP Construction Work In Progress | B21: 76176540 | C21: 77806209 | D21: 80325494 | E21: 64288569 | F21: 70812988 | G21: 71698123 | H21: 73260460 | I21: 76407198 | J21: 79004464 | K21: 81540281 | L21: 76860082 | M21: 77751717
... A34: NET UTILITY PLANT | B34: 1098862445 | C34: 1100303424 | D34: 1100898831 | E34: 1104282036 | F34: 1110917522 | G34: 1113054793 | H34: 1116097938 | I34: 1117887121 | J34: 1119182370 | K34: 1120205859 | L34: 1121595066 | M34: 1127135029
A36: OTHER PROPERY AND INVESTMENTS:
A37: 121000 NONUTILITY PROPERTY | B37: 120841 | C37: 120841 | D37: 120841 | E37: 120841 | F37: 120841 | G37: 120841 | H37: 120841 | I37: 120841 | J37: 120841 | K37: 120841 | L37: 120841 | M37: 120802
A38: NON UTILITY PROPERTY | B38: 120841 | C38: 120841 | D38: 120841 | E38: 120841 | F38: 120841 | G38: 120841 | H38: 120841 | I38: 120841 | J38: 120841 | K38: 120841 | L38: 120841 | M38: 120802
A39: TTL OTH PROPERTY & INVESTMENT | B39: 120841 | C39: 120841 | D39: 120841 | E39: 120841 | F39: 120841 | G39: 120841 | H39: 120841 | I39: 120841 | J39: 120841 | K39: 120841 | L39: 120841 | M39: 120802
A41: CURRENT AND ACCRUED ASSETS:
A42: 131038 CO BANKS ROCKY FORD | B42: 463950 | C42: 487816 | D42: 1169096 | E42: 513927 | F42: 635321 | G42: 639746 | H42: 362162 | I42: 226611 | J42: 649402 | K42: 375192 | L42: 247058 | M42: 614583
A43: 131148 WELLS FARGO OPER CASH | B43: 201721 | C43: -653 | D43: 205057 | E43: 12237 | F43: -5401 | G43: 327181 | H43: -68074 | I43: 126587 | J43: 401793 | K43: -135 | L43: -4246 | M43: 1066747
A44: 131149 WELLS FARGO OPER CASH - DISBUR | B44: -2026009 | C44: -1697778 | D44: -515222 | E44: -440652 | F44: -364078 | G44: -637068 | H44: -332720 | I44: -231309 | J44: -291553 | K44: -250301 | L44: -323722 | M44: -672255
A45: 131150 WELLS FARGO UTIL DEPOSITORY | B45: 443256 | C45: 313982 | D45: 216456 | E45: -553581 | F45: -31164 | G45: 104370 | H45: -123536 | I45: -345641 | J45: -70943 | K45: 152683 | L45: -219753 | M45: -7100
A46: 131152 WELLS FARGO WFED LOCK BOX | B46: -339 | C46: -339 | D46: -339 | E46: -339 | F46: -339 | G46: -339 | H46: -339 | I46: -339 | J46: -339 | K46: -339 | L46: -339 | M46: -339
A47: 131154 WF BHE RM | B47: 691 | C47: 53003 | D47: 648 | E47: 14647 | F47: 15382 | G47: 18046 | H47: 22518 | I47: 2742 | J47: 99 | K47: 17605 | L47: 0 | M47: 1564
A48: 131185 FIRST AM BANK WEBSTER CTY | B48: -22 | C48: 0 | D48: 0 | E48: 0 | F48: 0 | G48: 0 | H48: 0 | I48: 0 | J48: 0 | K48: 0 | L48: 0 | M48: 0
A49: 131221 WELLS FARGO PMT SVCS | B49: -37975 | C49: -5202 | D49: 99213 | E49: -10357 | F49: -15330 | G49: 256500 | H49: -20728 | I49: 10428 | J49: -30799 | K49: -29220 | L49: 180298 | M49: 120299
A50: 131230 WESTERN UNION | B50: -2326 | C50: -2326 | D50: -2326 | E50: -2326 | F50: -2326 | G50: -2326 | H50: -2326 | I50: -2326 | J50: -2326 | K50: -2326 | L50: -2326 | M50: -2326
A51: 131232 WELLS FARGO OTHER MANUAL | B51: 0 | C51: 0 | D51: 0 | E51: 0 | F51: 0 | G51: 0 | H51: 0 | I51: -40 | J51: -40 | K51: -40 | L51: -40 | M51: -40
A52: 131233 WELLS FARGO EFT/CHECKLINE | B52: -3822 | C52: -3697 | D52: -3697 | E52: -3697 | F52: -3697 | G52: -3906 | H52: -3906 | I52: -6101 | J52: -6101 | K52: -6129 | L52: -6129 | M52: -6129
A53: 131234 WELLS FARGO COLLECTION AGENCY | B53: 210 | C53: 210 | D53: 210 | E53: 210 | F53: 210 | G53: 210 | H53: 210 | I53: 210 | J53: 210 | K53: 210 | L53: 210 | M53: 210
... A99: TTL CURRENT & ACCRUED ASSETS | B99: 54405265 | C99: 53021166 | D99: 54517749 | E99: 49402049 | F99: 52278822 | G99: 57081363 | H99: 61086839 | I99: 63174658 | J99: 60517861 | K99: 56195846 | L99: 57176547 | M99: 67146685
A101: DEFFERRED DEBITS:
A102: 182342 REG ASSET ECA 2021 STORM | B102: 0 | C102: 0 | D102: 11164522 | E102: -114571 | F102: -765314 | G102: 10089706 | H102: 19614743 | I102: 18537625 | J102: 11650217 | K102: 16614367 | L102: 15805918 | M102: 11954395
A103: 182389 REG ASSET ECA 2021 STORM LT | B103: 22329045 | C103: 22329045 | D103: 11164522 | E103: 22329045 | F103: 22329045 | G103: 10540408 | H103: 0 | I103: 0 | J103: 5825108 | K103: 0 | L103: 0 | M103: 2988599
A104: 182300 REG ASSET OTHER | B104: 3557321 | C104: 3693352 | D104: 3810643 | E104: 3972475 | F104: 4230503 | G104: 4098011 | H104: 4159467 | I104: 4198171 | J104: 4128068 | K104: 4203212 | L104: 4356859 | M104: 4429498
A105: 182305 REG ASSET ARO | B105: 333303 | C105: 333704 | D105: 334105 | E105: 334506 | F105: 334907 | G105: 335308 | H105: 335709 | I105: 335709 | J105: 336511 | K105: 336912 | L105: 337313 | M105: 337714
A106: 182310 REG ASSET PENSION PRIOR SVC | B106: 417005 | C106: 369249 | D106: 321492 | E106: 273735 | F106: 225979 | G106: 178222 | H106: 130465 | I106: 82709 | J106: 34952 | K106: 0 | L106: 0 | M106: 0
A107: 182313 REGULATORY ASSSET - COMP ABS | B107: 116257 | C107: 105871 | D107: 0 | E107: 0 | F107: 0 | G107: 0 | H107: 0 | I107: 0 | J107: 0 | K107: 0 | L107: 0 | M107: 0
A108: 182316 REG ASSET PENSION | B108: 9476734 | C108: 9476734 | D108: 9476734 | E108: 9476734 | F108: 9476734 | G108: 9476734 | H108: 9476734 | I108: 9476734 | J108: 9476734 | K108: 9476734 | L108: 9476734 | M108: 10702462
A109: 182318 BHE ASSISTANCE PROGRAM ST | B109: -173550 | C109: -168655 | D109: 0 | E109: -198944 | F109: -220647 | G109: 0 | H109: -296070 | I109: -352868 | J109: 0 | K109: -486712 | L109: -567944 | M109: 0
A110: 182319 RENEWABLE ENERGY STANDARD ADJUSTMENT | B110: -8068465 | C110: -8990810 | D110: 0 | E110: -11112444 | F110: -11612249 | G110: 0 | H110: -12569588 | I110: -12513966 | J110: 0 | K110: -12443116 | L110: -13290076 | M110: 0
A111: 182322 REG ASST PCA MONTHLY ACCRUAL | B111: 16342853 | C111: 19420820 | D111: 20921632 | E111: 20862463 | F111: 22071484 | G111: 25208806 | H111: 26199240 | I111: 28615447 | J111: 30690347 | K111: 30111020 | L111: 29145390 | M111: 30715762
A112: 182333 REG ASSET ENERGY EFFICIENCY ST | B112: 1080344 | C112: 1199899 | D112: 953664 | E112: 930206 | F112: 722414 | G112: 905472 | H112: 753959 | I112: 829773 | J112: 487170 | K112: 308873 | L112: 249562 | M112: 129976
A113: 182361 REG ASSET ST RECLASS | B113: 0 | C113: 0 | D113: 0 | E113: 0 | F113: 0 | G113: 47023 | H113: 0 | I113: 0 | J113: 47023 | K113: 0 | L113: 0 | M113: 47023
... A142: TOTAL ASSETS | B142: 1275476249 | C142: 1277673601 | D142: 1336188665 | E142: 1323101505 | F142: 1332168258 | G142: 1353694239 | H142: 1347947240 | I142: 1352698127 | J142: 1358144297 | K142: 1340524029 | L142: 1340729174 | M142: 1371390048
A144: LIABILITIES AND SHAREHOLDERS EQUITY:
A145: PROPRIETARY CAPITAL:
A146: 211001 ADDL PAID IN CAPITAL | B146: 407981943 | C146: 407981943 | D146: 407981943 | E146: 407981943 | F146: 407981943 | G146: 407981943 | H146: 407981943 | I146: 407981943 | J146: 407981943 | K146: 407981943 | L146: 407981943 | M146: 407981943
A147: OTH PAID IN CAPITAL OTHER PAID IN CAPITAL | B147: 407981943 | C147: 407981943 | D147: 407981943 | E147: 407981943 | F147: 407981943 | G147: 407981943 | H147: 407981943 | I147: 407981943 | J147: 407981943 | K147: 407981943 | L147: 407981943 | M147: 407981943
A148: 216000 RETAINED EARNINGS GENERAL | B148: 64726146 | C148: 64726146 | D148: 64726146 | E148: 64726146 | F148: 64726146 | G148: 64726146 | H148: 64726146 | I148: 64726146 | J148: 52726146 | K148: 52726146 | L148: 52726146 | M148: 49726146
A149: 216020 CUM EFFECT ACCOUNTING ADJ | B149: 21867 | C149: 21867 | D149: 21867 | E149: 21867 | F149: 21867 | G149: 21867 | H149: 21867 | I149: 21867 | J149: 21867 | K149: 21867 | L149: 21867 | M149: 21867
A150: RETAINED EARNINGS | B150: 64748014 | C150: 64748014 | D150: 64748014 | E150: 64748014 | F150: 64748014 | G150: 64748014 | H150: 64748014 | I150: 64748014 | J150: 52748014 | K150: 52748014 | L150: 52748014 | M150: 49748014
A151: TOTAL PROPRIETARY CAPITAL | B151: 472729957 | C151: 472729957 | D151: 472729957 | E151: 472729957 | F151: 472729957 | G151: 472729957 | H151: 472729957 | I151: 472729957 | J151: 460729957 | K151: 460729957 | L151: 460729957 | M151: 457729957
A153: LONG-TERM DEBT:
A154: 223000 I/C LT NOTES PAYABLE | B154: 150000000 | C154: 150000000 | D154: 150000000 | E154: 150000000 | F154: 150000000 | G154: 150000000 | H154: 150000000 | I154: 150000000 | J154: 150000000 | K154: 150000000 | L154: 150000000 | M154: 150000000
A155: ADV FROM INTER COMP ADVANCES FROM ASSOC COMPANIES | B155: 150000000 | C155: 150000000 | D155: 150000000 | E155: 150000000 | F155: 150000000 | G155: 150000000 | H155: 150000000 | I155: 150000000 | J155: 150000000 | K155: 150000000 | L155: 150000000 | M155: 150000000
A156: TOTAL LONG TERM DEBT | B156: 150000000 | C156: 150000000 | D156: 150000000 | E156: 150000000 | F156: 150000000 | G156: 150000000 | H156: 150000000 | I156: 150000000 | J156: 150000000 | K156: 150000000 | L156: 150000000 | M156: 150000000
A158: OTHER NON-CURRENT LIABILITIES:
A159: 227100 OPERATING LEASE OBLIGATIONS | B159: 893071 | C159: 885455 | D159: 785677 | E159: 870169 | F159: 862500 | G159: 762917 | H159: 870772 | I159: 863698 | J159: 757146 | K159: 847971 | L159: 805959 | M159: 735519
A160: OBLIG UNDR CAP LEASE OBLIGATION UNDER CAPITAL LEASE | B160: 893071 | C160: 885455 | D160: 785677 | E160: 870169 | F160: 862500 | G160: 762917 | H160: 870772 | I160: 863698 | J160: 757146 | K160: 847971 | L160: 805959 | M160: 735519
A161: 228202 RESERVE WORKERS' COMPENSATION | B161: 563543 | C161: 567000 | D161: 570183 | E161: 574175 | F161: 573785 | G161: 585804 | H161: 586390 | I161: 584280 | J161: 583053 | K161: 590674 | L161: 586289 | M161: 455789
A162: 228204 RESERVE MEDICAL | B162: 125339 | C162: 125339 | D162: 125339 | E162: 125339 | F162: 125339 | G162: 125339 | H162: 125339 | I162: 125339 | J162: 125339 | K162: 125339 | L162: 125339 | M162: 147982
A163: ACCUM PROV INJRY DAM ACCUM PROV INJURIES & DAMAGES | B163: 688882 | C163: 692339 | D163: 695522 | E163: 699514 | F163: 699124 | G163: 711143 | H163: 711729 | I163: 709619 | J163: 708392 | K163: 716013 | L163: 711628 | M163: 603771
A164: 228300 BENEFITS ACCRUAL RETIREE HEALTH CARE | B164: 2705442 | C164: 2642966 | D164: 2626141 | E164: 2604664 | F164: 2586625 | G164: 2577010 | H164: 2560011 | I164: 2551255 | J164: 2543469 | K164: 2526991 | L164: 2512680 | M164: 2152070
A165: 228302 BENEFITS ACCRUAL PENSION | B165: 1161343 | C165: 1192069 | D165: 1222794 | E165: 1253520 | F165: 1284245 | G165: 1314971 | H165: 1345696 | I165: 1376422 | J165: 1407147 | K165: 1437873 | L165: 1468598 | M165: 2725052
A166: ACCUM PROV PEN & BEN ACCUM PROV PENSIONS & BENFITS | B166: 3866785 | C166: 3835035 | D166: 3848936 | E166: 3858184 | F166: 3870870 | G166: 3891981 | H166: 3905708 | I166: 3927677 | J166: 3950616 | K166: 3964864 | L166: 3981278 | M166: 4877122
A167: 229001 BILLINGS COLL SUBJECT TO REFUN | B167: 0 | C167: 0 | D167: 0 | E167: 0 | F167: 0 | G167: 0 | H167: 0 | I167: 0 | J167: 93761 | K167: 93761 | L167: 93761 | M167: 93761
A168: ACCUM PROV RATE RFND ACCUM PROV FOR RATE REFUNDS | B168: 0 | C168: 0 | D168: 0 | E168: 0 | F168: 0 | G168: 0 | H168: 0 | I168: 0 | J168: 93761 | K168: 93761 | L168: 93761 | M168: 93761
A169: 230304 ACCUM RESV OBLIGATION ARO | B169: 10148984 | C169: 10185232 | D169: 10221479 | E169: 10257726 | F169: 10293974 | G169: 10330221 | H169: 10366468 | I169: 10366468 | J169: 10438963 | K169: 10475210 | L169: 10511457 | M169: 10547704
A170: ASSET RETIRE OBLIG ASSET RETIREMENT OBLIGATIONS | B170: 10148984 | C170: 10185232 | D170: 10221479 | E170: 10257726 | F170: 10293974 | G170: 10330221 | H170: 10366468 | I170: 10366468 | J170: 10438963 | K170: 10475210 | L170: 10511457 | M170: 10547704
A171: TTL OTR NONCRNT LIAB TTL OTHER NONCRNT LIABILITIES | B171: 15597723 | C171: 15598061 | D171: 15551613 | E171: 15685593 | F171: 15726468 | G171: 15696262 | H171: 15854676 | I171: 15867462 | J171: 15948878 | K171: 16097819 | L171: 16104084 | M171: 16857877
A173: CURRENT AND ACCRUED LIABILITIES:
A174: 232000 AP PEOPLESOFT SUBLEDGER | B174: 2517461 | C174: 3092603 | D174: 2743325 | E174: 2241856 | F174: 9606947 | G174: 3526835 | H174: 3348876 | I174: 3588208 | J174: 3935186 | K174: 3245201 | L174: 3580202 | M174: 5125180
A175: 232001 A/P INVENTORY ACCRUAL | B175: -149490 | C175: -221905 | D175: 0 | E175: -201152 | F175: -239096 | G175: 0 | H175: -126054 | I175: -103745 | J175: 0 | K175: -208931 | L175: -214562 | M175: 0
A176: 232004 A/P POWER PURCHASES GENERAL 1 | B176: 2451364 | C176: 1774876 | D176: 1861613 | E176: 1785333 | F176: 1857806 | G176: 1960886 | H176: 2367825 | I176: 2891267 | J176: 1891918 | K176: 1633734 | L176: 1317625 | M176: 2067081
A177: 232005 A/P PO ACCRUAL | B177: 101489 | C177: 78367 | D177: 55813 | E177: 184014 | F177: 183366 | G177: 184048 | H177: 23091 | I177: 51525 | J177: 2503 | K177: 23373 | L177: 496471 | M177: 497598
A178: 232006 A/P GAS PURCHASES ESTIMATED | B178: 6416717 | C178: 5664379 | D178: 3704072 | E178: 2183837 | F178: 5127557 | G178: 8267764 | H178: 6210716 | I178: 9862491 | J178: 8710949 | K178: 5258728 | L178: 5629004 | M178: 11457063
A179: 232009 A/P MANUAL | B179: 5594977 | C179: 3525819 | D179: 2452329 | E179: 4252290 | F179: 3873729 | G179: 1544326 | H179: 2869509 | I179: 1832408 | J179: 2033514 | K179: 1666504 | L179: 1488454 | M179: 5248526
A180: 232014 A/P WH FLEX 125 DEPENDENT | B180: 5746 | C180: 2136 | D180: 3104 | E180: 3487 | F180: 3741 | G180: 4219 | H180: 4544 | I180: 2423 | J180: 3029 | K180: 3442 | L180: 4068 | M180: 4694
A181: 232016 A/P WH HEALTH INSURANCE | B181: 34478 | C181: 13137 | D181: 17921 | E181: 21855 | F181: 25825 | G181: 29692 | H181: 32099 | I181: 17257 | J181: 21284 | K181: 23923 | L181: 28999 | M181: 33333
A182: 232017 A/P WH PAC | B182: 341 | C182: 81 | D182: 124 | E182: 137 | F182: 165 | G182: 192 | H182: 206 | I182: 110 | J182: 197 | K182: 217 | L182: 256 | M182: 295
A183: 232019 A/P WH UNION DUES | B183: 0 | C183: -16105 | D183: 0 | E183: 0 | F183: 0 | G183: 0 | H183: 0 | I183: 0 | J183: 0 | K183: 0 | L183: 0 | M183: 0
A184: 232021 A/P WH EMPL DONATIONS | B184: 1415 | C184: 558 | D184: 739 | E184: 846 | F184: 988 | G184: 2255 | H184: 1144 | I184: 621 | J184: 777 | K184: 815 | L184: 963 | M184: 1036
A185: 232022 A/P WH GARNISHMENTS | B185: 1205 | C185: 1105 | D185: 599 | E185: 665 | F185: 798 | G185: 2053 | H185: 998 | I185: 532 | J185: 665 | K185: 732 | L185: 1459 | M185: 1683
... A237: TOTAL CURRENT & ACCRUED LIAB | B237: 410438024 | C237: 410703842 | D237: 410255766 | E237: 408520224 | F237: 416891759 | G237: 419817973 | H237: 420363751 | I237: 419548487 | J237: 399199403 | K237: 392923490 | L237: 392511251 | M237: 405607658
A239: DEFFERED CREDITS:
A240: 252000 CUSTOMER ADVANCES FOR CONST | B240: 1830049 | C240: 1861036 | D240: 1921361 | E240: 2107903 | F240: 2186698 | G240: 2219543 | H240: 2260395 | I240: 2230449 | J240: 2189008 | K240: 2179201 | L240: 2190028 | M240: 2252971
A241: 252001 CUST ADVANCE FOR CONST CURRENT | B241: 132820 | C241: 132820 | D241: 132820 | E241: 132820 | F241: 132820 | G241: 132820 | H241: 132820 | I241: 132820 | J241: 132820 | K241: 132820 | L241: 132820 | M241: 132820
A242: 252500 CUST ADV FOR CONSTR-UG FEE | B242: 4970477 | C242: 5013506 | D242: 5057321 | E242: 5094996 | F242: 5136044 | G242: 5185523 | H242: 5246796 | I242: 5316011 | J242: 5397699 | K242: 5456697 | L242: 5515237 | M242: 5576934
A243: CUST ADV FOR CONSTR CUSTOMER ADVANCE CONSTRUCTION | B243: 6933347 | C243: 7007362 | D243: 7111502 | E243: 7335719 | F243: 7455562 | G243: 7537885 | H243: 7640011 | I243: 7679281 | J243: 7719527 | K243: 7768718 | L243: 7838085 | M243: 7962725
A244: 255000 ACCUM DEFERRED ITC | B244: 4254160 | C244: 4254160 | D244: 4209933 | E244: 4209933 | F244: 4209933 | G244: 4163613 | H244: 4163613 | I244: 4163613 | J244: 4118340 | K244: 4118340 | L244: 4118340 | M244: 3869706
A245: ACCUM DEF INV TAX CR ACCUM DEFER INVEST TAX CREDITS | B245: 4254160 | C245: 4254160 | D245: 4209933 | E245: 4209933 | F245: 4209933 | G245: 4163613 | H245: 4163613 | I245: 4163613 | J245: 4118340 | K245: 4118340 | L245: 4118340 | M245: 3869706
A246: 253001 OTH DEF CR CONTRACTOR RETAINAG | B246: 1104723 | C246: 1191664 | D246: 0 | E246: 1094485 | F246: 618352 | G246: 0 | H246: 855630 | I246: 524936 | J246: 0 | K246: 804936 | L246: 787727 | M246: 0
...

Sheet BS - Jan - Dec _ 99200
A1: Balance Sheet - by Month - FERC Reporting Acct Detail
A2: Business Unit: COE CAP LEASE
A3: 2022 (Jan - Dec) 13 Mth Avg Actual Data
A4: Run For: All Products, All Resource Codes, All Allocation Types
B5: H-T-D(Jan) | C5: H-T-D(Feb) | D5: H-T-D(Mar) | E5: H-T-D(Apr) | F5: H-T-D(May) | G5: H-T-D(Jun) | H5: H-T-D(Jul) | I5: H-T-D(Aug) | J5: H-T-D(Sep) | K5: H-T-D(Oct) | L5: H-T-D(Nov) | M5: H-T-D(Dec) | N5: H-T-D(Dec)
B6: 2022 | C6: 2022 | D6: 2022 | E6: 2022 | F6: 2022 | G6: 2022 | H6: 2022 | I6: 2022 | J6: 2022 | K6: 2022 | L6: 2022 | M6: 2022 | N6: 2021
A9: ASSETS:
A10: UTILITY PLANT:
A11: 101100 FIXED ASSET CAP LEASE | B11: 261441404 | C11: 261441404 | D11: 261441404 | E11: 261441404 | F11: 261441404 | G11: 261441404 | H11: 261441404 | I11: 261441404 | J11: 261441404 | K11: 261441404 | L11: 261441404 | M11: 261441404 | N11: 261441404
A12: UTILITY PLANT | B12: 261441404 | C12: 261441404 | D12: 261441404 | E12: 261441404 | F12: 261441404 | G12: 261441404 | H12: 261441404 | I12: 261441404 | J12: 261441404 | K12: 261441404 | L12: 261441404 | M12: 261441404 | N12: 261441404
A13: TOTAL UTILITY PLANT | B13: 261441404 | C13: 261441404 | D13: 261441404 | E13: 261441404 | F13: 261441404 | G13: 261441404 | H13: 261441404 | I13: 261441404 | J13: 261441404 | K13: 261441404 | L13: 261441404 | M13: 261441404 | N13: 261441404
A14: 108000 PLT IN SERV-ACCUM DEPREC-ORIG | B14: -131810041 | C14: -132899380 | D14: -133988719 | E14: -135078058 | F14: -136167397 | G14: -137256736 | H14: -138346076 | I14: -139435415 | J14: -140524754 | K14: -141614093 | L14: -142703432 | M14: -143792772 | N14: -130720701
A15: ACCUM DEPRECIATION | B15: -131810041 | C15: -132899380 | D15: -133988719 | E15: -135078058 | F15: -136167397 | G15: -137256736 | H15: -138346076 | I15: -139435415 | J15: -140524754 | K15: -141614093 | L15: -142703432 | M15: -143792772 | N15: -130720701
A16: NET UTILITY PLANT | B16: 129631363 | C16: 128542024 | D16: 127452685 | E16: 126363346 | F16: 125274007 | G16: 124184668 | H16: 123095328 | I16: 122005989 | J16: 120916650 | K16: 119827311 | L16: 118737972 | M16: 117648632 | N16: 130720703
A18: OTHER PROPERY AND INVESTMENTS:
A20: CURRENT AND ACCRUED ASSETS:
A21: 146000 I/C ACCOUNTS RECEIVABLE | B21: 22850465 | C21: 22850465 | D21: 22850465 | E21: 22850465 | F21: 22850465 | G21: 22850465 | H21: 22850465 | I21: 22850465 | J21: 22850465 | K21: 22850465 | L21: 22850465 | M21: 22850465 | N21: 22850465
A22: ACCTS REC INTER CO ACCTS RECEIVABLE INTER COMPANY | B22: 22850465 | C22: 22850465 | D22: 22850465 | E22: 22850465 | F22: 22850465 | G22: 22850465 | H22: 22850465 | I22: 22850465 | J22: 22850465 | K22: 22850465 | L22: 22850465 | M22: 22850465 | N22: 22850465
A23: 165007 PREPAID FEDERAL TAXES | B23: 727786 | C23: 780919 | D23: 802374 | E23: 851100 | F23: 897589 | G23: 916020 | H23: 957966 | I23: 997605 | J23: 1012918 | K23: 1047874 | L23: 1080294 | M23: 1093212 | N23: 672483
A24: 165180 PREPAID STATE TAXES | B24: 152650 | C24: 152650 | D24: 182135 | E24: 182135 | F24: 182135 | G24: 207932 | H24: 207932 | I24: 207932 | J24: 229927 | K24: 229927 | L24: 229927 | M24: 244860 | N24: 152650
A25: PREPAYMENTS | B25: 880436 | C25: 933569 | D25: 984509 | E25: 1033235 | F25: 1079724 | G25: 1123952 | H25: 1165898 | I25: 1205537 | J25: 1242845 | K25: 1277801 | L25: 1310221 | M25: 1338072 | N25: 825134
A26: TTL CURRENT & ACCRUED ASSETS | B26: 23730901 | C26: 23784034 | D26: 23834974 | E26: 23883700 | F26: 23930188 | G26: 23974417 | H26: 24016362 | I26: 24056001 | J26: 24093310 | K26: 24128265 | L26: 24160686 | M26: 24188536 | N26: 23675598
A28: DEFFERRED DEBITS:
A29: DEFERRED DEBITS | B29: 0 | C29: 0 | D29: 0 | E29: 0 | F29: 0 | G29: 0 | H29: 0 | I29: 0 | J29: 0 | K29: 0 | L29: 0 | M29: 0 | N29: 0
A32: TOTAL_SUSPENSE_ACCTS TOTAL SUSPENSE ACCOUNTS | B32: 0 | C32: 0 | D32: 0 | E32: 0 | F32: 0 | G32: 0 | H32: 0 | I32: 0 | J32: 0 | K32: 0 | L32: 0 | M32: 0 | N32: 0
A34: TOTAL ASSETS | B34: 153362265 | C34: 152326058 | D34: 151287659 | E34: 150247045 | F34: 149204195 | G34: 148159084 | H34: 147111691 | I34: 146061991 | J34: 145009960 | K34: 143955576 | L34: 142898658 | M34: 141837169 | N34: 154396301
A36: LIABILITIES AND SHAREHOLDERS EQUITY:
A37: PROPRIETARY CAPITAL:
A38: 216000 RETAINED EARNINGS GENERAL | B38: -47392641 | C38: -47392641 | D38: -47392641 | E38: -47392641 | F38: -47392641 | G38: -47392641 | H38: -47392641 | I38: -47392641 | J38: -47392641 | K38: -47392641 | L38: -47392641 | M38: -47392641 | N38: -44862821
A39: RETAINED EARNINGS | B39: -47392641 | C39: -47392641 | D39: -47392641 | E39: -47392641 | F39: -47392641 | G39: -47392641 | H39: -47392641 | I39: -47392641 | J39: -47392641 | K39: -47392641 | L39: -47392641 | M39: -47392641 | N39: -44862821
A40: TOTAL PROPRIETARY CAPITAL | B40: -47392641 | C40: -47392641 | D40: -47392641 | E40: -47392641 | F40: -47392641 | G40: -47392641 | H40: -47392641 | I40: -47392641 | J40: -47392641 | K40: -47392641 | L40: -47392641 | M40: -47392641 | N40: -44862821
A42: LONG-TERM DEBT:
A44: OTHER NON-CURRENT LIABILITIES:
A45: 227200 I/C CAP LEASE OBLIGATION - LT | B45: 189900109 | C45: 188923597 | D45: 187937118 | E45: 186940570 | F45: 185933852 | G45: 184916857 | H45: 183878997 | I45: 182830544 | J45: 181771390 | K45: 180701426 | L45: 179620541 | M45: 178528624 | N45: 190866756
A46: OBLIG UNDR CAP LEASE OBLIGATION UNDER CAPITAL LEASE | B46: 189900109 | C46: 188923597 | D46: 187937118 | E46: 186940570 | F46: 185933852 | G46: 184916857 | H46: 183878997 | I46: 182830544 | J46: 181771390 | K46: 180701426 | L46: 179620541 | M46: 178528624 | N46: 190866756
A47: TTL OTR NONCRNT LIAB TTL OTHER NONCRNT LIABILITIES | B47: 189900109 | C47: 188923597 | D47: 187937118 | E47: 186940570 | F47: 185933852 | G47: 184916857 | H47: 183878997 | I47: 182830544 | J47: 181771390 | K47: 180701426 | L47: 179620541 | M47: 178528624 | N47: 190866756
A49: CURRENT AND ACCRUED LIABILITIES:
A50: 236000 ACCRUED INCOME TAXES FEDERAL | B50: 0 | C50: 0 | D50: -1 | E50: -1 | F50: -1 | G50: -1 | H50: -1 | I50: -1 | J50: -1 | K50: -1 | L50: -1 | M50: -1 | N50: 0
A51: 236001 ACCRUED INCOME TAXES STATE | B51: 0 | C51: 0 | D51: 0 | E51: 0 | F51: 0 | G51: 0 | H51: 0 | I51: 0 | J51: -1 | K51: -1 | L51: -1 | M51: 0 | N51: 0
A52: TAXES ACCRUED | B52: 0 | C52: 0 | D52: -1 | E52: -1 | F52: -1 | G52: -1 | H52: -1 | I52: -1 | J52: -2 | K52: -2 | L52: -2 | M52: -1 | N52: 0
A53: 243000 OBLIG UNDER CAP LEASES CURRENT | B53: 11024352 | C53: 11127560 | D53: 11231821 | E53: 11337146 | F53: 11443546 | G53: 11551033 | H53: 11670102 | I53: 11790387 | J53: 11911899 | K53: 12034651 | L53: 12158657 | M53: 12283928 | N53: 10922187
A54: OBLIG CAP LEASE CRNT OBLIG UNDER CAP LEASE CURRENT | B54: 11024352 | C54: 11127560 | D54: 11231821 | E54: 11337146 | F54: 11443546 | G54: 11551033 | H54: 11670102 | I54: 11790387 | J54: 11911899 | K54: 12034651 | L54: 12158657 | M54: 12283928 | N54: 10922187
A55: TOTAL CURRENT & ACCRUED LIAB | B55: 11024351 | C55: 11127559 | D55: 11231820 | E55: 11337145 | F55: 11443545 | G55: 11551032 | H55: 11670101 | I55: 11790386 | J55: 11911897 | K55: 12034650 | L55: 12158655 | M55: 12283927 | N55: 10922186
A57: DEFFERED CREDITS:
A59: UNDIST YTD NET INCOME | B59: -169555 | C59: -332457 | D59: -488638 | E59: -638029 | F59: -780561 | G59: -916164 | H59: -1044767 | I59: -1166298 | J59: -1280686 | K59: -1387858 | L59: -1487897 | M59: -1582741 | N59: -2529820
A61: TOTAL LIABILITIES AND SHAREHOLDERS EQUITY: | B61: 153362265 | C61: 152326058 | D61: 151287659 | E61: 150247045 | F61: 149204195 | G61: 148159084 | H61: 147111691 | I61: 146061991 | J61: 145009960 | K61: 143955576 | L61: 142898658 | M61: 141837169 | N61: 154396301
A64: Report: Balance Sheet - Jan - Dec & 13Mth Avg FERC Rpt Detail Page: 1 of 1
A65: Printed: May 18, 2023 09:14 AM
A66: Data from the PSGLFERC Essbase Cube

Sheet Accum
A2: Period | B2: 44531 | C2: 44562 | D2: 44593 | E2: 44621 | F2: 44652 | G2: 44682 | H2: 44713 | I2: 44743 | J2: 44774 | K2: 44805 | L2: 44835 | M2: 44866 | N2: 44896 | O2: 13 Month Avg.
A3: Distribution
A4: 30302 | B4: -0.01 | C4: -0.01 | D4: -0.01 | E4: -0.01 | F4: -0.01 | G4: -0.01 | H4: -0.01 | I4: -0.01 | J4: -0.01 | K4: -0.01 | L4: -0.01 | M4: -0.01 | N4: -23.99
A5: 36100 | B5: 238149.72 | C5: 239847.5 | D5: 236452.09 | E5: 238160.18 | F5: 239868.27 | G5: 241576.36 | H5: 243284.45 | I5: 244992.54 | J5: 246700.63 | K5: 248408.72 | L5: 250116.81 | M5: 251824.9 | N5: 253946.76
A6: 36200 | B6: =14667701.18+'Pending Retirements'!B7 -> 14588775 | C6: 14652237 | D6: 14716774 | E6: =14781385.12+'Pending Retirements'!C7 -> 14721120 | F6: 14848786 | G6: 14914092 | H6: =14983515.72+'Pending Retirements'!D7 -> 14923250 | I6: 15053689 | J6: 15078424 | K6: =15148575.96+'Pending Retirements'!E7 -> 15116216 | L6: 15218770 | M6: 15292298 | N6: =15295828.35+'Pending Retirements'!F7 -> 15193505
A7: 36400 | B7: =29028577.01+'Pending Retirements'!B8 -> 28653077 | C7: 28992662 | D7: 29121667 | E7: =29318843.19+'Pending Retirements'!C8 -> 29210049 | F7: 29494413 | G7: 29420084 | H7: =29403881.36+'Pending Retirements'!D8 -> 28736651 | I7: 29475826 | J7: 29700291 | K7: =29876073.72+'Pending Retirements'!E8 -> 29193439 | L7: 30093041 | M7: 30251386 | N7: =29410033.91+'Pending Retirements'!F8 -> 29390854
A8: 36500 | B8: =27723427.76+'Pending Retirements'!B9 -> 27687929 | C8: 27788517 | D8: 27874575 | E8: =27932955+'Pending Retirements'!C9 -> 27918078 | F8: 28022532 | G8: 28109315 | H8: =28193030.69+'Pending Retirements'!D9 -> 27658252 | I8: 28205167 | J8: 28304883 | K8: =28402973.82+'Pending Retirements'!E9 -> 27861570 | L8: 28495482 | M8: 28595998 | N8: =27874172.16+'Pending Retirements'!F9 -> 27844751
A9: 36600 | B9: =5740183.25+'Pending Retirements'!B10 -> 5737691.5 | C9: 5770534.2 | D9: 5802755.9 | E9: =5832989.76+'Pending Retirements'!C10 -> 5828141.7 | F9: 5865218.2 | G9: 5898272 | H9: =5930063.64+'Pending Retirements'!D10 -> 5926958.9 | I9: 5889937.1 | J9: 5924109.8 | K9: =5958084.08+'Pending Retirements'!E10 -> 5954979.3 | L9: 5992202.1 | M9: 6026972.3 | N9: =5951991.48+'Pending Retirements'!F10 -> 5951155.7
A10: 36700 | B10: =14123051.11+'Pending Retirements'!B11 -> 14015119 | C10: 14139952 | D10: 14181401 | E10: =14186955.66+'Pending Retirements'!C11 -> 14164768 | F10: 14221080 | G10: 14248173 | H10: =14276766.3+'Pending Retirements'!D11 -> 14245136 | I10: 14270748 | J10: 14313694 | K10: =14351060.48+'Pending Retirements'!E11 -> 14338594 | L10: 14388319 | M10: 14431475 | N10: =14401330.68+'Pending Retirements'!F11 -> 14391821
A11: 36801 | B11: =3163736.53+'Pending Retirements'!B12 -> 3136097.3 | C11: 3176326 | D11: 3187871.8 | E11: =3200045.22+'Pending Retirements'!C12 -> 3187478.2 | F11: 3206941 | G11: 3203791 | H11: =3202377.54+'Pending Retirements'!D12 -> 3197477 | I11: 3164465.5 | J11: 3179142.2 | K11: =3188482.36+'Pending Retirements'!E12 -> 3183766.4 | L11: 3202006.1 | M11: 3109234.5 | N11: =3038707.9+'Pending Retirements'!F12 -> 3037470.3
A12: 36802 | B12: =13720625.98+'Pending Retirements'!B13 -> 13675338 | C12: 13728748 | D12: 13742354 | E12: =13756687.86+'Pending Retirements'!C13 -> 13713770 | F12: 13794412 | G12: 13808382 | H12: =13827505.28+'Pending Retirements'!D13 -> 13740608 | I12: 13830647 | J12: 13846807 | K12: =13868829.59+'Pending Retirements'!E13 -> 13780445 | L12: 13891000 | M12: 13907379 | N12: =13925619.28+'Pending Retirements'!F13 -> 13842228
A13: 36803 | B13: =10774079.52+'Pending Retirements'!B14 -> 10761962 | C13: 10802020 | D13: 10829178 | E13: =10855086.3+'Pending Retirements'!C14 -> 10842760 | F13: 10883423 | G13: 10913084 | H13: =10941015.57+'Pending Retirements'!D14 -> 10928841 | I13: 10971017 | J13: 11001032 | K13: =11031313.01+'Pending Retirements'!E14 -> 11019138 | L13: 11061786 | M13: 11092368 | N13: =11123342+'Pending Retirements'!F14 -> 11110094
A14: 36901 | B14: =8755735.83+'Pending Retirements'!B15 -> 8731248.5 | C14: 8786731.6 | D14: 8817896.6 | E14: =8846132.97+'Pending Retirements'!C15 -> 8834954.8 | F14: 8876906.2 | G14: 8907181.6 | H14: =8932530.95+'Pending Retirements'!D15 -> 8924902 | I14: 8964561.7 | J14: 8997484.6 | K14: =9030468.25+'Pending Retirements'!E15 -> 9017916.3 | L14: 9063476.2 | M14: 9009505.1 | N14: =9019284.88+'Pending Retirements'!F15 -> 9016267
A15: 36902 | B15: =10164109.78+'Pending Retirements'!B16 -> 10160773 | C15: 10219811 | D15: 10275574 | E15: =10331021.09+'Pending Retirements'!C16 -> 10329133 | F15: 10386907 | G15: 10443672 | H15: =10484622.91+'Pending Retirements'!D16 -> 10484600 | I15: 10541960 | J15: 10599398 | K15: =10657196.46+'Pending Retirements'!E16 -> 10656372 | L15: 10715148 | M15: 10772081 | N15: 10825842
A16: 37001 | B16: 1305200.2 | C16: 1321816 | D16: 1338649.5 | E16: 1355358 | F16: 1372141.3 | G16: 1388999.2 | H16: 1406006 | I16: 1423000.7 | J16: 1440017.6 | K16: 1457037.5 | L16: 1474047.4 | M16: 1491120.6 | N16: 1508185.8
A17: 37002 | B17: 0 | C17: 0 | D17: 0 | E17: 0 | F17: 0 | G17: 0 | H17: 0 | I17: 0 | J17: 0 | K17: 0 | L17: 0 | M17: 0 | N17: 0
A18: 37004 | B18: 6699008.7 | C18: 6418503.8 | D18: 6452752.7 | E18: 6552124.9 | F18: 6651734.4 | G18: 6751539.6 | H18: 6851322.7 | I18: 6695457 | J18: 6792658.3 | K18: 6890675.6 | L18: 6990802.2 | M18: 6916248.8 | N18: 7025012.4
A19: 37100 | B19: =1331735.97+'Pending Retirements'!B17 -> 1317930 | C19: 1333257.5 | D19: 1334780.7 | E19: =1336179.46+'Pending Retirements'!C17 -> 1321791.2 | F19: 1334536.1 | G19: 1334038.2 | H19: =1335948.76+'Pending Retirements'!D17 -> 1329873.8 | I19: 1335243.8 | J19: 1336782.4 | K19: =1338339.23+'Pending Retirements'!E17 -> 1333191.5 | L19: 1339906.1 | M19: 1341479.3 | N19: =1322982.54+'Pending Retirements'!F17 -> 1320775.6
A20: 37300 | B20: =6076672.54+'Pending Retirements'!B18 -> 6048817 | C20: 6093719.9 | D20: 6111082.4 | E20: =6127570.58+'Pending Retirements'!C18 -> 6104711.5 | F20: 6144221.4 | G20: 6157649.8 | H20: =6171081.06+'Pending Retirements'!D18 -> 6152572.7 | I20: 6188690.9 | J20: 6206262.8 | K20: =6223793.78+'Pending Retirements'!E18 -> 6199348.1 | L20: 6240248.2 | M20: 6255343.3 | N20: =6224341.19+'Pending Retirements'!F18 -> 6218251.6
A21: Total Distribution | B21: =SUM(B4:B20) -> 1.5275712e+08 | C21: =SUM(C4:C20) -> 1.5346468e+08 | D21: =SUM(D4:D20) -> 1.5402377e+08 | E21: =SUM(E4:E20) -> 1.543224e+08 | F21: =SUM(F4:F20) -> 1.5534312e+08 | G21: =SUM(G4:G20) -> 1.5573985e+08 | H21: =SUM(H4:H20) -> 1.5474974e+08 | I21: =SUM(I4:I20) -> 1.562554e+08 | ... N21: =SUM(N4:N20) -> 1.5693014e+08 | O21: =AVERAGE(B21:N21) -> 1.556897e+08
A23: General & Intagible
A24: 30100 | B24: 185731.42 | C24: 186420.93 | D24: 187110.41 | E24: 187799.92 | F24: 188489.4 | G24: 189178.91 | H24: 189868.39 | I24: 190557.9 | J24: 191247.38 | K24: 191936.86 | L24: 192626.37 | M24: 193315.85 | N24: 194005.36
A25: 30201 | B25: 0 | C25: 0 | D25: 0 | E25: 0 | F25: 0 | G25: 0 | H25: 0 | I25: 0 | J25: 0 | K25: 0 | L25: 0 | M25: 0 | N25: 0
A26: 30301 | B26: 40041.77 | C26: 40041.77 | D26: 40041.77 | E26: 40041.77 | F26: 40041.77 | G26: 40041.77 | H26: 40041.77 | I26: 40041.77 | J26: 40041.77 | K26: 40041.77 | L26: 40041.77 | M26: 40041.77 | N26: 40041.77
A27: 30303 | B27: 0 | C27: 0 | D27: 0 | E27: 0 | F27: 0 | G27: 0 | H27: 0 | I27: 0 | J27: 0 | K27: 0 | L27: 0 | M27: 0 | N27: 0
A28: 31001 | B28: 0 | C28: 0 | D28: 0 | E28: 0 | F28: 0 | G28: 0 | H28: 0 | I28: 0 | J28: 0 | K28: 0 | L28: 0 | M28: 0 | N28: 0
A29: 31002 | B29: -1526.96 | C29: -1526.96 | D29: -1526.96 | E29: -1526.96 | F29: -1526.96 | G29: -1526.96 | H29: -1526.96 | I29: -1526.96 | J29: -1526.96 | K29: -1526.96 | L29: -1526.96 | M29: -1526.96 | N29: -1526.96
A30: 36001 | B30: -385.8 | C30: -385.8 | D30: -385.8 | E30: -385.8 | F30: -385.8 | G30: -385.8 | H30: -385.8 | I30: -385.8 | J30: -385.8 | K30: -385.8 | L30: -385.8 | M30: -385.8 | N30: -388.95
A31: 36002 | B31: -4.18 | C31: -4.18 | D31: -4.18 | E31: -4.18 | F31: -4.18 | G31: -4.18 | H31: -4.18 | I31: -4.18 | J31: -4.18 | K31: -4.18 | L31: -4.18 | M31: -4.18 | N31: -4.18
A32: 38901 | B32: 0 | C32: 0 | D32: 0 | E32: 0 | F32: 0 | G32: 0 | H32: 0 | I32: 604.42 | J32: -5241.08 | K32: -5241.08 | L32: -5241.08 | M32: -5241.08 | N32: -5241.08
A33: 38902 | B33: 0 | C33: 0 | D33: 0 | E33: 0 | F33: 0 | G33: 0 | H33: 0 | I33: 0 | J33: 0 | K33: 0 | L33: 0 | M33: 0 | N33: 0
A34: 39001 | B34: =5048243.26+'Pending Retirements'!B19 -> 4952414.4 | C34: 5068188.5 | D34: 5088133.8 | E34: =5108045.33+'Pending Retirements'!C19 -> 5012216.5 | F34: 5127923.1 | G34: 5147800.8 | H34: =5167807.48+'Pending Retirements'!D19 -> 5071978.6 | I34: 4984612.3 | J34: 5004995 | K34: 5025377.7 | L34: 5045795 | M34: 5066246.9 | N34: 5086569.3
A35: 39051 | B35: 397368.72 | C35: 402124.92 | D35: 406881.12 | E35: 411637.32 | F35: 416393.52 | G35: 421149.72 | H35: 425905.92 | I35: 430662.12 | J35: 435418.32 | K35: 440174.52 | L35: 444930.72 | M35: 449686.92 | N35: 454443.12
A36: 39101 | B36: 1090647.9 | C36: 1100888.5 | D36: 1111129.2 | E36: 1121445.4 | F36: 1131837.3 | G36: 1141051.1 | H36: 1151436.1 | I36: 1160519.8 | J36: 1168302 | K36: 1176084.3 | L36: 1183866.6 | M36: 1191648.8 | N36: 1199313.5
A37: 39103 | B37: 110516.14 | C37: 139459.67 | D37: 168916.2 | E37: 198372.73 | F37: 199538.62 | G37: 226940.61 | H37: 252821.52 | I37: 278702.43 | J37: 304583.34 | K37: 330464.25 | L37: 357022.66 | M37: 384258.57 | N37: 416488.81
A38: 39104 | B38: 12735.4 | C38: 12961.35 | D38: 13187.3 | E38: 13413.25 | F38: 13639.2 | G38: 13865.15 | H38: 14091.1 | I38: 14317.05 | J38: 14543 | K38: 12034 | L38: 12034 | M38: 12034 | N38: 12034
A39: 39105 | B39: 0 | C39: 0 | D39: 0 | E39: 0 | F39: 0 | G39: 0 | H39: 0 | I39: 0 | J39: 0 | K39: 0 | L39: 0 | M39: 0 | N39: 0
A40: 39107 | B40: -10275.93 | C40: -10275.93 | D40: -10275.93 | E40: -10275.93 | F40: -10275.93 | G40: -10275.93 | H40: -10275.93 | I40: -10275.93 | J40: -10275.93 | K40: -10275.93 | L40: -10275.93 | M40: -10275.93 | N40: -10275.93
A41: 39159 | B41: 0 | C41: 0 | D41: 0 | E41: 0 | F41: 0 | G41: 0 | H41: 0 | I41: 0 | J41: 0 | K41: 0 | L41: 0 | M41: 0 | N41: 0
A42: 39201 | B42: 41602.21 | C42: 42813.38 | D42: 44024.55 | E42: 45235.72 | F42: 46446.89 | G42: 47658.06 | H42: 48869.23 | I42: 51290.74 | J42: 53712.25 | K42: 52502.74 | L42: 53713.91 | M42: 54925.08 | N42: 56136.25
A43: 39202 | B43: 55399.39 | C43: 55399.39 | D43: 55399.39 | E43: 55399.39 | F43: 55399.39 | G43: 55399.39 | H43: 55399.39 | I43: 55399.39 | J43: 55399.39 | K43: 55399.39 | L43: 55399.39 | M43: 55399.39 | N43: 55399.39
A44: 39203 | B44: 2421384.6 | C44: 2454853.9 | D44: 2488346.2 | E44: 2520701.9 | F44: 2561806.7 | G44: 2589647.6 | H44: 2622701.8 | I44: 2636811.9 | J44: 2669584.5 | K44: 2703380.4 | L44: 2737864.9 | M44: 2772856.9 | N44: 2807716.2
A45: 39204 | B45: 984431.5 | C45: 1002686.3 | D45: 1020965.9 | E45: 1039338.5 | F45: 1057825.9 | G45: 1020841.1 | H45: 1038632.8 | I45: 1039315.4 | J45: 1056961.3 | K45: 1074607.2 | L45: 1092253.2 | M45: 1109899.2 | N45: 1128141
A46: 39205 | B46: 5377038.3 | C46: 5458005.2 | D46: 5548598.3 | E46: 5641436.9 | F46: 5735428.6 | G46: 5807360.8 | H46: 5902893.4 | I46: 6004329 | J46: 6111576.1 | K46: 6219427 | L46: 6327536.7 | M46: 6435708.3 | N46: 6544256.2
... A52: 39601 | B52: 310960.57 | C52: 310960.57 | D52: 310960.57 | E52: 310960.57 | F52: 310960.57 | G52: 310960.57 | H52: 310960.57 | I52: 310960.57 | J52: 310960.57 | K52: 310960.57 | L52: 310960.57 | M52: 310960.57 | N52: 310960.57
A53: 39602 | B53: 903237.37 | C53: 912434.2 | D53: 921631.03 | E53: 930948.39 | F53: 940386.29 | G53: 949824.19 | H53: 959262.09 | I53: 968699.99 | J53: 978148.66 | K53: 987608.12 | L53: 997067.58 | M53: 1006527 | N53: =1163248.43+T53 -> 1015851.8 | O53: 139602 - Power Operating Equipment - Long Life | T53: -147396.58
A54: 39700 | B54: 737383.8 | C54: 746561.85 | D54: 755739.9 | E54: 464721.36 | F54: 471748.23 | G54: 478775.1 | H54: 485801.97 | I54: 492828.84 | J54: 499855.71 | K54: 506882.58 | L54: 513909.45 | M54: 389076.07 | N54: 395394.94
A55: 39710 | B55: 1040073.5 | C55: 1048739.1 | D55: 1057404.7 | E55: 1066070.3 | F55: 1074735.9 | G55: 1083401.6 | H55: 1092067.2 | I55: 1100732.8 | J55: 1109398.4 | K55: 1120269.7 | L55: 1128951.1 | M55: 1137632.5 | N55: 1146424.5
A56: 39800 | B56: 86491.32 | C56: 87122.5 | D56: 87753.68 | E56: 88432.99 | F56: 89160.43 | G56: 89887.87 | H56: 90615.31 | I56: 91342.75 | J56: 92070.19 | K56: 92797.63 | L56: 93525.07 | M56: 94252.51 | N56: 95075.34
A57: Total General & Intangible | B57: =SUM(B24:B56) -> 19447696 | C57: =SUM(C24:C56) -> 19776452 | D57: =SUM(D24:D56) -> 19976985 | E57: =SUM(E24:E56) -> 19818268 | F57: =SUM(F24:F56) -> 20128463 | G57: =SUM(G24:G56) -> 20287010 | H57: =SUM(H24:H56) -> 20433203 | I57: =SUM(I24:I56) -> 20449906 | ... N57: =SUM(N24:N56) -> 21578015 | O57: =AVERAGE(B57:N57) -> 20465274
A59: Production
A60: 31100 | B60: 0 | C60: 0 | D60: 0 | E60: 0 | F60: 0 | G60: 0 | H60: 0 | I60: 0 | J60: 0 | K60: 0 | L60: 0 | M60: 0 | N60: 0
A61: 31201 | B61: 0 | C61: 0 | D61: 0 | E61: 0 | F61: 0 | G61: 0 | H61: 0 | I61: 0 | J61: 0 | K61: 0 | L61: 0 | M61: 0 | N61: 0
A62: 31202 | B62: 0 | C62: 0 | D62: 0 | E62: 0 | F62: 0 | G62: 0 | H62: 0 | I62: 0 | J62: 0 | K62: 0 | L62: 0 | M62: 0 | N62: 0
A63: 31209 | B63: 0 | C63: 0 | D63: 0 | E63: 0 | F63: 0 | G63: 0 | H63: 0 | I63: 0 | J63: 0 | K63: 0 | L63: 0 | M63: 0 | N63: 0
A64: 31400 | B64: -0.01 | C64: -0.01 | D64: -0.01 | E64: -0.01 | F64: -0.01 | G64: -0.01 | H64: -0.01 | I64: -0.01 | J64: -0.01 | K64: -0.01 | L64: -0.01 | M64: -0.01 | N64: -0.01
A65: 31500 | B65: 40269.41 | C65: 40269.41 | D65: 40269.41 | E65: 40269.41 | F65: 40269.41 | G65: 40269.41 | H65: 40269.41 | I65: 40269.41 | J65: 40269.41 | K65: 40269.41 | L65: 40269.41 | M65: 40269.41 | N65: 40269.41
A66: 31600 | B66: 0 | C66: 0 | D66: 0 | E66: 0 | F66: 0 | G66: 0 | H66: 0 | I66: 0 | J66: 0 | K66: 0 | L66: 0 | M66: 0 | N66: 0
A67: 34001 | B67: 0 | C67: 0 | D67: 0 | E67: 0 | F67: 0 | G67: 0 | H67: 0 | I67: 0 | J67: 0 | K67: 0 | L67: 0 | M67: 0 | N67: 0
A68: 34002 | B68: 0 | C68: 0 | D68: 0 | E68: 0 | F68: 0 | G68: 0 | H68: 0 | I68: 0 | J68: 0 | K68: 0 | L68: 0 | M68: 0 | N68: 0
A69: 34003 | B69: 2416866.1 | C69: 2434914.7 | D69: 2452963.4 | E69: 2471012.1 | F69: 2489060.7 | G69: 2507109.4 | H69: 2525158.1 | I69: 2543206.8 | J69: 2561255.4 | K69: 2579304.1 | L69: 2597352.8 | M69: 2615401.4 | N69: 2633450.1
A70: 34100 | B70: 4690604 | C70: 4733780.5 | D70: 4776957.1 | E70: 4820109.3 | F70: 4863237.3 | G70: 4906365.2 | H70: 4949191.8 | I70: 4991717.1 | J70: 5034242.4 | K70: 5076767.7 | L70: 5119321.8 | M70: 5161904.8 | N70: 5204487.7
A71: 34200 | B71: 3083632.7 | C71: 3109887.5 | D71: 3136142.3 | E71: 3162397.1 | F71: 3188651.9 | G71: 3214906.7 | H71: 3241161.5 | I71: 3267416.3 | J71: 3293671.1 | K71: 3319925.9 | L71: 3346180.7 | M71: 3372435.5 | N71: 3398690.3
A72: 34300 | B72: 1380063.6 | C72: 1389307.1 | D72: 1398550.7 | E72: 1407794.2 | F72: 1417037.8 | G72: 1426281.3 | H72: 1435524.8 | I72: 1444768.4 | J72: 1454011.9 | K72: 1463255.5 | L72: 1472499.1 | M72: 1481742.6 | N72: 1490986.1
A73: 34410 | B73: =101109668.81+'Pending Retirements'!B2 -> 95337982 | C73: 1.0185523e+08 | D73: 1.0296849e+08 | E73: =104061509.83+'Pending Retirements'!C2 -> 98636347 | F73: 99518867 | G73: 1.0061571e+08 | H73: =101472493.69+'Pending Retirements'!D2 -> 1.0145899e+08 | I73: 1.0257104e+08 | J73: 1.0366959e+08 | K73: =104736328.61+'Pending Retirements'!E2 -> 1.0473133e+08 | L73: 1.0581666e+08 | M73: 1.0691515e+08 | N73: =108009629.38+'Pending Retirements'!F2 -> 1.0785957e+08
A74: 34500 | B74: 6212655.8 | C74: 6266328.7 | D74: 6319750.3 | E74: 6373171.8 | F74: 6426593.4 | G74: 6480014.9 | H74: 6533436.5 | I74: 6587032.7 | J74: 6640803.5 | K74: 6663645.3 | L74: 6717358.2 | M74: 6771071.1 | N74: 6824784
A75: 34600 | B75: 451609.05 | C75: 459056.64 | D75: 466504.23 | E75: 473951.82 | F75: 481399.41 | G75: 488847 | H75: 496294.59 | I75: 503771.03 | J75: 511276.31 | K75: 518781.59 | L75: 526258.03 | M75: 533705.62 | N75: 541153.21
A76: Total Production | B76: =SUM(B60:B75) -> 1.1361368e+08 | C76: =SUM(C60:C75) -> 1.2028877e+08 | D76: =SUM(D60:D75) -> 1.2155962e+08 | E76: =SUM(E60:E75) -> 1.1738505e+08 | F76: =SUM(F60:F75) -> 1.1842512e+08 | G76: =SUM(G60:G75) -> 1.196795e+08 | H76: =SUM(H60:H75) -> 1.2068003e+08 | I76: =SUM(I60:I75) -> 1.2194923e+08 | ... N76: =SUM(N60:N75) -> 1.2799339e+08 | O76: =AVERAGE(B76:N76) -> 1.2166926e+08
A78: Transmission
A79: 35001 | B79: -10341.97 | C79: -10341.97 | D79: -10341.97 | E79: -10341.97 | F79: -10341.97 | G79: -10341.97 | H79: -10341.97 | I79: -10341.97 | J79: -10341.97 | K79: -10341.97 | L79: -10341.97 | M79: -10341.97 | N79: -10314.83
A80: 35002 | B80: -17462.24 | C80: -17462.24 | D80: -17462.24 | E80: -17462.24 | F80: -17462.24 | G80: -17462.24 | H80: -17462.24 | I80: -17462.24 | J80: -17462.24 | K80: -17462.24 | L80: -17462.24 | M80: -17462.24 | N80: -17462.24
A81: 35200 | B81: 2013981.8 | C81: 2026777.5 | D81: 2039573.3 | E81: 2052369 | F81: 2065164.7 | G81: 2077960.5 | H81: 2090756.2 | I81: 2103551.9 | J81: 2116347.7 | K81: 2129143.4 | L81: 2141939.1 | M81: 2154748.4 | N81: 2167783.6
A82: 35259 | B82: -866030.83 | C82: -863621.42 | D82: -861212.01 | E82: -858802.6 | F82: -856393.19 | G82: -853983.78 | H82: -851574.37 | I82: -849164.96 | J82: -846755.55 | K82: -844346.14 | L82: -841936.73 | M82: -839527.32 | N82: -837117.91
A83: 35300 | B83: =31069640.72+'Pending Retirements'!B3 -> 31004662 | C83: 30785148 | D83: 30917906 | E83: 31050672 | F83: 31185222 | G83: 31325841 | H83: =31462584.32+'Pending Retirements'!D3 -> 31382341 | I83: 31599417 | J83: 31736270 | K83: =31873085.72+'Pending Retirements'!E3 -> 31792843 | L83: 32009906 | M83: 32052104 | N83: =32192050.96+'Pending Retirements'!F3+'Pending Retirements'!F4 -> 32068245
A84: 35359 | B84: 2171779.9 | C84: 2175533.4 | D84: 2179286.9 | E84: 2183040.3 | F84: 2186793.8 | G84: 2190547.3 | H84: 2194300.8 | I84: 2198054.3 | J84: 2201807.7 | K84: 2205561.2 | L84: 2209314.7 | M84: 2213068.2 | N84: 2216821.7
A85: 35400 | B85: 0 | C85: 0 | D85: 0 | E85: 0 | F85: 0 | G85: 0 | H85: 0 | I85: 0 | J85: 0 | K85: 0 | L85: 0 | M85: 0 | N85: 0
A86: 35500 | B86: =5504314.83+'Pending Retirements'!B5 -> 5025600.5 | C86: 4472577.3 | D86: 4542932.4 | E86: 4639854.9 | F86: 4744614.7 | G86: 4857383.6 | H86: =4971174.14+'Pending Retirements'!D5 -> 4683640.9 | I86: 5085800.9 | J86: 5200502.5 | K86: =5315191.17+'Pending Retirements'!E5 -> 5027657.9 | L86: 5429858.7 | M86: 5544191.2 | N86: =5303252.3+'Pending Retirements'!F5 -> 5303180.8
A87: 35600 | B87: =7062997.78+'Pending Retirements'!B6 -> 7046885.4 | C87: 6979914.5 | D87: 7072351.1 | E87: 7164696.6 | F87: 7260924.1 | G87: 7360977.5 | H87: =7461445.87+'Pending Retirements'!D6 -> 7314778.6 | I87: 7562322.9 | J87: 7663291.3 | K87: =7764308.21+'Pending Retirements'!E6 -> 7617640.9 | L87: 7865315.3 | M87: 7966159.6 | N87: =7886075.03+'Pending Retirements'!F6 -> 7862671.1
A88: 35700 | B88: 1174.44 | C88: 1174.44 | D88: 1174.44 | E88: 1178.66 | F88: 1187.1 | G88: 1195.54 | H88: 1203.98 | I88: 1212.42 | J88: 1212.42 | K88: 1212.42 | L88: 1212.42 | M88: 1212.42 | N88: 1212.42
A89: 35800 | B89: 260.28 | C89: 260.28 | D89: 260.28 | E89: 260.28 | F89: 260.28 | G89: 260.28 | H89: 260.28 | I89: 260.28 | J89: 260.28 | K89: 260.28 | L89: 260.28 | M89: 260.28 | N89: 260.28
A90: Total Transmission | B90: =SUM(B79:B89) -> 46370510 | C90: =SUM(C79:C89) -> 45549960 | D90: =SUM(D79:D89) -> 45864468 | E90: =SUM(E79:E89) -> 46205465 | F90: =SUM(F79:F89) -> 46559970 | G90: =SUM(G79:G89) -> 46932377 | H90: =SUM(H79:H89) -> 46787904 | I90: =SUM(I79:I89) -> 47673651 | ... N90: =SUM(N79:N89) -> 48755280 | O90: =AVERAGE(B90:N90) -> 47269182
A92: Total | B92: =SUM(B21,B57,B76,B90) -> 3.32189e+08 | C92: =SUM(C21,C57,C76,C90) -> 3.3907987e+08 | D92: =SUM(D21,D57,D76,D90) -> 3.4142484e+08 | E92: =SUM(E21,E57,E76,E90) -> 3.3773118e+08 | F92: =SUM(F21,F57,F76,F90) -> 3.4045667e+08 | G92: =SUM(G21,G57,G76,G90) -> 3.4263874e+08 | H92: =SUM(H21,H57,H76,H90) -> 3.4265087e+08 | I92: =SUM(I21,I57,I76,I90) -> 3.4632818e+08 | ... N92: =SUM(N21,N57,N76,N90) -> 3.5525683e+08 | O92: =AVERAGE(B92:N92) -> 3.4509341e+08
A94: Per Balance Sheet
A95: 108000 PLT IN SERV-ACCUM DEPREC-ORIG | B95: =+'Balance Sheet - Jan - Dec 2021'!M23 -> -313142690 | C95: =+'Balance Sheet - Jan - Dec 2022'!B23 -> -320870048 | D95: =+'Balance Sheet - Jan - Dec 2022'!C23 -> -322930896 | E95: =+'Balance Sheet - Jan - Dec 2022'!D23 -> -318927008 | F95: =+'Balance Sheet - Jan - Dec 2022'!E23 -> -321581670 | G95: =+'Balance Sheet - Jan - Dec 2022'!F23 -> -323657814 | H95: =+'Balance Sheet - Jan - Dec 2022'!G23 -> -323545288 | I95: =+'Balance Sheet - Jan - Dec 2022'!H23 -> -327129946 | J95: =+'Balance Sheet - Jan - Dec 2022'!I23 -> -329344330 | ... N95: =+'Balance Sheet - Jan - Dec 2022'!M23 -> -335117369
A96: 108002 PLT IN SERV-ACCUM DEPR-REM COS | B96: =+'Balance Sheet - Jan - Dec 2021'!M25 -> -17544513 | C96: =+'Balance Sheet - Jan - Dec 2022'!B25 -> -16701165 | D96: =+'Balance Sheet - Jan - Dec 2022'!C25 -> -16978442 | E96: =+'Balance Sheet - Jan - Dec 2022'!D25 -> -17281818 | F96: =+'Balance Sheet - Jan - Dec 2022'!E25 -> -17345789 | G96: =+'Balance Sheet - Jan - Dec 2022'!F25 -> -17444862 | H96: =+'Balance Sheet - Jan - Dec 2022'!G25 -> -17562670 | I96: =+'Balance Sheet - Jan - Dec 2022'!H25 -> -17647867 | J96: =+'Balance Sheet - Jan - Dec 2022'!I25 -> -18018638 | ... N96: =+'Balance Sheet - Jan - Dec 2022'!M25 -> -18560644
A97: 108006 ACCUM AMORT - INTANGIBLES | B97: =+'Balance Sheet - Jan - Dec 2021'!M26 -> -225773 | C97: =+'Balance Sheet - Jan - Dec 2022'!B26 -> -226463 | D97: =+'Balance Sheet - Jan - Dec 2022'!C26 -> -227152 | E97: =+'Balance Sheet - Jan - Dec 2022'!D26 -> -227842 | F97: =+'Balance Sheet - Jan - Dec 2022'!E26 -> -228531 | G97: =+'Balance Sheet - Jan - Dec 2022'!F26 -> -229221 | H97: =+'Balance Sheet - Jan - Dec 2022'!G26 -> -229910 | I97: =+'Balance Sheet - Jan - Dec 2022'!H26 -> -230600 | J97: =+'Balance Sheet - Jan - Dec 2022'!I26 -> -231289 | ... N97: =+'Balance Sheet - Jan - Dec 2022'!M26 -> -234047
A98: 111000 PLT IN SERV-ACC AMORT -REGUTIL | B98: =+'Balance Sheet - Jan - Dec 2021'!M29 -> -1276028 | C98: =+'Balance Sheet - Jan - Dec 2022'!B29 -> -1282191 | D98: =+'Balance Sheet - Jan - Dec 2022'!C29 -> -1288354 | E98: =+'Balance Sheet - Jan - Dec 2022'!D29 -> -1294517 | F98: =+'Balance Sheet - Jan - Dec 2022'!E29 -> -1300679 | G98: =+'Balance Sheet - Jan - Dec 2022'!F29 -> -1306842 | H98: =+'Balance Sheet - Jan - Dec 2022'!G29 -> -1313005 | I98: =+'Balance Sheet - Jan - Dec 2022'!H29 -> -1319773 | J98: =+'Balance Sheet - Jan - Dec 2022'!I29 -> -1320090 | ... N98: =+'Balance Sheet - Jan - Dec 2022'!M29 -> -1344766
A99: Total | B99: =SUM(B95:B98) -> -332189004 | C99: =SUM(C95:C98) -> -339079867 | D99: =SUM(D95:D98) -> -341424844 | E99: =SUM(E95:E98) -> -337731185 | F99: =SUM(F95:F98) -> -340456669 | G99: =SUM(G95:G98) -> -342638739 | H99: =SUM(H95:H98) -> -342650873 | I99: =SUM(I95:I98) -> -346328186 | ... N99: =SUM(N95:N98) -> -355256826
A102: Variance | B102: =+B92+B99 -> -0.11999995 | C102: =+C92+C99 -> -0.48000002 | D102: =+D92+D99 -> -0.040000021 | E102: =+E92+E99 -> -0.41999996 | F102: =+F92+F99 -> 0.69999999 | G102: =+G92+G99 -> -0.58999997 | H102: =+H92+H99 -> 0.090000033 | I102: =+I92+I99 -> -1.16 | ... N102: =+N92+N99 -> -0.80000001
A104: 119993 SC ACCUM DEPR ALLOC CCA | B104: 0 | C104: =-'Balance Sheet - Jan - Dec 2022'!B30 -> 0 | D104: =-'Balance Sheet - Jan - Dec 2022'!C30 -> 0 | E104: =-'Balance Sheet - Jan - Dec 2022'!D30 -> 105822 | F104: =-'Balance Sheet - Jan - Dec 2022'!E30 -> 76821 | G104: =-'Balance Sheet - Jan - Dec 2022'!F30 -> 81825 | H104: =-'Balance Sheet - Jan - Dec 2022'!G30 -> 86823 | I104: =-'Balance Sheet - Jan - Dec 2022'!H30 -> 91815 | J104: =-'Balance Sheet - Jan - Dec 2022'!I30 -> 97021 | ... N104: =-'Balance Sheet - Jan - Dec 2022'!M30 -> 126584
A105: 119998 UHC ACC DEPR CUR ALLOC | B105: =-'Balance Sheet - Jan - Dec 2021'!M30 -> 2236110 | C105: =-'Balance Sheet - Jan - Dec 2022'!B31 -> 2195122 | D105: =-'Balance Sheet - Jan - Dec 2022'!C31 -> 2194948 | E105: =-'Balance Sheet - Jan - Dec 2022'!D31 -> 2194992 | F105: =-'Balance Sheet - Jan - Dec 2022'!E31 -> 2194975 | G105: =-'Balance Sheet - Jan - Dec 2022'!F31 -> 2195032 | H105: =-'Balance Sheet - Jan - Dec 2022'!G31 -> 2195132 | I105: =-'Balance Sheet - Jan - Dec 2022'!H31 -> 2195215 | J105: =-'Balance Sheet - Jan - Dec 2022'!I31 -> 2195313 | ... N105: =-'Balance Sheet - Jan - Dec 2022'!M31 -> 1921877
A106: 119999 COMMON UTIL-ACC DEPR-ALLOC | B106: =-'Balance Sheet - Jan - Dec 2021'!M31 -> 1252846 | C106: =-'Balance Sheet - Jan - Dec 2022'!B32 -> 1539634 | D106: =-'Balance Sheet - Jan - Dec 2022'!C32 -> 1859924 | E106: =-'Balance Sheet - Jan - Dec 2022'!D32 -> 2002691 | F106: =-'Balance Sheet - Jan - Dec 2022'!E32 -> 2250478 | G106: =-'Balance Sheet - Jan - Dec 2022'!F32 -> 2402594 | H106: =-'Balance Sheet - Jan - Dec 2022'!G32 -> 2648018 | I106: =-'Balance Sheet - Jan - Dec 2022'!H32 -> 2748662 | J106: =-'Balance Sheet - Jan - Dec 2022'!I32 -> 3006998 | ... N106: =-'Balance Sheet - Jan - Dec 2022'!M32 -> 4220768
B107: =SUM(B104:B106) -> 3488956 | C107: =SUM(C104:C106) -> 3734756 | D107: =SUM(D104:D106) -> 4054872 | E107: =SUM(E104:E106) -> 4303505 | F107: =SUM(F104:F106) -> 4522274 | G107: =SUM(G104:G106) -> 4679451 | H107: =SUM(H104:H106) -> 4929973 | I107: =SUM(I104:I106) -> 5035692 | ... N107: =SUM(N104:N106) -> 6269229 | O107: =AVERAGE(B107:N107) -> 5028451.1
E110: Accumulated Depreciation
A112: Line No | B112: Month | C112: reserved | D112: reserved | E112: Production | F112: Transmission | G112: Distribution | H112: General & Intangible | I112: Common | J112: Total
B113: (a) | C113: (b) | D113: (c) | E113: (d) | F113: (e) | G113: (f) | H113: (g) | I113: (h)
B114: FN1 Reference for Dec | E114: 219.20-24.c Excluding ARO | F114: 219.25.c Excluding ARO | G114: 219.26.c Excluding ARO | H114: 219.28.c & 200.21.c Excluding ARO | I114: 201.14.e,f,g,h (Note I) Excluding ARO
A115: 15 | B115: December Prior Year | E115: =+B76-'Accum Pivot'!B138 -> 1.131645e+08 | F115: =+B90-'Accum Pivot'!B139 -> 46193935 | G115: =+B21-'Accum Pivot'!B136 -> 1.5217953e+08 | H115: =+B57-'Accum Pivot'!B120-'Accum Pivot'!B137-'Accum Pivot'!B116 -> 19353546 | I115: =+B107 -> 3488956
A116: 16 | B116: January | E116: =+C76-'Accum Pivot'!C138 -> 1.1983361e+08 | F116: =+C90-'Accum Pivot'!C139 -> 45377603 | G116: =+C21-'Accum Pivot'!C136 -> 1.5288399e+08 | H116: =+C57-'Accum Pivot'!C120-'Accum Pivot'!C137-'Accum Pivot'!C116 -> 20491695 | I116: =+C107 -> 3734756
A117: 17 | B117: February | E117: =+D76-'Accum Pivot'!D138 -> 1.2110062e+08 | F117: =+D90-'Accum Pivot'!D139 -> 45691285 | G117: =+D21-'Accum Pivot'!D136 -> 1.5344218e+08 | H117: =+D57-'Accum Pivot'!D120-'Accum Pivot'!D137-'Accum Pivot'!D116 -> 20772310 | I117: =+D107 -> 4054872
...

Sheet Accum Pivot
A1: external_account_code | B1: (Multiple Items)
A3: Sum of end_bal | B3: Column Labels
B4: 2021 | C4: 2022
A5: Row Labels | B5: Dec | C5: Jan | D5: Feb | E5: Mar | F5: Apr | G5: May | H5: Jun | I5: Jul | J5: Aug | K5: Sep | L5: Oct | M5: Nov | N5: Dec
A6: Distribution
A7: 36100 | B7: 238149.72 | C7: 239847.5 | D7: 236452.09 | E7: 238160.18 | F7: 239868.27 | G7: 241576.36 | H7: 243284.45 | I7: 244992.54 | J7: 246700.63 | K7: 248408.72 | L7: 250116.81 | M7: 251824.9 | N7: 253946.76
A8: 36200 | B8: 14667701 | C8: 14652237 | D8: 14716774 | E8: 14781385 | F8: 14848786 | G8: 14914092 | H8: 14983516 | I8: 15053689 | J8: 15078424 | K8: 15148576 | L8: 15218770 | M8: 15292298 | N8: 15295828
A9: 36400 | B9: 29028577 | C9: 28992662 | D9: 29121667 | E9: 29318843 | F9: 29494413 | G9: 29420084 | H9: 29403881 | I9: 29475826 | J9: 29700291 | K9: 29876074 | L9: 30093041 | M9: 30251386 | N9: 29410034
A10: 36500 | B10: 27723428 | C10: 27788517 | D10: 27874575 | E10: 27932955 | F10: 28022532 | G10: 28109315 | H10: 28193031 | I10: 28205167 | J10: 28304883 | K10: 28402974 | L10: 28495482 | M10: 28595998 | N10: 27874172
A11: 36600 | B11: 5740183.2 | C11: 5770534.2 | D11: 5802755.9 | E11: 5832989.8 | F11: 5865218.2 | G11: 5898272 | H11: 5930063.6 | I11: 5889937.1 | J11: 5924109.8 | K11: 5958084.1 | L11: 5992202.1 | M11: 6026972.3 | N11: 5951991.5
A12: 36700 | B12: 14123051 | C12: 14139952 | D12: 14181401 | E12: 14186956 | F12: 14221080 | G12: 14248173 | H12: 14276766 | I12: 14270748 | J12: 14313694 | K12: 14351060 | L12: 14388319 | M12: 14431475 | N12: 14401331
A13: 36801 | B13: 3163736.5 | C13: 3176326 | D13: 3187871.8 | E13: 3200045.2 | F13: 3206941 | G13: 3203791 | H13: 3202377.5 | I13: 3164465.5 | J13: 3179142.2 | K13: 3188482.4 | L13: 3202006.1 | M13: 3109234.5 | N13: 3038707.9
A14: 36802 | B14: 13720626 | C14: 13728748 | D14: 13742354 | E14: 13756688 | F14: 13794412 | G14: 13808382 | H14: 13827505 | I14: 13830647 | J14: 13846807 | K14: 13868830 | L14: 13891000 | M14: 13907379 | N14: 13925619
A15: 36803 | B15: 10774080 | C15: 10802020 | D15: 10829178 | E15: 10855086 | F15: 10883423 | G15: 10913084 | H15: 10941016 | I15: 10971017 | J15: 11001032 | K15: 11031313 | L15: 11061786 | M15: 11092368 | N15: 11123342
A16: 36901 | B16: 8755735.8 | C16: 8786731.6 | D16: 8817896.6 | E16: 8846133 | F16: 8876906.2 | G16: 8907181.6 | H16: 8932531 | I16: 8964561.7 | J16: 8997484.6 | K16: 9030468.2 | L16: 9063476.2 | M16: 9009505.1 | N16: 9019284.9
A17: 36902 | B17: 10164110 | C17: 10219811 | D17: 10275574 | E17: 10331021 | F17: 10386907 | G17: 10443672 | H17: 10484623 | I17: 10541960 | J17: 10599398 | K17: 10657196 | L17: 10715148 | M17: 10772081 | N17: 10825842
A18: 37001 | B18: 1305200.2 | C18: 1321816 | D18: 1338649.5 | E18: 1355358 | F18: 1372141.3 | G18: 1388999.2 | H18: 1406006 | I18: 1423000.7 | J18: 1440017.6 | K18: 1457037.5 | L18: 1474047.4 | M18: 1491120.6 | N18: 1508185.8
... A22: 37300 | B22: 6076672.5 | C22: 6093719.9 | D22: 6111082.4 | E22: 6127570.6 | F22: 6144221.4 | G22: 6157649.8 | H22: 6171081.1 | I22: 6188690.9 | J22: 6206262.8 | K22: 6223793.8 | L22: 6240248.2 | M22: 6255343.3 | N22: 6224341.2
A23: General & Intagible
A24: 30100 | B24: 185731.42 | C24: 186420.93 | D24: 187110.41 | E24: 187799.92 | F24: 188489.4 | G24: 189178.91 | H24: 189868.39 | I24: 190557.9 | J24: 191247.38 | K24: 191936.86 | L24: 192626.37 | M24: 193315.85 | N24: 194005.36
A25: 30201 | B25: 0 | C25: 0 | D25: 0 | E25: 0 | F25: 0 | G25: 0 | H25: 0 | I25: 0 | J25: 0 | K25: 0 | L25: 0 | M25: 0 | N25: 0
A26: 30301 | B26: 40041.77 | C26: 40041.77 | D26: 40041.77 | E26: 40041.77 | F26: 40041.77 | G26: 40041.77 | H26: 40041.77 | I26: 40041.77 | J26: 40041.77 | K26: 40041.77 | L26: 40041.77 | M26: 40041.77 | N26: 40041.77
A27: 30302 | B27: -0.01 | C27: -0.01 | D27: -0.01 | E27: -0.01 | F27: -0.01 | G27: -0.01 | H27: -0.01 | I27: -0.01 | J27: -0.01 | K27: -0.01 | L27: -0.01 | M27: -0.01 | N27: -23.99
A28: 30303 | B28: 0 | C28: 0 | D28: 0 | E28: 0 | F28: 0 | G28: 0 | H28: 0 | I28: 0 | J28: 0 | K28: 0 | L28: 0 | M28: 0 | N28: 0
A29: 31001 | B29: 0 | C29: 0 | D29: 0 | E29: 0 | F29: 0 | G29: 0 | H29: 0 | I29: 0 | J29: 0 | K29: 0 | L29: 0 | M29: 0 | N29: 0
A30: 31002 | B30: -1526.96 | C30: -1526.96 | D30: -1526.96 | E30: -1526.96 | F30: -1526.96 | G30: -1526.96 | H30: -1526.96 | I30: -1526.96 | J30: -1526.96 | K30: -1526.96 | L30: -1526.96 | M30: -1526.96 | N30: -1526.96
A31: 36001 | B31: -385.8 | C31: -385.8 | D31: -385.8 | E31: -385.8 | F31: -385.8 | G31: -385.8 | H31: -385.8 | I31: -385.8 | J31: -385.8 | K31: -385.8 | L31: -385.8 | M31: -385.8 | N31: -388.95
A32: 36002 | B32: -4.18 | C32: -4.18 | D32: -4.18 | E32: -4.18 | F32: -4.18 | G32: -4.18 | H32: -4.18 | I32: -4.18 | J32: -4.18 | K32: -4.18 | L32: -4.18 | M32: -4.18 | N32: -4.18
A33: 38901 | B33: 0 | C33: 0 | D33: 0 | E33: 0 | F33: 0 | G33: 0 | H33: 0 | I33: 604.42 | J33: -5241.08 | K33: -5241.08 | L33: -5241.08 | M33: -5241.08 | N33: -5241.08
A34: 38902 | B34: 0 | C34: 0 | D34: 0 | E34: 0 | F34: 0 | G34: 0 | H34: 0 | I34: 0 | J34: 0 | K34: 0 | L34: 0 | M34: 0 | N34: 0
A35: 39001 | B35: 5048243.3 | C35: 5068188.5 | D35: 5088133.8 | E35: 5108045.3 | F35: 5127923.1 | G35: 5147800.8 | H35: 5167807.5 | I35: 4984612.3 | J35: 5004995 | K35: 5025377.7 | L35: 5045795 | M35: 5066246.9 | N35: 5086569.3
... A57: 39800 | B57: 86491.32 | C57: 87122.5 | D57: 87753.68 | E57: 88432.99 | F57: 89160.43 | G57: 89887.87 | H57: 90615.31 | I57: 91342.75 | J57: 92070.19 | K57: 92797.63 | L57: 93525.07 | M57: 94252.51 | N57: 95075.34
A58: Generation
A59: 31100 | B59: 0 | C59: 0 | D59: 0 | E59: 0 | F59: 0 | G59: 0 | H59: 0 | I59: 0 | J59: 0 | K59: 0 | L59: 0 | M59: 0 | N59: 0
A60: 31201 | B60: 0 | C60: 0 | D60: 0 | E60: 0 | F60: 0 | G60: 0 | H60: 0 | I60: 0 | J60: 0 | K60: 0 | L60: 0 | M60: 0 | N60: 0
A61: 31202 | B61: 0 | C61: 0 | D61: 0 | E61: 0 | F61: 0 | G61: 0 | H61: 0 | I61: 0 | J61: 0 | K61: 0 | L61: 0 | M61: 0 | N61: 0
A62: 31209 | B62: 0 | C62: 0 | D62: 0 | E62: 0 | F62: 0 | G62: 0 | H62: 0 | I62: 0 | J62: 0 | K62: 0 | L62: 0 | M62: 0 | N62: 0
A63: 31400 | B63: -0.01 | C63: -0.01 | D63: -0.01 | E63: -0.01 | F63: -0.01 | G63: -0.01 | H63: -0.01 | I63: -0.01 | J63: -0.01 | K63: -0.01 | L63: -0.01 | M63: -0.01 | N63: -0.01
A64: 31500 | B64: 40269.41 | C64: 40269.41 | D64: 40269.41 | E64: 40269.41 | F64: 40269.41 | G64: 40269.41 | H64: 40269.41 | I64: 40269.41 | J64: 40269.41 | K64: 40269.41 | L64: 40269.41 | M64: 40269.41 | N64: 40269.41
A65: 31600 | B65: 0 | C65: 0 | D65: 0 | E65: 0 | F65: 0 | G65: 0 | H65: 0 | I65: 0 | J65: 0 | K65: 0 | L65: 0 | M65: 0 | N65: 0
A66: 34001 | B66: 0 | C66: 0 | D66: 0 | E66: 0 | F66: 0 | G66: 0 | H66: 0 | I66: 0 | J66: 0 | K66: 0 | L66: 0 | M66: 0 | N66: 0
A67: 34002 | B67: 0 | C67: 0 | D67: 0 | E67: 0 | F67: 0 | G67: 0 | H67: 0 | I67: 0 | J67: 0 | K67: 0 | L67: 0 | M67: 0 | N67: 0
A68: 34003 | B68: 2416866.1 | C68: 2434914.7 | D68: 2452963.4 | E68: 2471012.1 | F68: 2489060.7 | G68: 2507109.4 | H68: 2525158.1 | I68: 2543206.8 | J68: 2561255.4 | K68: 2579304.1 | L68: 2597352.8 | M68: 2615401.4 | N68: 2633450.1
A69: 34100 | B69: 4690604 | C69: 4733780.5 | D69: 4776957.1 | E69: 4820109.3 | F69: 4863237.3 | G69: 4906365.2 | H69: 4949191.8 | I69: 4991717.1 | J69: 5034242.4 | K69: 5076767.7 | L69: 5119321.8 | M69: 5161904.8 | N69: 5204487.7
A70: 34200 | B70: 3083632.7 | C70: 3109887.5 | D70: 3136142.3 | E70: 3162397.1 | F70: 3188651.9 | G70: 3214906.7 | H70: 3241161.5 | I70: 3267416.3 | J70: 3293671.1 | K70: 3319925.9 | L70: 3346180.7 | M70: 3372435.5 | N70: 3398690.3
... A74: 34600 | B74: 451609.05 | C74: 459056.64 | D74: 466504.23 | E74: 473951.82 | F74: 481399.41 | G74: 488847 | H74: 496294.59 | I74: 503771.03 | J74: 511276.31 | K74: 518781.59 | L74: 526258.03 | M74: 533705.62 | N74: 541153.21
A75: Transmission
A76: 35001 | B76: -10341.97 | C76: -10341.97 | D76: -10341.97 | E76: -10341.97 | F76: -10341.97 | G76: -10341.97 | H76: -10341.97 | I76: -10341.97 | J76: -10341.97 | K76: -10341.97 | L76: -10341.97 | M76: -10341.97 | N76: -10314.83
A77: 35002 | B77: -17462.24 | C77: -17462.24 | D77: -17462.24 | E77: -17462.24 | F77: -17462.24 | G77: -17462.24 | H77: -17462.24 | I77: -17462.24 | J77: -17462.24 | K77: -17462.24 | L77: -17462.24 | M77: -17462.24 | N77: -17462.24
A78: 35200 | B78: 2013981.8 | C78: 2026777.5 | D78: 2039573.3 | E78: 2052369 | F78: 2065164.7 | G78: 2077960.5 | H78: 2090756.2 | I78: 2103551.9 | J78: 2116347.7 | K78: 2129143.4 | L78: 2141939.1 | M78: 2154748.4 | N78: 2167783.6
A79: 35259 | B79: -866030.83 | C79: -863621.42 | D79: -861212.01 | E79: -858802.6 | F79: -856393.19 | G79: -853983.78 | H79: -851574.37 | I79: -849164.96 | J79: -846755.55 | K79: -844346.14 | L79: -841936.73 | M79: -839527.32 | N79: -837117.91
A80: 35300 | B80: 31069641 | C80: 30785148 | D80: 30917906 | E80: 31050672 | F80: 31185222 | G80: 31325841 | H80: 31462584 | I80: 31599417 | J80: 31736270 | K80: 31873086 | L80: 32009906 | M80: 32052104 | N80: 32192051
A81: 35359 | B81: 2171779.9 | C81: 2175533.4 | D81: 2179286.9 | E81: 2183040.3 | F81: 2186793.8 | G81: 2190547.3 | H81: 2194300.8 | I81: 2198054.3 | J81: 2201807.7 | K81: 2205561.2 | L81: 2209314.7 | M81: 2213068.2 | N81: 2216821.7
A82: 35400 | B82: 0 | C82: 0 | D82: 0 | E82: 0 | F82: 0 | G82: 0 | H82: 0 | I82: 0 | J82: 0 | K82: 0 | L82: 0 | M82: 0 | N82: 0
A83: 35500 | B83: 5504314.8 | C83: 4472577.3 | D83: 4542932.4 | E83: 4639854.9 | F83: 4744614.7 | G83: 4857383.6 | H83: 4971174.1 | I83: 5085800.9 | J83: 5200502.5 | K83: 5315191.2 | L83: 5429858.7 | M83: 5544191.2 | N83: 5303252.3
A84: 35600 | B84: 7062997.8 | C84: 6979914.5 | D84: 7072351.1 | E84: 7164696.6 | F84: 7260924.1 | G84: 7360977.5 | H84: 7461445.9 | I84: 7562322.9 | J84: 7663291.3 | K84: 7764308.2 | L84: 7865315.3 | M84: 7966159.6 | N84: 7886075
A85: 35700 | B85: 1174.44 | C85: 1174.44 | D85: 1174.44 | E85: 1178.66 | F85: 1187.1 | G85: 1195.54 | H85: 1203.98 | I85: 1212.42 | J85: 1212.42 | K85: 1212.42 | L85: 1212.42 | M85: 1212.42 | N85: 1212.42
A86: 35800 | B86: 260.28 | C86: 260.28 | D86: 260.28 | E86: 260.28 | F86: 260.28 | G86: 260.28 | H86: 260.28 | I86: 260.28 | J86: 260.28 | K86: 260.28 | L86: 260.28 | M86: 260.28 | N86: 260.28
A87: #N/A
A88: 34105 | B88: 0 | C88: 0 | D88: 0 | E88: 0 | F88: 0 | G88: 0 | H88: 0 | I88: 0 | J88: 0 | K88: 0 | L88: 0 | M88: 0 | N88: 0
A89: 34451 | B89: 0 | C89: 0 | D89: 0 | E89: 0 | F89: 0 | G89: 0 | H89: 0 | I89: 0 | J89: 0 | K89: 0 | L89: 0 | M89: 0 | N89: 0
A90: 39207 | B90: 0 | C90: 0 | D90: 0 | E90: 0 | F90: 0 | G90: 0 | H90: 0 | I90: 0 | J90: 0 | K90: 0 | L90: 0 | M90: 0 | N90: 0
A91: 39208 | B91: 0 | C91: 0 | D91: 0 | E91: 0 | F91: 0 | G91: 0 | H91: 0 | I91: 0 | J91: 0 | K91: 0 | L91: 0 | M91: 0 | N91: 0
A92: 39209 | B92: 0 | C92: 0 | D92: 0 | E92: 0 | F92: 0 | G92: 0 | H92: 0 | I92: 0 | J92: 0 | K92: 0 | L92: 0 | M92: 0 | N92: 0
A93: EXT - | B93: 0 | C93: 0 | D93: 0 | E93: 0 | F93: 0 | G93: 0 | H93: 0 | I93: 0 | J93: 0 | K93: 0 | L93: 0 | M93: 0 | N93: 0
A94: nspec | B94: 0 | C94: 0 | D94: 0 | E94: 0 | F94: 0 | G94: 0 | H94: 0 | I94: 0 | J94: 0 | K94: 0 | L94: 0 | M94: 0 | N94: 0
B95: =SUM(B7:B94) -> 3.393712e+08 | C95: =SUM(C7:C94) -> 3.3907987e+08 | D95: =SUM(D7:D94) -> 3.4142484e+08 | E95: =SUM(E7:E94) -> 3.4358127e+08 | F95: =SUM(F7:F94) -> 3.4045667e+08 | G95: =SUM(G7:G94) -> 3.4263874e+08 | H95: =SUM(H7:H94) -> 3.4470786e+08 | I95: =SUM(I7:I94) -> 3.4632818e+08 | ... N95: =SUM(N7:N94) -> 3.5597202e+08
A100: Total Excluding Intangible
A101: Distribution Plant - Electric | B101: =SUM(B7:B22) -> 1.53512e+08 | C101: =SUM(C7:C22) -> 1.5346468e+08 | D101: =SUM(D7:D22) -> 1.5402377e+08 | E101: =SUM(E7:E22) -> 1.546515e+08 | F101: =SUM(F7:F22) -> 1.5534312e+08 | G101: =SUM(G7:G22) -> 1.5573985e+08 | H101: =SUM(H7:H22) -> 1.5618295e+08 | I101: =SUM(I7:I22) -> 1.562554e+08 | ... N101: =SUM(N7:N22) -> 1.5720062e+08
A102: General Plant - Electric | B102: =SUM(B30:B57) -> 19317752 | C102: =SUM(C30:C57) -> 19549989 | D102: =SUM(D30:D57) -> 19749833 | E102: =SUM(E30:E57) -> 19686255 | F102: =SUM(F30:F57) -> 19899932 | G102: =SUM(G30:G57) -> 20057789 | H102: =SUM(H30:H57) -> 20299122 | I102: =SUM(I30:I57) -> 20219307 | ... N102: =SUM(N30:N57) -> 21491365
A103: Generation Plant | B103: =SUM(B59:B74) -> 1.1938537e+08 | C103: =SUM(C59:C74) -> 1.2028877e+08 | D103: =SUM(D59:D74) -> 1.2155962e+08 | E103: =SUM(E59:E74) -> 1.2281022e+08 | F103: =SUM(F59:F74) -> 1.1842512e+08 | G103: =SUM(G59:G74) -> 1.196795e+08 | H103: =SUM(H59:H74) -> 1.2069353e+08 | I103: =SUM(I59:I74) -> 1.2194923e+08 | ... N103: =SUM(N59:N74) -> 1.2814345e+08
A104: Transmission Plant - Electric | B104: =SUM(B76:B86) -> 46930315 | C104: =SUM(C76:C86) -> 45549960 | D104: =SUM(D76:D86) -> 45864468 | E104: =SUM(E76:E86) -> 46205465 | F104: =SUM(F76:F86) -> 46559970 | G104: =SUM(G76:G86) -> 46932377 | H104: =SUM(H76:H86) -> 47302347 | I104: =SUM(I76:I86) -> 47673651 | ... N104: =SUM(N76:N86) -> 48902561
B105: =SUM(B101:B104) -> 3.3914543e+08 | C105: =SUM(C101:C104) -> 3.388534e+08 | D105: =SUM(D101:D104) -> 3.4119769e+08 | E105: =SUM(E101:E104) -> 3.4335343e+08 | F105: =SUM(F101:F104) -> 3.4022814e+08 | G105: =SUM(G101:G104) -> 3.4240952e+08 | H105: =SUM(H101:H104) -> 3.4447795e+08 | I105: =SUM(I101:I104) -> 3.4609759e+08 | ... N105: =SUM(N101:N104) -> 3.55738e+08
A107: Total Excluding Intangible
A108: Distribution Plant - Electric | B108: =+B101/B105 -> 0.45264356 | C108: =+C101/C105 -> 0.45289403 | D108: =+D101/D105 -> 0.45142089 | E108: =+E101/E105 -> 0.45041488 | F108: =+F101/F105 -> 0.45658516 | G108: =+G101/G105 -> 0.45483505 | H108: =+H101/H105 -> 0.45339027 | I108: =+I101/I105 -> 0.45147788 | ... N108: =+N101/N105 -> 0.4419
A109: General Plant - Electric | B109: =+B102/B105 -> 0.056960083 | C109: =+C102/C105 -> 0.057694534 | D109: =+D102/D105 -> 0.057883842 | E109: =+E102/E105 -> 0.05733525 | F109: =+F102/F105 -> 0.058489965 | G109: =+G102/G105 -> 0.058578363 | H109: =+H102/H105 -> 0.058927201 | I109: =+I102/I105 -> 0.058420826 | ... N109: =+N102/N105 -> 0.060413464
A110: Generation Plant | B110: =+B103/B105 -> 0.35201821 | C110: =+C103/C105 -> 0.35498765 | D110: =+D103/D105 -> 0.35627329 | E110: =+E103/E105 -> 0.35767872 | F110: =+F103/F105 -> 0.34807561 | G110: =+G103/G105 -> 0.34952154 | H110: =+H103/H105 -> 0.35036649 | I110: =+I103/I105 -> 0.35235503 | ... N110: =+N103/N105 -> 0.36021862
A111: Transmission Plant - Electric | B111: =+B104/B105 -> 0.13837814 | C111: =+C104/C105 -> 0.13442379 | D111: =+D104/D105 -> 0.13442198 | E111: =+E104/E105 -> 0.13457115 | F111: =+F104/F105 -> 0.13684926 | G111: =+G104/G105 -> 0.13706505 | H111: =+H104/H105 -> 0.13731604 | I111: =+I104/I105 -> 0.13774627 | ... N111: =+N104/N105 -> 0.13746792
A113: Accounts not in PowerPlant, but included in FF1 totals (these need to be allocated among functional classes):
A114: 108001 RETIREMENT WORK IN PROGRESS | B114: =+'Balance Sheet - Jan - Dec 2021'!M24 -> 1297496 | C114: =+'Balance Sheet - Jan - Dec 2022'!B24 -> 492973 | D114: =+'Balance Sheet - Jan - Dec 2022'!C24 -> 418455 | E114: =+'Balance Sheet - Jan - Dec 2022'!D24 -> 438506 | F114: =+'Balance Sheet - Jan - Dec 2022'!E24 -> 654591 | G114: =+'Balance Sheet - Jan - Dec 2022'!F24 -> 413124 | H114: =+'Balance Sheet - Jan - Dec 2022'!G24 -> 1481370 | I114: =+'Balance Sheet - Jan - Dec 2022'!H24 -> 1550496 | J114: =+'Balance Sheet - Jan - Dec 2022'!I24 -> 1556402 | ... N114: =+'Balance Sheet - Jan - Dec 2022'!M24 -> 261112
A115: 108304 ACCUMULATED DEPR-LEGAL ARO | B115: =+'Balance Sheet - Jan - Dec 2021'!M28 -> -2197786 | C115: =+'Balance Sheet - Jan - Dec 2022'!B28 -> -2222961 | D115: =+'Balance Sheet - Jan - Dec 2022'!C28 -> -2248137 | E115: =+'Balance Sheet - Jan - Dec 2022'!D28 -> -2273312 | F115: =+'Balance Sheet - Jan - Dec 2022'!E28 -> -2298487 | G115: =+'Balance Sheet - Jan - Dec 2022'!F28 -> -2323663 | H115: =+'Balance Sheet - Jan - Dec 2022'!G28 -> -2348838 | I115: =+'Balance Sheet - Jan - Dec 2022'!H28 -> -2374014 | J115: =+'Balance Sheet - Jan - Dec 2022'!I28 -> -2374014 | ... N115: =+'Balance Sheet - Jan - Dec 2022'!M28 -> -2499891
A116: 111000 PLT IN SERV-ACC AMORT -REGUTIL | B116: =+'Balance Sheet - Jan - Dec 2021'!M29 -> -1276028 | C116: =+'Balance Sheet - Jan - Dec 2022'!B29 -> -1282191 | D116: =+'Balance Sheet - Jan - Dec 2022'!C29 -> -1288354 | E116: =+'Balance Sheet - Jan - Dec 2022'!D29 -> -1294517 | F116: =+'Balance Sheet - Jan - Dec 2022'!E29 -> -1300679 | G116: =+'Balance Sheet - Jan - Dec 2022'!F29 -> -1306842 | H116: =+'Balance Sheet - Jan - Dec 2022'!G29 -> -1313005 | I116: =+'Balance Sheet - Jan - Dec 2022'!H29 -> -1319773 | J116: =+'Balance Sheet - Jan - Dec 2022'!I29 -> -1320090 | ... N116: =+'Balance Sheet - Jan - Dec 2022'!M29 -> -1344766
A118: (Box #1) 108001 Allocation:
A119: Distribution Plant - Electric | B119: 0 | C119: 0 | D119: 0 | E119: 0 | F119: 0 | G119: 0 | H119: 0 | I119: 0 | J119: 0 | K119: 0 | L119: 0 | M119: 0 | N119: 0
A120: General Plant - Electric | B120: =+B114 -> 1297496 | C120: =+C114 -> 492973 | D120: =+D114 -> 418455 | E120: =+E114 -> 438506 | F120: =+F114 -> 654591 | G120: =+G114 -> 413124 | H120: =+H114 -> 1481370 | I120: =+I114 -> 1550496 | ... N120: =+N114 -> 261112
A121: Generation Plant | B121: 0 | C121: 0 | D121: 0 | E121: 0 | F121: 0 | G121: 0 | H121: 0 | I121: 0 | J121: 0 | K121: 0 | L121: 0 | M121: 0 | N121: 0
A122: Transmission Plant - Electric | B122: 0 | C122: 0 | D122: 0 | E122: 0 | F122: 0 | G122: 0 | H122: 0 | I122: 0 | J122: 0 | K122: 0 | L122: 0 | M122: 0 | N122: 0
B123: =SUM(B119:B122)-B114 -> 0 | C123: =SUM(C119:C122)-C114 -> 0 | D123: =SUM(D119:D122)-D114 -> 0 | E123: =SUM(E119:E122)-E114 -> 0 | F123: =SUM(F119:F122)-F114 -> 0 | G123: =SUM(G119:G122)-G114 -> 0 | H123: =SUM(H119:H122)-H114 -> 0 | I123: =SUM(I119:I122)-I114 -> 0 | ... N123: =SUM(N119:N122)-N114 -> 0
A126: General Plant Allocator | B126: 0.0041761462 | C126: 0.0041761462 | D126: 0.0041761462 | E126: 0.0041761462 | F126: 0.0041761462 | G126: 0.0041761462 | H126: 0.0041761462 | I126: 0.0041761462 | J126: 0.0041761462 | K126: 0.0041761462 | L126: 0.0041761462 | M126: 0.0041761462 | N126: 0.0041761462
A127: Generation Allocator | B127: 0.99582385 | C127: 0.99582385 | D127: 0.99582385 | E127: 0.99582385 | F127: 0.99582385 | G127: 0.99582385 | H127: 0.99582385 | I127: 0.99582385 | J127: 0.99582385 | K127: 0.99582385 | L127: 0.99582385 | M127: 0.99582385 | N127: 0.99582385
A128: (Box #2) 108304 Allocation: | B128: This is ARO - included in FF1 but needs to be removed from the A4-Rate Base Accumulated Depreciation figures
A129: Distribution Plant - Electric
A130: General Plant - Electric | B130: =+B126*B115 -> -9178.2757 | C130: =+C126*C115 -> -9283.4102 | D130: =+D126*D115 -> -9388.5489 | E130: =+E126*E115 -> -9493.6833 | F130: =+F126*F115 -> -9598.8178 | G130: =+G126*G115 -> -9703.9565 | H130: =+H126*H115 -> -9809.091 | I130: =+I126*I115 -> -9914.2296 | ... N130: =+N126*N115 -> -10439.91
A131: Generation Plant | B131: =+B115*B127 -> -2188607.7 | C131: =+C115*C127 -> -2213677.6 | D131: =+D115*D127 -> -2238748.5 | E131: =+E115*E127 -> -2263818.3 | F131: =+F115*F127 -> -2288888.2 | G131: =+G115*G127 -> -2313959 | H131: =+H115*H127 -> -2339028.9 | I131: =+I115*I127 -> -2364099.8 | ... N131: =+N115*N127 -> -2489451.1
A132: Transmission Plant - Electric
B133: =SUM(B129:B132)-B115 -> 0 | C133: =SUM(C129:C132)-C115 -> 0 | D133: =SUM(D129:D132)-D115 -> 0 | E133: =SUM(E129:E132)-E115 -> 0 | F133: =SUM(F129:F132)-F115 -> 0 | G133: =SUM(G129:G132)-G115 -> 0 | H133: =SUM(H129:H132)-H115 -> 0 | I133: =SUM(I129:I132)-I115 -> 0 | ... N133: =SUM(N129:N132)-N115 -> 0
A135: (Box #3) 111000 Allocation:
A136: Distribution Plant - Electric | B136: =-B116*B108 -> 577585.86 | C136: =-C116*C108 -> 580696.65 | D136: =-D116*D108 -> 581589.91 | E136: =-E116*E108 -> 583069.72 | F136: =-F116*F108 -> 593870.73 | G136: =-G116*G108 -> 594397.55 | H136: =-H116*H108 -> 595303.7 | I136: =-I116*I108 -> 595848.31 | ... N136: =-N116*N108 -> 594252.1
A137: General Plant - Electric | B137: =-B116*B109 -> 72682.661 | C137: =-C116*C109 -> 73975.412 | D137: =-D116*D109 -> 74574.879 | E137: =-E116*E109 -> 74221.456 | F137: =-F116*F109 -> 76076.67 | G137: =-G116*G109 -> 76552.665 | H137: =-H116*H109 -> 77371.71 | I137: =-I116*I109 -> 77102.229 | ... N137: =-N116*N109 -> 81241.972
A138: Generation Plant | B138: =-B116*B110 -> 449185.1 | C138: =-C116*C110 -> 455161.96 | D138: =-D116*D110 -> 459006.12 | E138: =-E116*E110 -> 463021.18 | F138: =-F116*F110 -> 452734.63 | G138: =-G116*G110 -> 456769.43 | H138: =-H116*H110 -> 460032.95 | I138: =-I116*I110 -> 465028.66 | ... N138: =-N116*N110 -> 484409.75
...

Sheet Accum Data
A1: start_month | B1: end_month | C1: depr_group | D1: FERC | E1: company | F1: set_of_books | G1: external_account_code | H1: begin_bal | I1: provision | J1: retirements | K1: cost_of_removal | L1: salv_credits | M1: transfers | N1: gain_loss | O1: end_bal
A2: 44531 | B2: 12/2021 | C2: BHCOE - 130100 - Electric - Intang | D2: =MID(C2,10,5) -> 30100 | E2: BH Colorado Electric Oper Co | F2: SEC | G2: 108006 | H2: 185041.94 | I2: 689.48 | J2: 0 | K2: 0 | L2: 0 | M2: 0 | N2: 0 | O2: 185731.42
A3: 44562 | B3: 01/2022 | C3: BHCOE - 130100 - Electric - Intang | D3: =MID(C3,10,5) -> 30100 | E3: BH Colorado Electric Oper Co | F3: SEC | G3: 108006 | H3: 185731.42 | I3: 689.51 | J3: 0 | K3: 0 | L3: 0 | M3: 0 | N3: 0 | O3: 186420.93
A4: 44593 | B4: 02/2022 | C4: BHCOE - 130100 - Electric - Intang | D4: =MID(C4,10,5) -> 30100 | E4: BH Colorado Electric Oper Co | F4: SEC | G4: 108006 | H4: 186420.93 | I4: 689.48 | J4: 0 | K4: 0 | L4: 0 | M4: 0 | N4: 0 | O4: 187110.41
A5: 44621 | B5: 03/2022 | C5: BHCOE - 130100 - Electric - Intang | D5: =MID(C5,10,5) -> 30100 | E5: BH Colorado Electric Oper Co | F5: SEC | G5: 108006 | H5: 187110.41 | I5: 689.51 | J5: 0 | K5: 0 | L5: 0 | M5: 0 | N5: 0 | O5: 187799.92
A6: 44652 | B6: 04/2022 | C6: BHCOE - 130100 - Electric - Intang | D6: =MID(C6,10,5) -> 30100 | E6: BH Colorado Electric Oper Co | F6: SEC | G6: 108006 | H6: 187799.92 | I6: 689.48 | J6: 0 | K6: 0 | L6: 0 | M6: 0 | N6: 0 | O6: 188489.4
A7: 44682 | B7: 05/2022 | C7: BHCOE - 130100 - Electric - Intang | D7: =MID(C7,10,5) -> 30100 | E7: BH Colorado Electric Oper Co | F7: SEC | G7: 108006 | H7: 188489.4 | I7: 689.51 | J7: 0 | K7: 0 | L7: 0 | M7: 0 | N7: 0 | O7: 189178.91
A8: 44713 | B8: 06/2022 | C8: BHCOE - 130100 - Electric - Intang | D8: =MID(C8,10,5) -> 30100 | E8: BH Colorado Electric Oper Co | F8: SEC | G8: 108006 | H8: 189178.91 | I8: 689.48 | J8: 0 | K8: 0 | L8: 0 | M8: 0 | N8: 0 | O8: 189868.39
A9: 44743 | B9: 07/2022 | C9: BHCOE - 130100 - Electric - Intang | D9: =MID(C9,10,5) -> 30100 | E9: BH Colorado Electric Oper Co | F9: SEC | G9: 108006 | H9: 189868.39 | I9: 689.51 | J9: 0 | K9: 0 | L9: 0 | M9: 0 | N9: 0 | O9: 190557.9
A10: 44774 | B10: 08/2022 | C10: BHCOE - 130100 - Electric - Intang | D10: =MID(C10,10,5) -> 30100 | E10: BH Colorado Electric Oper Co | F10: SEC | G10: 108006 | H10: 190557.9 | I10: 689.48 | J10: 0 | K10: 0 | L10: 0 | M10: 0 | N10: 0 | O10: 191247.38
A11: 44805 | B11: 09/2022 | C11: BHCOE - 130100 - Electric - Intang | D11: =MID(C11,10,5) -> 30100 | E11: BH Colorado Electric Oper Co | F11: SEC | G11: 108006 | H11: 191247.38 | I11: 689.48 | J11: 0 | K11: 0 | L11: 0 | M11: 0 | N11: 0 | O11: 191936.86
A12: 44835 | B12: 10/2022 | C12: BHCOE - 130100 - Electric - Intang | D12: =MID(C12,10,5) -> 30100 | E12: BH Colorado Electric Oper Co | F12: SEC | G12: 108006 | H12: 191936.86 | I12: 689.51 | J12: 0 | K12: 0 | L12: 0 | M12: 0 | N12: 0 | O12: 192626.37
A13: 44866 | B13: 11/2022 | C13: BHCOE - 130100 - Electric - Intang | D13: =MID(C13,10,5) -> 30100 | E13: BH Colorado Electric Oper Co | F13: SEC | G13: 108006 | H13: 192626.37 | I13: 689.48 | J13: 0 | K13: 0 | L13: 0 | M13: 0 | N13: 0 | O13: 193315.85
... A51: 44835 | B51: 10/2022 | C51: BHCOE - 130302 - Intang - Trademark | D51: =MID(C51,10,5) -> 30302 | E51: BH Colorado Electric Oper Co | F51: SEC | G51: 108006 | H51: 0 | I51: 0 | J51: 0 | K51: 0 | L51: 0 | M51: 0 | N51: 0 | O51: 0
A52: 44531 | B52: 12/2021 | C52: BHCOE-130302- IntangMisc-Trademarks | D52: =MID(C52,8,5) -> 30302 | E52: BH Colorado Electric Oper Co | F52: SEC | G52: 108000 | H52: -0.01 | I52: 0 | J52: 0 | K52: 0 | L52: 0 | M52: 0 | N52: 0 | O52: -0.01
A53: 44562 | B53: 01/2022 | C53: BHCOE-130302- IntangMisc-Trademarks | D53: =MID(C53,8,5) -> 30302 | E53: BH Colorado Electric Oper Co | F53: SEC | G53: 108000 | H53: -0.01 | I53: 0 | J53: 0 | K53: 0 | L53: 0 | M53: 0 | N53: 0 | O53: -0.01
A54: 44593 | B54: 02/2022 | C54: BHCOE-130302- IntangMisc-Trademarks | D54: =MID(C54,8,5) -> 30302 | E54: BH Colorado Electric Oper Co | F54: SEC | G54: 108000 | H54: -0.01 | I54: 0 | J54: 0 | K54: 0 | L54: 0 | M54: 0 | N54: 0 | O54: -0.01
A55: 44621 | B55: 03/2022 | C55: BHCOE-130302- IntangMisc-Trademarks | D55: =MID(C55,8,5) -> 30302 | E55: BH Colorado Electric Oper Co | F55: SEC | G55: 108000 | H55: -0.01 | I55: 0 | J55: 0 | K55: 0 | L55: 0 | M55: 0 | N55: 0 | O55: -0.01
A56: 44652 | B56: 04/2022 | C56: BHCOE-130302- IntangMisc-Trademarks | D56: =MID(C56,8,5) -> 30302 | E56: BH Colorado Electric Oper Co | F56: SEC | G56: 108000 | H56: -0.01 | I56: 0 | J56: 0 | K56: 0 | L56: 0 | M56: 0 | N56: 0 | O56: -0.01
A57: 44682 | B57: 05/2022 | C57: BHCOE-130302- IntangMisc-Trademarks | D57: =MID(C57,8,5) -> 30302 | E57: BH Colorado Electric Oper Co | F57: SEC | G57: 108000 | H57: -0.01 | I57: 0 | J57: 0 | K57: 0 | L57: 0 | M57: 0 | N57: 0 | O57: -0.01
A58: 44866 | B58: 11/2022 | C58: BHCOE - 130302 - Intang - Trademark | D58: =MID(C58,10,5) -> 30302 | E58: BH Colorado Electric Oper Co | F58: SEC | G58: 108006 | H58: 0 | I58: 0 | J58: 0 | K58: 0 | L58: 0 | M58: 0 | N58: 0 | O58: 0
A59: 44713 | B59: 06/2022 | C59: BHCOE-130302- IntangMisc-Trademarks | D59: =MID(C59,8,5) -> 30302 | E59: BH Colorado Electric Oper Co | F59: SEC | G59: 108000 | H59: -0.01 | I59: 0 | J59: 0 | K59: 0 | L59: 0 | M59: 0 | N59: 0 | O59: -0.01
A60: 44743 | B60: 07/2022 | C60: BHCOE-130302- IntangMisc-Trademarks | D60: =MID(C60,8,5) -> 30302 | E60: BH Colorado Electric Oper Co | F60: SEC | G60: 108000 | H60: -0.01 | I60: 0 | J60: 0 | K60: 0 | L60: 0 | M60: 0 | N60: 0 | O60: -0.01
A61: 44774 | B61: 08/2022 | C61: BHCOE-130302- IntangMisc-Trademarks | D61: =MID(C61,8,5) -> 30302 | E61: BH Colorado Electric Oper Co | F61: SEC | G61: 108000 | H61: -0.01 | I61: 0 | J61: 0 | K61: 0 | L61: 0 | M61: 0 | N61: 0 | O61: -0.01
A62: 44805 | B62: 09/2022 | C62: BHCOE-130302- IntangMisc-Trademarks | D62: =MID(C62,8,5) -> 30302 | E62: BH Colorado Electric Oper Co | F62: SEC | G62: 108000 | H62: -0.01 | I62: 0 | J62: 0 | K62: 0 | L62: 0 | M62: 0 | N62: 0 | O62: -0.01
A63: 44835 | B63: 10/2022 | C63: BHCOE-130302- IntangMisc-Trademarks | D63: =MID(C63,8,5) -> 30302 | E63: BH Colorado Electric Oper Co | F63: SEC | G63: 108000 | H63: -0.01 | I63: 0 | J63: 0 | K63: 0 | L63: 0 | M63: 0 | N63: 0 | O63: -0.01
A64: 44866 | B64: 11/2022 | C64: BHCOE-130302- IntangMisc-Trademarks | D64: =MID(C64,8,5) -> 30302 | E64: BH Colorado Electric Oper Co | F64: SEC | G64: 108000 | H64: -0.01 | I64: 0 | J64: 0 | K64: 0 | L64: 0 | M64: 0 | N64: 0 | O64: -0.01
A65: 44896 | B65: 12/2022 | C65: BHCOE-130302- IntangMisc-Trademarks | D65: =MID(C65,8,5) -> 30302 | E65: BH Colorado Electric Oper Co | F65: SEC | G65: 108000 | H65: -0.01 | I65: 0 | J65: 0 | K65: 0 | L65: 0 | M65: -23.98 | N65: 0 | O65: -23.99
A66: 44896 | B66: 12/2022 | C66: BHCOE - 130302 - Intang - Trademark | D66: =MID(C66,10,5) -> 30302 | E66: BH Colorado Electric Oper Co | F66: SEC | G66: 108006 | H66: 0 | I66: 0 | J66: 0 | K66: 0 | L66: 0 | M66: 0 | N66: 0 | O66: 0
A67: 44531 | B67: 12/2021 | C67: BHCOE - 130303 - IntangMisc - WorkF | D67: =MID(C67,10,5) -> 30303 | E67: BH Colorado Electric Oper Co | F67: SEC | G67: 108006 | H67: 0 | I67: 0 | J67: 0 | K67: 0 | L67: 0 | M67: 0 | N67: 0 | O67: 0
A68: 44562 | B68: 01/2022 | C68: BHCOE - 130303 - IntangMisc - WorkF | D68: =MID(C68,10,5) -> 30303 | E68: BH Colorado Electric Oper Co | F68: SEC | G68: 108006 | H68: 0 | I68: 0 | J68: 0 | K68: 0 | L68: 0 | M68: 0 | N68: 0 | O68: 0
A69: 44593 | B69: 02/2022 | C69: BHCOE - 130303 - IntangMisc - WorkF | D69: =MID(C69,10,5) -> 30303 | E69: BH Colorado Electric Oper Co | F69: SEC | G69: 108006 | H69: 0 | I69: 0 | J69: 0 | K69: 0 | L69: 0 | M69: 0 | N69: 0 | O69: 0
A70: 44621 | B70: 03/2022 | C70: BHCOE - 130303 - IntangMisc - WorkF | D70: =MID(C70,10,5) -> 30303 | E70: BH Colorado Electric Oper Co | F70: SEC | G70: 108006 | H70: 0 | I70: 0 | J70: 0 | K70: 0 | L70: 0 | M70: 0 | N70: 0 | O70: 0
A71: 44652 | B71: 04/2022 | C71: BHCOE - 130303 - IntangMisc - WorkF | D71: =MID(C71,10,5) -> 30303 | E71: BH Colorado Electric Oper Co | F71: SEC | G71: 108006 | H71: 0 | I71: 0 | J71: 0 | K71: 0 | L71: 0 | M71: 0 | N71: 0 | O71: 0
A72: 44682 | B72: 05/2022 | C72: BHCOE - 130303 - IntangMisc - WorkF | D72: =MID(C72,10,5) -> 30303 | E72: BH Colorado Electric Oper Co | F72: SEC | G72: 108006 | H72: 0 | I72: 0 | J72: 0 | K72: 0 | L72: 0 | M72: 0 | N72: 0 | O72: 0
A73: 44713 | B73: 06/2022 | C73: BHCOE - 130303 - IntangMisc - WorkF | D73: =MID(C73,10,5) -> 30303 | E73: BH Colorado Electric Oper Co | F73: SEC | G73: 108006 | H73: 0 | I73: 0 | J73: 0 | K73: 0 | L73: 0 | M73: 0 | N73: 0 | O73: 0
A74: 44743 | B74: 07/2022 | C74: BHCOE - 130303 - IntangMisc - WorkF | D74: =MID(C74,10,5) -> 30303 | E74: BH Colorado Electric Oper Co | F74: SEC | G74: 108006 | H74: 0 | I74: 0 | J74: 0 | K74: 0 | L74: 0 | M74: 0 | N74: 0 | O74: 0
A75: 44774 | B75: 08/2022 | C75: BHCOE - 130303 - IntangMisc - WorkF | D75: =MID(C75,10,5) -> 30303 | E75: BH Colorado Electric Oper Co | F75: SEC | G75: 108006 | H75: 0 | I75: 0 | J75: 0 | K75: 0 | L75: 0 | M75: 0 | N75: 0 | O75: 0
A76: 44805 | B76: 09/2022 | C76: BHCOE - 130303 - IntangMisc - WorkF | D76: =MID(C76,10,5) -> 30303 | E76: BH Colorado Electric Oper Co | F76: SEC | G76: 108006 | H76: 0 | I76: 0 | J76: 0 | K76: 0 | L76: 0 | M76: 0 | N76: 0 | O76: 0
A77: 44835 | B77: 10/2022 | C77: BHCOE - 130303 - IntangMisc - WorkF | D77: =MID(C77,10,5) -> 30303 | E77: BH Colorado Electric Oper Co | F77: SEC | G77: 108006 | H77: 0 | I77: 0 | J77: 0 | K77: 0 | L77: 0 | M77: 0 | N77: 0 | O77: 0
... A1458: 44805 | B1458: 09/2022 | C1458: BHCOE - 135300 - Electric - Tran - | D1458: =MID(C1458,10,5) -> 35300 | E1458: BH Colorado Electric Oper Co | F1458: SEC | G1458: 108000 | H1458: 30761264 | I1458: 121718.89 | J1458: 0 | K1458: 0 | L1458: 0 | M1458: 0 | N1458: 0 | O1458: 30882983
A1459: 44531 | B1459: 12/2021 | C1459: BHCOE-135300-Electric-Tran-Non-Dep | D1459: =MID(C1459,8,5) -> 35300 | E1459: BH Colorado Electric Oper Co | F1459: SEC | G1459: 108000 | H1459: 0 | I1459: 0 | J1459: 0 | K1459: 0 | L1459: 0 | M1459: 0 | N1459: 0 | O1459: 0
A1460: 44562 | B1460: 01/2022 | C1460: BHCOE-135300-Electric-Tran-Non-Dep | D1460: =MID(C1460,8,5) -> 35300 | E1460: BH Colorado Electric Oper Co | F1460: SEC | G1460: 108000 | H1460: 0 | I1460: 0 | J1460: 0 | K1460: 0 | L1460: 0 | M1460: 0 | N1460: 0 | O1460: 0
A1461: 44593 | B1461: 02/2022 | C1461: BHCOE-135300-Electric-Tran-Non-Dep | D1461: =MID(C1461,8,5) -> 35300 | E1461: BH Colorado Electric Oper Co | F1461: SEC | G1461: 108000 | H1461: 0 | I1461: 0 | J1461: 0 | K1461: 0 | L1461: 0 | M1461: 0 | N1461: 0 | O1461: 0
A1462: 44621 | B1462: 03/2022 | C1462: BHCOE-135300-Electric-Tran-Non-Dep | D1462: =MID(C1462,8,5) -> 35300 | E1462: BH Colorado Electric Oper Co | F1462: SEC | G1462: 108000 | H1462: 0 | I1462: 0 | J1462: 0 | K1462: 0 | L1462: 0 | M1462: 0 | N1462: 0 | O1462: 0
A1463: 44652 | B1463: 04/2022 | C1463: BHCOE-135300-Electric-Tran-Non-Dep | D1463: =MID(C1463,8,5) -> 35300 | E1463: BH Colorado Electric Oper Co | F1463: SEC | G1463: 108000 | H1463: 0 | I1463: 0 | J1463: 0 | K1463: 0 | L1463: 0 | M1463: 0 | N1463: 0 | O1463: 0
A1464: 44805 | B1464: 09/2022 | C1464: BHCOE - 135300 - Elec-Peak View | D1464: =MID(C1464,10,5) -> 35300 | E1464: BH Colorado Electric Oper Co | F1464: SEC | G1464: 108002 | H1464: 18.99 | I1464: 0 | J1464: 0 | K1464: 0 | L1464: 0 | M1464: 0 | N1464: 0 | O1464: 18.99
A1465: 44805 | B1465: 09/2022 | C1465: BHCOE - 135300 - Electric - Tran - | D1465: =MID(C1465,10,5) -> 35300 | E1465: BH Colorado Electric Oper Co | F1465: SEC | G1465: 108002 | H1465: 974713.38 | I1465: 15096.92 | J1465: 0 | K1465: 0 | L1465: 0 | M1465: 0 | N1465: 0 | O1465: 989810.3
A1466: 44835 | B1466: 10/2022 | C1466: BHCOE - 135300 - Elec-Peak View | D1466: =MID(C1466,10,5) -> 35300 | E1466: BH Colorado Electric Oper Co | F1466: SEC | G1466: 108000 | H1466: 273.19 | I1466: 0 | J1466: 0 | K1466: 0 | L1466: 0 | M1466: 0 | N1466: 0 | O1466: 273.19
A1467: 44835 | B1467: 10/2022 | C1467: BHCOE - 135300 - Electric - Tran - | D1467: =MID(C1467,10,5) -> 35300 | E1467: BH Colorado Electric Oper Co | F1467: SEC | G1467: 108000 | H1467: 30882983 | I1467: 121722.7 | J1467: 0 | K1467: 0 | L1467: 0 | M1467: 0 | N1467: 0 | O1467: 31004706
A1468: 44682 | B1468: 05/2022 | C1468: BHCOE-135300-Electric-Tran-Non-Dep | D1468: =MID(C1468,8,5) -> 35300 | E1468: BH Colorado Electric Oper Co | F1468: SEC | G1468: 108000 | H1468: 0 | I1468: 0 | J1468: 0 | K1468: 0 | L1468: 0 | M1468: 0 | N1468: 0 | O1468: 0
A1469: 44713 | B1469: 06/2022 | C1469: BHCOE-135300-Electric-Tran-Non-Dep | D1469: =MID(C1469,8,5) -> 35300 | E1469: BH Colorado Electric Oper Co | F1469: SEC | G1469: 108000 | H1469: 0 | I1469: 0 | J1469: 0 | K1469: 0 | L1469: 0 | M1469: 0 | N1469: 0 | O1469: 0
A1470: 44743 | B1470: 07/2022 | C1470: BHCOE-135300-Electric-Tran-Non-Dep | D1470: =MID(C1470,8,5) -> 35300 | E1470: BH Colorado Electric Oper Co | F1470: SEC | G1470: 108000 | H1470: 0 | I1470: 0 | J1470: 0 | K1470: 0 | L1470: 0 | M1470: 0 | N1470: 0 | O1470: 0
A1471: 44774 | B1471: 08/2022 | C1471: BHCOE-135300-Electric-Tran-Non-Dep | D1471: =MID(C1471,8,5) -> 35300 | E1471: BH Colorado Electric Oper Co | F1471: SEC | G1471: 108000 | H1471: 0 | I1471: 0 | J1471: 0 | K1471: 0 | L1471: 0 | M1471: 0 | N1471: 0 | O1471: 0
A1472: 44805 | B1472: 09/2022 | C1472: BHCOE-135300-Electric-Tran-Non-Dep | D1472: =MID(C1472,8,5) -> 35300 | E1472: BH Colorado Electric Oper Co | F1472: SEC | G1472: 108000 | H1472: 0 | I1472: 0 | J1472: 0 | K1472: 0 | L1472: 0 | M1472: 0 | N1472: 0 | O1472: 0
A1473: 44835 | B1473: 10/2022 | C1473: BHCOE-135300-Electric-Tran-Non-Dep | D1473: =MID(C1473,8,5) -> 35300 | E1473: BH Colorado Electric Oper Co | F1473: SEC | G1473: 108000 | H1473: 0 | I1473: 0 | J1473: 0 | K1473: 0 | L1473: 0 | M1473: 0 | N1473: 0 | O1473: 0
A1474: 44866 | B1474: 11/2022 | C1474: BHCOE-135300-Electric-Tran-Non-Dep | D1474: =MID(C1474,8,5) -> 35300 | E1474: BH Colorado Electric Oper Co | F1474: SEC | G1474: 108000 | H1474: 0 | I1474: 0 | J1474: 0 | K1474: 0 | L1474: 0 | M1474: 0 | N1474: 0 | O1474: 0
A1475: 44835 | B1475: 10/2022 | C1475: BHCOE - 135300 - Elec-Peak View | D1475: =MID(C1475,10,5) -> 35300 | E1475: BH Colorado Electric Oper Co | F1475: SEC | G1475: 108002 | H1475: 18.99 | I1475: 0 | J1475: 0 | K1475: 0 | L1475: 0 | M1475: 0 | N1475: 0 | O1475: 18.99
A1476: 44835 | B1476: 10/2022 | C1476: BHCOE - 135300 - Electric - Tran - | D1476: =MID(C1476,10,5) -> 35300 | E1476: BH Colorado Electric Oper Co | F1476: SEC | G1476: 108002 | H1476: 989810.3 | I1476: 15097.39 | J1476: 0 | K1476: 0 | L1476: 0 | M1476: 0 | N1476: 0 | O1476: 1004907.7
A1477: 44866 | B1477: 11/2022 | C1477: BHCOE - 135300 - Elec-Peak View | D1477: =MID(C1477,10,5) -> 35300 | E1477: BH Colorado Electric Oper Co | F1477: SEC | G1477: 108000 | H1477: 273.19 | I1477: 0 | J1477: 0 | K1477: 0 | L1477: 0 | M1477: 0 | N1477: 0 | O1477: 273.19
A1478: 44866 | B1478: 11/2022 | C1478: BHCOE - 135300 - Electric - Tran - | D1478: =MID(C1478,10,5) -> 35300 | E1478: BH Colorado Electric Oper Co | F1478: SEC | G1478: 108000 | H1478: 31004706 | I1478: 123121.97 | J1478: -80242.84 | K1478: 0 | L1478: 0 | M1478: 0 | N1478: 0 | O1478: 31047585
A1479: 44896 | B1479: 12/2022 | C1479: BHCOE-135300-Electric-Tran-Non-Dep | D1479: =MID(C1479,8,5) -> 35300 | E1479: BH Colorado Electric Oper Co | F1479: SEC | G1479: 108000 | H1479: 0 | I1479: 0 | J1479: 0 | K1479: 0 | L1479: 0 | M1479: 0 | N1479: 0 | O1479: 0
A1480: 44866 | B1480: 11/2022 | C1480: BHCOE - 135300 - Elec-Peak View | D1480: =MID(C1480,10,5) -> 35300 | E1480: BH Colorado Electric Oper Co | F1480: SEC | G1480: 108002 | H1480: 18.99 | I1480: 0 | J1480: 0 | K1480: 0 | L1480: 0 | M1480: 0 | N1480: 0 | O1480: 18.99
A1481: 44866 | B1481: 11/2022 | C1481: BHCOE - 135300 - Electric - Tran - | D1481: =MID(C1481,10,5) -> 35300 | E1481: BH Colorado Electric Oper Co | F1481: SEC | G1481: 108002 | H1481: 1004907.7 | I1481: 15270.94 | J1481: 0 | K1481: -15951.85 | L1481: 0 | M1481: 0 | N1481: 0 | O1481: 1004226.8
A1482: 44896 | B1482: 12/2022 | C1482: BHCOE - 135300 - Elec-Peak View | D1482: =MID(C1482,10,5) -> 35300 | E1482: BH Colorado Electric Oper Co | F1482: SEC | G1482: 108000 | H1482: 273.19 | I1482: 0 | J1482: 0 | K1482: 0 | L1482: 0 | M1482: 0 | N1482: 0 | O1482: 273.19
A1483: 44896 | B1483: 12/2022 | C1483: BHCOE - 135300 - Electric - Tran - | D1483: =MID(C1483,10,5) -> 35300 | E1483: BH Colorado Electric Oper Co | F1483: SEC | G1483: 108000 | H1483: 31047585 | I1483: 124504.52 | J1483: 0 | K1483: 0 | L1483: 0 | M1483: -0.01 | N1483: 0 | O1483: 31172090
A1484: 44896 | B1484: 12/2022 | C1484: BHCOE - 135300 - Elec-Peak View | D1484: =MID(C1484,10,5) -> 35300 | E1484: BH Colorado Electric Oper Co | F1484: SEC | G1484: 108002 | H1484: 18.99 | I1484: 0 | J1484: 0 | K1484: 0 | L1484: 0 | M1484: 0 | N1484: 0 | O1484: 18.99
A1485: 44896 | B1485: 12/2022 | C1485: BHCOE - 135300 - Electric - Tran - | D1485: =MID(C1485,10,5) -> 35300 | E1485: BH Colorado Electric Oper Co | F1485: SEC | G1485: 108002 | H1485: 1004226.8 | I1485: 15442.42 | J1485: 0 | K1485: 0 | L1485: 0 | M1485: 0 | N1485: 0 | O1485: 1019669.2
A1486: 44531 | B1486: 12/2021 | C1486: BHCOE - 135359-Electric-CnCity West | D1486: =MID(C1486,10,5) -> 35359 | E1486: BH Colorado Electric Oper Co | F1486: SEC | G1486: 111000 | H1486: 2168026.4 | I1486: 3753.48 | J1486: 0 | K1486: 0 | L1486: 0 | M1486: 0 | N1486: 0 | O1486: 2171779.9
A1487: 44562 | B1487: 01/2022 | C1487: BHCOE - 135359-Electric-CnCity West | D1487: =MID(C1487,10,5) -> 35359 | E1487: BH Colorado Electric Oper Co | F1487: SEC | G1487: 111000 | H1487: 2171779.9 | I1487: 3753.48 | J1487: 0 | K1487: 0 | L1487: 0 | M1487: 0 | N1487: 0 | O1487: 2175533.4
A1488: 44593 | B1488: 02/2022 | C1488: BHCOE - 135359-Electric-CnCity West | D1488: =MID(C1488,10,5) -> 35359 | E1488: BH Colorado Electric Oper Co | F1488: SEC | G1488: 111000 | H1488: 2175533.4 | I1488: 3753.48 | J1488: 0 | K1488: 0 | L1488: 0 | M1488: 0 | N1488: 0 | O1488: 2179286.9
A1489: 44621 | B1489: 03/2022 | C1489: BHCOE - 135359-Electric-CnCity West | D1489: =MID(C1489,10,5) -> 35359 | E1489: BH Colorado Electric Oper Co | F1489: SEC | G1489: 111000 | H1489: 2179286.9 | I1489: 3753.48 | J1489: 0 | K1489: 0 | L1489: 0 | M1489: 0 | N1489: 0 | O1489: 2183040.3
A1490: 44652 | B1490: 04/2022 | C1490: BHCOE - 135359-Electric-CnCity West | D1490: =MID(C1490,10,5) -> 35359 | E1490: BH Colorado Electric Oper Co | F1490: SEC | G1490: 111000 | H1490: 2183040.3 | I1490: 3753.48 | J1490: 0 | K1490: 0 | L1490: 0 | M1490: 0 | N1490: 0 | O1490: 2186793.8
A1491: 44682 | B1491: 05/2022 | C1491: BHCOE - 135359-Electric-CnCity West | D1491: =MID(C1491,10,5) -> 35359 | E1491: BH Colorado Electric Oper Co | F1491: SEC | G1491: 111000 | H1491: 2186793.8 | I1491: 3753.48 | J1491: 0 | K1491: 0 | L1491: 0 | M1491: 0 | N1491: 0 | O1491: 2190547.3
... A1695: 44743 | B1695: 07/2022 | C1695: BHCOE - 136200 - Electric - Dist - | D1695: =MID(C1695,10,5) -> 36200 | E1695: BH Colorado Electric Oper Co | F1695: SEC | G1695: 108000 | H1695: 14495383 | I1695: 55766.78 | J1695: 0 | K1695: 0 | L1695: 0 | M1695: 0 | N1695: 0 | O1695: 14551150
A1696: 44531 | B1696: 12/2021 | C1696: BHCOE-136200-Electric-Dist-Non-Dep | D1696: =MID(C1696,8,5) -> 36200 | E1696: BH Colorado Electric Oper Co | F1696: SEC | G1696: 108000 | H1696: 0 | I1696: 0 | J1696: 0 | K1696: 0 | L1696: 0 | M1696: 0 | N1696: 0 | O1696: 0
A1697: 44562 | B1697: 01/2022 | C1697: BHCOE-136200-Electric-Dist-Non-Dep | D1697: =MID(C1697,8,5) -> 36200 | E1697: BH Colorado Electric Oper Co | F1697: SEC | G1697: 108000 | H1697: 0 | I1697: 0 | J1697: 0 | K1697: 0 | L1697: 0 | M1697: 0 | N1697: 0 | O1697: 0
A1698: 44593 | B1698: 02/2022 | C1698: BHCOE-136200-Electric-Dist-Non-Dep | D1698: =MID(C1698,8,5) -> 36200 | E1698: BH Colorado Electric Oper Co | F1698: SEC | G1698: 108000 | H1698: 0 | I1698: 0 | J1698: 0 | K1698: 0 | L1698: 0 | M1698: 0 | N1698: 0 | O1698: 0
A1699: 44621 | B1699: 03/2022 | C1699: BHCOE-136200-Electric-Dist-Non-Dep | D1699: =MID(C1699,8,5) -> 36200 | E1699: BH Colorado Electric Oper Co | F1699: SEC | G1699: 108000 | H1699: 0 | I1699: 0 | J1699: 0 | K1699: 0 | L1699: 0 | M1699: 0 | N1699: 0 | O1699: 0
A1700: 44743 | B1700: 07/2022 | C1700: BHCOE - 136200 - Electric - Dist - | D1700: =MID(C1700,10,5) -> 36200 | E1700: BH Colorado Electric Oper Co | F1700: SEC | G1700: 108002 | H1700: 488132.45 | I1700: 14406.42 | J1700: 0 | K1700: 0 | L1700: 0 | M1700: 0 | N1700: 0 | O1700: 502538.87
A1701: 44774 | B1701: 08/2022 | C1701: BHCOE - 136200 - Electric - Dist - | D1701: =MID(C1701,10,5) -> 36200 | E1701: BH Colorado Electric Oper Co | F1701: SEC | G1701: 108000 | H1701: 14551150 | I1701: 55745.41 | J1701: -34910.96 | K1701: 0 | L1701: 0 | M1701: 0 | N1701: 0 | O1701: 14571984
A1702: 44652 | B1702: 04/2022 | C1702: BHCOE-136200-Electric-Dist-Non-Dep | D1702: =MID(C1702,8,5) -> 36200 | E1702: BH Colorado Electric Oper Co | F1702: SEC | G1702: 108000 | H1702: 0 | I1702: 0 | J1702: 0 | K1702: 0 | L1702: 0 | M1702: 0 | N1702: 0 | O1702: 0
A1703: 44682 | B1703: 05/2022 | C1703: BHCOE-136200-Electric-Dist-Non-Dep | D1703: =MID(C1703,8,5) -> 36200 | E1703: BH Colorado Electric Oper Co | F1703: SEC | G1703: 108000 | H1703: 0 | I1703: 0 | J1703: 0 | K1703: 0 | L1703: 0 | M1703: 0 | N1703: 0 | O1703: 0
A1704: 44713 | B1704: 06/2022 | C1704: BHCOE-136200-Electric-Dist-Non-Dep | D1704: =MID(C1704,8,5) -> 36200 | E1704: BH Colorado Electric Oper Co | F1704: SEC | G1704: 108000 | H1704: 0 | I1704: 0 | J1704: 0 | K1704: 0 | L1704: 0 | M1704: 0 | N1704: 0 | O1704: 0
A1705: 44743 | B1705: 07/2022 | C1705: BHCOE-136200-Electric-Dist-Non-Dep | D1705: =MID(C1705,8,5) -> 36200 | E1705: BH Colorado Electric Oper Co | F1705: SEC | G1705: 108000 | H1705: 0 | I1705: 0 | J1705: 0 | K1705: 0 | L1705: 0 | M1705: 0 | N1705: 0 | O1705: 0
A1706: 44774 | B1706: 08/2022 | C1706: BHCOE-136200-Electric-Dist-Non-Dep | D1706: =MID(C1706,8,5) -> 36200 | E1706: BH Colorado Electric Oper Co | F1706: SEC | G1706: 108000 | H1706: 0 | I1706: 0 | J1706: 0 | K1706: 0 | L1706: 0 | M1706: 0 | N1706: 0 | O1706: 0
A1707: 44805 | B1707: 09/2022 | C1707: BHCOE-136200-Electric-Dist-Non-Dep | D1707: =MID(C1707,8,5) -> 36200 | E1707: BH Colorado Electric Oper Co | F1707: SEC | G1707: 108000 | H1707: 0 | I1707: 0 | J1707: 0 | K1707: 0 | L1707: 0 | M1707: 0 | N1707: 0 | O1707: 0
A1708: 44835 | B1708: 10/2022 | C1708: BHCOE-136200-Electric-Dist-Non-Dep | D1708: =MID(C1708,8,5) -> 36200 | E1708: BH Colorado Electric Oper Co | F1708: SEC | G1708: 108000 | H1708: 0 | I1708: 0 | J1708: 0 | K1708: 0 | L1708: 0 | M1708: 0 | N1708: 0 | O1708: 0
A1709: 44774 | B1709: 08/2022 | C1709: BHCOE - 136200 - Electric - Dist - | D1709: =MID(C1709,10,5) -> 36200 | E1709: BH Colorado Electric Oper Co | F1709: SEC | G1709: 108002 | H1709: 502538.87 | I1709: 14400.9 | J1709: 0 | K1709: -10500 | L1709: 0 | M1709: 0 | N1709: 0 | O1709: 506439.77
A1710: 44805 | B1710: 09/2022 | C1710: BHCOE - 136200 - Electric - Dist - | D1710: =MID(C1710,10,5) -> 36200 | E1710: BH Colorado Electric Oper Co | F1710: SEC | G1710: 108000 | H1710: 14571984 | I1710: 55749.69 | J1710: 0 | K1710: 0 | L1710: 0 | M1710: 0 | N1710: 0 | O1710: 14627734
A1711: 44866 | B1711: 11/2022 | C1711: BHCOE-136200-Electric-Dist-Non-Dep | D1711: =MID(C1711,8,5) -> 36200 | E1711: BH Colorado Electric Oper Co | F1711: SEC | G1711: 108000 | H1711: 0 | I1711: 0 | J1711: 0 | K1711: 0 | L1711: 0 | M1711: 0 | N1711: 0 | O1711: 0
A1712: 44896 | B1712: 12/2022 | C1712: BHCOE-136200-Electric-Dist-Non-Dep | D1712: =MID(C1712,8,5) -> 36200 | E1712: BH Colorado Electric Oper Co | F1712: SEC | G1712: 108000 | H1712: 0 | I1712: 0 | J1712: 0 | K1712: 0 | L1712: 0 | M1712: 0 | N1712: 0 | O1712: 0
A1713: 44805 | B1713: 09/2022 | C1713: BHCOE - 136200 - Electric - Dist - | D1713: =MID(C1713,10,5) -> 36200 | E1713: BH Colorado Electric Oper Co | F1713: SEC | G1713: 108002 | H1713: 506439.77 | I1713: 14402 | J1713: 0 | K1713: 0 | L1713: 0 | M1713: 0 | N1713: 0 | O1713: 520841.77
A1714: 44835 | B1714: 10/2022 | C1714: BHCOE - 136200 - Electric - Dist - | D1714: =MID(C1714,10,5) -> 36200 | E1714: BH Colorado Electric Oper Co | F1714: SEC | G1714: 108000 | H1714: 14627734 | I1714: 55783.04 | J1714: 0 | K1714: 0 | L1714: 0 | M1714: 0 | N1714: 0 | O1714: 14683517
A1715: 44835 | B1715: 10/2022 | C1715: BHCOE - 136200 - Electric - Dist - | D1715: =MID(C1715,10,5) -> 36200 | E1715: BH Colorado Electric Oper Co | F1715: SEC | G1715: 108002 | H1715: 520841.77 | I1715: 14410.62 | J1715: 0 | K1715: 0 | L1715: 0 | M1715: 0 | N1715: 0 | O1715: 535252.39
A1716: 44866 | B1716: 11/2022 | C1716: BHCOE - 136200 - Electric - Dist - | D1716: =MID(C1716,10,5) -> 36200 | E1716: BH Colorado Electric Oper Co | F1716: SEC | G1716: 108000 | H1716: 14683517 | I1716: 58433.5 | J1716: 0 | K1716: 0 | L1716: 0 | M1716: 0 | N1716: 0 | O1716: 14741951
A1717: 44866 | B1717: 11/2022 | C1717: BHCOE - 136200 - Electric - Dist - | D1717: =MID(C1717,10,5) -> 36200 | E1717: BH Colorado Electric Oper Co | F1717: SEC | G1717: 108002 | H1717: 535252.39 | I1717: 15095.32 | J1717: 0 | K1717: 0 | L1717: 0 | M1717: 0 | N1717: 0 | O1717: 550347.71
A1718: 44896 | B1718: 12/2022 | C1718: BHCOE - 136200 - Electric - Dist - | D1718: =MID(C1718,10,5) -> 36200 | E1718: BH Colorado Electric Oper Co | F1718: SEC | G1718: 108000 | H1718: 14741951 | I1718: 58036.58 | J1718: -70235.06 | K1718: 0 | L1718: 0 | M1718: 0 | N1718: 0 | O1718: 14729752
A1719: 44896 | B1719: 12/2022 | C1719: BHCOE - 136200 - Electric - Dist - | D1719: =MID(C1719,10,5) -> 36200 | E1719: BH Colorado Electric Oper Co | F1719: SEC | G1719: 108002 | H1719: 550347.71 | I1719: 15728.39 | J1719: 0 | K1719: 0 | L1719: 0 | M1719: 0 | N1719: 0 | O1719: 566076.1
A1720: 44531 | B1720: 12/2021 | C1720: BHCOE - 136400 - Electric - Dist - | D1720: =MID(C1720,10,5) -> 36400 | E1720: BH Colorado Electric Oper Co | F1720: SEC | G1720: 108000 | H1720: 28682482 | I1720: 138011.44 | J1720: -11065.17 | K1720: 0 | L1720: 0 | M1720: 0 | N1720: 0 | O1720: 28809428
...

Sheet Materials and Supplies
C1: Materials & Supplies | G1: Deferred Tax Items
A2: Line No | B2: Month | C2: Materials & Supplies: Transmission Plant | D2: Materials & Supplies: Stores Expense Undistributed | E2: Materials & Supplies: Construction | F2: Materials & Supplies
B3: (a) | C3: (b) | D3: (c) | E3: (d) | F3: (e) | G3: (f)
B4: FN1 Reference for Dec | C4: 227.8.c | D4: 227.16.c | E4: 227.5.c | F4: Total (Note E)
A5: 1 | B5: December Prior Year | C5: =+H36 -> 24500.835 | D5: =+H44 -> 940890 | E5: =+H34 -> 4530716 | F5: =SUM(C5:E5) -> 5496106.9
A6: 2 | B6: January | C6: =+I36 -> 25030.19 | D6: =+I44 -> 1025149 | E6: =+I34 -> 4628604.7 | F6: =SUM(C6:E6) -> 5678783.9
A7: 3 | B7: February | C7: =+J36 -> 24830.123 | D7: =+J44 -> 1039430 | E7: =+J34 -> 4591608.3 | F7: =SUM(C7:E7) -> 5655868.4
A8: 4 | B8: March | C8: =+K36 -> 25381.574 | D8: =+K44 -> 1109064 | E8: =+K34 -> 4693583 | F8: =SUM(C8:E8) -> 5828028.6
A9: 5 | B9: April | C9: =+L36 -> 25578.184 | D9: =+L44 -> 1113084 | E9: =+L34 -> 4729940.3 | F9: =SUM(C9:E9) -> 5868602.5 | U9: Tran & Dist | V9: 4992309 | W9: =+V9/V18 -> 0.51339047 | Y9: 4426394 | Z9: =+Y9/Y18 -> 0.50156939
A10: 6 | B10: May | C10: =+M36 -> 26104.393 | D10: =+M44 -> 1185209 | E10: =+M34 -> 4827247.3 | F10: =SUM(C10:E10) -> 6038560.7
A11: 7 | B11: June | C11: =+N36 -> 26470.788 | D11: =+N44 -> 950337 | E11: =+N34 -> 4895001.5 | F11: =SUM(C11:E11) -> 5871809.3
A12: 8 | B12: July | C12: =+O36 -> 26625.349 | D12: =+O44 -> 985101 | E12: =+O34 -> 4923583 | F12: =SUM(C12:E12) -> 5935309.3 | U12: Production | V12: 4585277 | W12: =+V12/V18 -> 0.47153281 | Y12: 4315055 | Z12: =+Y12/Y18 -> 0.4889532
A13: 9 | B13: August | C13: =+P36 -> 26794.46 | D13: =+P44 -> 1107172 | E13: =+P34 -> 4954855.1 | F13: =SUM(C13:E13) -> 6088821.6 | U13: Transmission | V13: 26997 | W13: =+V13/V18 -> 0.0027762709 | Y13: 6067 | Z13: =+Y13/Y18 -> 0.0006874719
A14: 10 | B14: September | C14: =+Q36 -> 26866.041 | D14: =+Q44 -> 1225739 | E14: =+Q34 -> 4968091.9 | F14: =SUM(C14:E14) -> 6220696.9 | U14: Distribution | V14: 120527 | W14: =+V14/V18 -> 0.012394548 | Y14: 66265 | Z14: =+Y14/Y18 -> 0.007508707
A15: 11 | B15: October | C15: =+R36 -> 26216.213 | D15: =+R44 -> 1203784 | E15: =+R34 -> 4847925.1 | F15: =SUM(C15:E15) -> 6077925.3
A16: 12 | B16: November | C16: =+S36 -> 26994.435 | D16: =+S44 -> 1320593 | E16: =+S34 -> 4991834.6 | F16: =SUM(C16:E16) -> 6339422.1
A17: 13 | B17: December | C17: =+T36 -> 26997 | D17: =+T44 -> 1307851 | E17: =+T34 -> 4992309 | F17: =SUM(C17:E17) -> 6327157 | U17: General | V17: -915 | W17: =+V17/V18 -> -9.4095192e-05 | Y17: 11307 | Z17: =+Y17/Y18 -> 0.0012812337
A18: 14 | B18: Average of the 13 Monthly Balances - | C18: =SUM(C5:C17)/13 -> 26029.968 | D18: =SUM(D5:D17)/13 -> 1116415.6 | E18: =SUM(E5:E17)/13 -> 4813484.6 | F18: =SUM(F5:F17)/13 -> 5955930.2 | V18: =SUM(V9:V17) -> 9724195 | Y18: 8825088
A19: 15 | B19: Allocator | C19: TP | D19: W/S | E19: NA
A20: 16 | B20: Allocator Value (Note H)
A21: 17 | B21: Avg of 13 Month Balances - Allocated
A22: 18
H29: 44531 | I29: 44562 | J29: 44593 | K29: 44621 | L29: 44652 | M29: 44682 | N29: 44713 | O29: 44743 | P29: 44774 | Q29: 44805 | R29: 44835 | S29: 44866 | T29: 44896
G30: 154000 MATERIALS AND SUPPLIES GENERAL | H30: =+'Balance Sheet - Jan - Dec 2021'!M83 -> 8821288 | I30: =+'Balance Sheet - Jan - Dec 2022'!B83 -> 9011959 | J30: =+'Balance Sheet - Jan - Dec 2022'!C83 -> 8939896 | K30: =+'Balance Sheet - Jan - Dec 2022'!D83 -> 9138526 | L30: =+'Balance Sheet - Jan - Dec 2022'!E83 -> 9209344 | M30: =+'Balance Sheet - Jan - Dec 2022'!F83 -> 9398882 | N30: =+'Balance Sheet - Jan - Dec 2022'!G83 -> 9530856 | O30: =+'Balance Sheet - Jan - Dec 2022'!H83 -> 9586528 | P30: =+'Balance Sheet - Jan - Dec 2022'!I83 -> 9647441 | ... T30: =+'Balance Sheet - Jan - Dec 2022'!M83 -> 9719847
G31: 154003 INVENTORY MANUAL | H31: =+'Balance Sheet - Jan - Dec 2021'!M84 -> 3800 | I31: =+'Balance Sheet - Jan - Dec 2022'!B84 -> 3800 | J31: =+'Balance Sheet - Jan - Dec 2022'!C84 -> 3800 | K31: =+'Balance Sheet - Jan - Dec 2022'!D84 -> 3800 | L31: =+'Balance Sheet - Jan - Dec 2022'!E84 -> 3800 | M31: =+'Balance Sheet - Jan - Dec 2022'!F84 -> 3800 | N31: =+'Balance Sheet - Jan - Dec 2022'!G84 -> 3800 | O31: =+'Balance Sheet - Jan - Dec 2022'!H84 -> 3800 | P31: =+'Balance Sheet - Jan - Dec 2022'!I84 -> 3800 | ... T31: =+'Balance Sheet - Jan - Dec 2022'!M84 -> 3800
G32: 154007 INVENTORY-TRANSFERS IN TRANSIT | H32: =+'Balance Sheet - Jan - Dec 2021'!M85 -> 0 | I32: =+'Balance Sheet - Jan - Dec 2022'!B85 -> 0 | J32: =+'Balance Sheet - Jan - Dec 2022'!C85 -> 0 | K32: =+'Balance Sheet - Jan - Dec 2022'!D85 -> 0 | L32: =+'Balance Sheet - Jan - Dec 2022'!E85 -> 0 | M32: =+'Balance Sheet - Jan - Dec 2022'!F85 -> 0 | N32: =+'Balance Sheet - Jan - Dec 2022'!G85 -> 0 | O32: =+'Balance Sheet - Jan - Dec 2022'!H85 -> 0 | P32: =+'Balance Sheet - Jan - Dec 2022'!I85 -> 0 | ... T32: =+'Balance Sheet - Jan - Dec 2022'!M85 -> 548
G33: PLANT MATERIAL & OP PLANT MATERIALS & OP SUPPLIES | H33: =SUM(H30:H32) -> 8825088 | I33: =SUM(I30:I32) -> 9015759 | J33: =SUM(J30:J32) -> 8943696 | K33: =SUM(K30:K32) -> 9142326 | L33: =SUM(L30:L32) -> 9213144 | M33: =SUM(M30:M32) -> 9402682 | N33: =SUM(N30:N32) -> 9534656 | O33: =SUM(O30:O32) -> 9590328 | ... T33: =SUM(T30:T32) -> 9724195
F34: FERC Form 1 p227.5c | G34: Tran & Dist | H34: =+H33*$W$9 -> 4530716 | I34: =+I33*$W$9 -> 4628604.7 | J34: =+J33*$W$9 -> 4591608.3 | K34: =+K33*$W$9 -> 4693583 | L34: =+L33*$W$9 -> 4729940.3 | M34: =+M33*$W$9 -> 4827247.3 | N34: =+N33*$W$9 -> 4895001.5 | O34: =+O33*$W$9 -> 4923583 | ... T34: =+T33*$W$9 -> 4992309
F35: FERC Form 1 p227.7c | G35: Production | H35: =+H33*$W$12 -> 4161318.5 | I35: =+I33*$W$12 -> 4251226.2 | J35: =+J33*$W$12 -> 4217246.1 | K35: =+K33*$W$12 -> 4310906.7 | L35: =+L33*$W$12 -> 4344299.7 | M35: =+M33*$W$12 -> 4433673.1 | N35: =+N33*$W$12 -> 4495903.1 | O35: =+O33*$W$12 -> 4522154.3 | ... T35: =+T33*$W$12 -> 4585277
F36: FERC Form 1 p227.8c | G36: Transmission | H36: =+H33*$W$13 -> 24500.835 | I36: =+I33*$W$13 -> 25030.19 | J36: =+J33*$W$13 -> 24830.123 | K36: =+K33*$W$13 -> 25381.574 | L36: =+L33*$W$13 -> 25578.184 | M36: =+M33*$W$13 -> 26104.393 | N36: =+N33*$W$13 -> 26470.788 | O36: =+O33*$W$13 -> 26625.349 | ... T36: =+T33*$W$13 -> 26997
F37: FERC Form 1 p227.9c | G37: Distribution | H37: =+H33*$W$14 -> 109382.98 | I37: =+I33*$W$14 -> 111746.26 | J37: =+J33*$W$14 -> 110853.07 | K37: =+K33*$W$14 -> 113315 | L37: =+L33*$W$14 -> 114192.75 | M37: =+M33*$W$14 -> 116541.99 | N37: =+N33*$W$14 -> 118177.75 | O37: =+O33*$W$14 -> 118867.78 | ... T37: =+T33*$W$14 -> 120527
F38: FERC Form 1 p227.11c | G38: General | H38: =+H33*$W$17 -> -830.39835 | I38: =+I33*$W$17 -> -848.33958 | J38: =+J33*$W$17 -> -841.5588 | K38: =+K33*$W$17 -> -860.24892 | L38: =+L33*$W$17 -> -866.91256 | M38: =+M33*$W$17 -> -884.74717 | N38: =+N33*$W$17 -> -897.16529 | O38: =+O33*$W$17 -> -902.40376 | ... T38: =+T33*$W$17 -> -915
G39: Variance | H39: =+H33-H34-H35-H36-H37-H38 -> 2.8296654e-10 | I39: =+I33-I34-I35-I36-I37-I38 -> 6.3369043e-10 | J39: =+J33-J34-J35-J36-J37-J38 -> 2.0452262e-10 | K39: =+K33-K34-K35-K36-K37-K38 -> 5.3171334e-10 | L39: =+L33-L34-L35-L36-L37-L38 -> 2.5943336e-10 | M39: =+M33-M34-M35-M36-M37-M38 -> 1.1683596e-09 | N39: =+N33-N34-N35-N36-N37-N38 -> 6.5710992e-10 | O39: =+O33-O34-O35-O36-O37-O38 -> 5.0806648e-10 | ... T39: =+T33-T34-T35-T36-T37-T38 -> 0
H43: 44531 | I43: 44562 | J43: 44593 | K43: 44621 | L43: 44652 | M43: 44682 | N43: 44713 | O43: 44743 | P43: 44774 | Q43: 44805 | R43: 44835 | S43: 44866 | T43: 44896
G44: 163000 STORES EXPENSE UNDISTRIBUTED- | H44: =+'Balance Sheet - Jan - Dec 2021'!M87 -> 940890 | I44: =+'Balance Sheet - Jan - Dec 2022'!B87 -> 1025149 | J44: =+'Balance Sheet - Jan - Dec 2022'!C87 -> 1039430 | K44: =+'Balance Sheet - Jan - Dec 2022'!D87 -> 1109064 | L44: =+'Balance Sheet - Jan - Dec 2022'!E87 -> 1113084 | M44: =+'Balance Sheet - Jan - Dec 2022'!F87 -> 1185209 | N44: =+'Balance Sheet - Jan - Dec 2022'!G87 -> 950337 | O44: =+'Balance Sheet - Jan - Dec 2022'!H87 -> 985101 | P44: =+'Balance Sheet - Jan - Dec 2022'!I87 -> 1107172 | ... T44: =+'Balance Sheet - Jan - Dec 2022'!M87 -> 1307851
G45: STORES EXP UNDIST STORES EXPENSE UNDISTRIBUTED | H45: 940890 | I45: 1025149 | J45: 1039430 | K45: 1109064 | L45: 1113084 | M45: 1185209 | N45: 950337 | O45: 985101 | P45: 1107172 | Q45: 1225739 | R45: 1203784 | S45: 1320593 | T45: 1307851
G46: FERC Form 1 p227.16c | H46: 940890 | S46: FERC Form 1 p227.16c | T46: 1307851
G47: Variance | H47: =+H45-H46 -> 0 | S47: Variance | T47: =+T45-T46 -> 0

Sheet Adjustments to Rate Base
C1: Adjustments to Rate Base
A2: Line No | B2: Month | C2: Unamortized Regulatory Asset | D2: Unamortized Abandoned Plant | E2: Account No. 281 Accumulated Deferred Income Taxes | F2: Account No. 282 Accumulated Deferred Income Taxes | G2: Account No. 283 Accumulated Deferred Income Taxes | H2: Account No. 190 Accumulated Deferred Income Taxes | I2: Account No. 165 Prepayments
B3: (a) | C3: (b) | D3: (c) | E3: (d) | F3: (e) | G3: (f) | H3: (g) | I3: (h)
B4: FN1 Reference for Dec | C4: Notes A & E | D4: Note B | E4: Note D | F4: Note D | G4: Note D | H4: Note D | I4: 111.57
A5: 1 | B5: December Prior Year | C5: 0 | D5: 0 | I5: =+D28 -> 1130673
A6: 2 | B6: January | C6: 0 | D6: 0 | I6: =+E28 -> 1524675
A7: 3 | B7: February | C7: 0 | D7: 0 | I7: =+F28 -> 1299321
A8: 4 | B8: March | C8: 0 | D8: 0 | I8: =+G28 -> 1001352
A9: 5 | B9: April | C9: 0 | D9: 0 | I9: =+H28 -> 1150846
A10: 6 | B10: May | C10: 0 | D10: 0 | I10: =+I28 -> 1384484
A11: 7 | B11: June | C11: 0 | D11: 0 | I11: =+J28 -> 1168891
A12: 8 | B12: July | C12: 0 | D12: 0 | I12: =+K28 -> 900174
A13: 9 | B13: August | C13: 0 | D13: 0 | I13: =+L28 -> 579084
A14: 10 | B14: September | C14: 0 | D14: 0 | I14: =+M28 -> 747625
A15: 11 | B15: October | C15: 0 | D15: 0 | I15: =+N28 -> 1483975
A16: 12 | B16: November | C16: 0 | D16: 0 | I16: =+O28 -> 1363964
A17: 13 | B17: December | C17: 0 | D17: 0 | I17: =+P28 -> 1578989
A18: 14 | B18: Average of the 13 Monthly Balances - | C18: =SUM(C5:C17)/13 -> 0 | D18: =SUM(D5:D17)/13 -> 0 | I18: =SUM(I5:I17)/13 -> 1178004.1
A19: 15 | B19: (Except ADIT which is average of Beg. & End Balances)
D21: 44531 | E21: 44562 | F21: 44593 | G21: 44621 | H21: 44652 | I21: 44682 | J21: 44713 | K21: 44743 | L21: 44774 | M21: 44805 | N21: 44835 | O21: 44866 | P21: 44896
C22: 165002 PREPAID INSURANCE | D22: =+'Balance Sheet - Jan - Dec 2021'!M89 -> 957019 | E22: =+'Balance Sheet - Jan - Dec 2022'!B89 -> 849122 | F22: =+'Balance Sheet - Jan - Dec 2022'!C89 -> 741224 | G22: =+'Balance Sheet - Jan - Dec 2022'!D89 -> 633327 | H22: =+'Balance Sheet - Jan - Dec 2022'!E89 -> 525430 | I22: =+'Balance Sheet - Jan - Dec 2022'!F89 -> 417836 | J22: =+'Balance Sheet - Jan - Dec 2022'!G89 -> 309939 | K22: =+'Balance Sheet - Jan - Dec 2022'!H89 -> 254984 | L22: =+'Balance Sheet - Jan - Dec 2022'!I89 -> 147275 | ... P22: =+'Balance Sheet - Jan - Dec 2022'!M89 -> 800228
C23: 165004 PREPAID MAINTENANCE | D23: =+'Balance Sheet - Jan - Dec 2021'!M90 -> 2196 | E23: =+'Balance Sheet - Jan - Dec 2022'!B90 -> 1757 | F23: =+'Balance Sheet - Jan - Dec 2022'!C90 -> 1317 | G23: =+'Balance Sheet - Jan - Dec 2022'!D90 -> 878 | H23: =+'Balance Sheet - Jan - Dec 2022'!E90 -> 439 | I23: =+'Balance Sheet - Jan - Dec 2022'!F90 -> 0 | J23: =+'Balance Sheet - Jan - Dec 2022'!G90 -> 5375 | K23: =+'Balance Sheet - Jan - Dec 2022'!H90 -> 4683 | L23: =+'Balance Sheet - Jan - Dec 2022'!I90 -> 4194 | ... P23: =+'Balance Sheet - Jan - Dec 2022'!M90 -> 24297
C24: 165007 PREPAID FEDERAL TAXES | D24: =+'Balance Sheet - Jan - Dec 2021'!M91 -> 1 | E24: =+'Balance Sheet - Jan - Dec 2022'!B91 -> 1 | F24: =+'Balance Sheet - Jan - Dec 2022'!C91 -> 1 | G24: =+'Balance Sheet - Jan - Dec 2022'!D91 -> 2 | H24: =+'Balance Sheet - Jan - Dec 2022'!E91 -> 2 | I24: =+'Balance Sheet - Jan - Dec 2022'!F91 -> 2 | J24: =+'Balance Sheet - Jan - Dec 2022'!G91 -> 2 | K24: =+'Balance Sheet - Jan - Dec 2022'!H91 -> 2 | L24: =+'Balance Sheet - Jan - Dec 2022'!I91 -> 2 | ... P24: =+'Balance Sheet - Jan - Dec 2022'!M91 -> 2
C25: 165012 PREPAID OTHR | D25: =+'Balance Sheet - Jan - Dec 2021'!M92 -> 72267 | E25: =+'Balance Sheet - Jan - Dec 2022'!B92 -> 479219 | F25: =+'Balance Sheet - Jan - Dec 2022'!C92 -> 379891 | G25: =+'Balance Sheet - Jan - Dec 2022'!D92 -> 207947 | H25: =+'Balance Sheet - Jan - Dec 2022'!E92 -> 483466 | I25: =+'Balance Sheet - Jan - Dec 2022'!F92 -> 842825 | J25: =+'Balance Sheet - Jan - Dec 2022'!G92 -> 747443 | K25: =+'Balance Sheet - Jan - Dec 2022'!H92 -> 552061 | L25: =+'Balance Sheet - Jan - Dec 2022'!I92 -> 356858 | ... P25: =+'Balance Sheet - Jan - Dec 2022'!M92 -> 568150
C26: 165020 PREPAID DUES AND SUBSCRIPTIONS | D26: =+'Balance Sheet - Jan - Dec 2021'!M93 -> 99190 | E26: =+'Balance Sheet - Jan - Dec 2022'!B93 -> 194576 | F26: =+'Balance Sheet - Jan - Dec 2022'!C93 -> 176887 | G26: =+'Balance Sheet - Jan - Dec 2022'!D93 -> 159199 | H26: =+'Balance Sheet - Jan - Dec 2022'!E93 -> 141510 | I26: =+'Balance Sheet - Jan - Dec 2022'!F93 -> 123821 | J26: =+'Balance Sheet - Jan - Dec 2022'!G93 -> 106132 | K26: =+'Balance Sheet - Jan - Dec 2022'!H93 -> 88444 | L26: =+'Balance Sheet - Jan - Dec 2022'!I93 -> 70755 | ... P26: =+'Balance Sheet - Jan - Dec 2022'!M93 -> 186312
C27: 165180 PREPAID STATE TAXES | D27: =+'Balance Sheet - Jan - Dec 2021'!M94 -> 0 | E27: 0 | F27: 0 | G27: 0 | H27: 0 | I27: 0 | J27: 0 | K27: 0 | L27: 0 | M27: 0 | N27: 0 | O27: 0 | P27: 0
C28: PREPAYMENTS | D28: 1130673 | E28: 1524675 | F28: 1299321 | G28: 1001352 | H28: 1150846 | I28: 1384484 | J28: 1168891 | K28: 900174 | L28: 579084 | M28: 747625 | N28: 1483975 | O28: 1363964 | P28: 1578989
C29: Per FF1 pg111.57 | D29: 1130672 | O29: Per FF1 pg111.57 | P29: 1578987
C30: Variance | D30: =+D28-D29 -> 1 | O30: Variance | P30: =+P28-P29 -> 2
